Workbook

Sheet المحتوى | Content
A5: الرقم القياسي لأسعار المستهلك، سبتمبر 2025 م
A6: Consumer Price Index, September 2025
A7: 2023=100
B8: الجداول | C8: Tables
A9: 1 | B9: الأرقام القياسية ومعدلات التغير حسب أقسام الإنفاق | C9: Indices and Rates of Change by Expenditure Divisions | D9: 지출범주 중분류별 지수 및 백분율 변화
A10: 1.1 | B10: ملخص الأرقام القياسية ومعدلات التغير حسب أقسام الإنفاق | C10: Summary of Indices and Rates of Changes by Expenditure Divisions | D10: 지출범주 중분류별 지수 및 백분율 변화
A11: 2 | B11: الأرقام القياسية حسب فئات الإنفاق (تفصيلي) | C11: Indices by Expenditure Category(Detailed) | D11: 지출범주별 지수
A12: 2.1 | B12: الأرقام القياسية ومعدلات التغير حسب فئات الإنفاق | C12: Indices and Rates of Change by Expenditure Category | D12: 지출범주별 지수 및 백분율 변화
A13: 3 | B13: الأرقام القياسية حسب المنطقة وفئات الإنفاق | C13: Indices by Region and Expenditure category | D13: 지역별 및 지출범주별 지수
A14: 3.1 | B14: الأرقام القياسية حسب المنطقة وفئات الإنفاق | C14: Indices by Region and Expenditure Category | D14: 지역별 및 지출범주별 지수
A15: 3.2 | B15: معدل التغيّر السنوي حسب المنطقة وفئات الإنفاق | C15: Annual Rate of Change by Region and Expenditure Category | D15: 지역별 및 지출범주별 전년동월대비 백분율 변화
A16: 3.3 | B16: معدل التغيّر الشهري حسب المنطقة وفئات الإنفاق | C16: Monthly Rate of Change by Region and Expenditure Category | D16: 지역별 및 지출범주별 전월대비 백분율 변화
A17: 4 | B17: الأرقام القياسية حسب المنطقة | C17: Indices by Region | D17: 지역별 지수
A18: 4.1 | B18: سلسلة الأرقام القياسية حسب المنطقة | C18: Regional index Series | D18: 지역별 지수
A19: 4.2 | B19: سلسلة معدل التغيّر السنوي حسب المنطقة | C19: Regional Annual Rate of Change Series | D19: 지역별 전년동월대비 백분율 변화
A20: 4.3 | B20: سلسلة معدل التغيّر الشهري حسب المنطقة | C20: Regional Monthly Rate of Change Series | D20: 지역별 전월대비 백분율 변화
... A24: 5.3 | B24: سلسلة معدل التغيّر الشهري حسب فئات الإنفاق | C24: Monthly Rate of Change Series by Expenditure Category | D24: 지출범주별 전월대비 백분율 변화
B25: www.stats.gov.sa

Sheet 1.1 
A7: ملخص الأرقام القياسية ومعدلات التغير حسب أقسام الإنفاق، سبتمبر 2025م
A8: Indices and Rates of Changes Summary by Expenditure Divisions, September 2025
A9: 2023=100
A10: 지출범주 중분류별 지수 및 백분율 변화
A11: أقسام الإنفاق | C11: الأوزان (%) | D11: الأرقام القياسية | G11: معدل التغير لشهر سبتمبر 2025م مقارنة مع | I11: Expenditure Divisons | J11: 중분류
D12: Index Numbers 지수 | G12: Percent Change in September 2025 from
C13: Weights (%) 가중치 | D13: 45536 | E13: 45870 | F13: 45901 | G13: 45536 | H13: 45870
G14: 전년동월대비 백분율 변화 | H14: 전월대비 백분율 변화
A16: 0 | B16: الرقم القياسي العام | C16: 99.999224 | D16: 101.61678 | E16: 103.89494 | F16: 103.83057 | G16: 2.178564 | H16: -0.061956472 | I16: General Index | J16: 전항목
A17: 1 | B17: الأغذية والمشروبات | C17: 22.02493 | D17: 100.8325 | E17: 101.80517 | F17: 101.92404 | G17: 1.082525 | H17: 0.11676742 | I17: FOOD AND BEVERAGES | J17: 식료품 및 음료
A18: 2 | B18: التبغ | C18: 0.777585 | D18: 98.752945 | E18: 99.506485 | F18: 99.60404 | G18: 0.86184217 | H18: 0.098038589 | I18: TOBACCO | J18: 담배
A19: 3 | B19: الملابس والأحذية | C19: 3.6967967 | D19: 96.505918 | E19: 96.942466 | F19: 96.615734 | G19: 0.11379191 | H19: -0.33703728 | I19: CLOTHING AND FOOTWEAR | J19: 의류 및 신발
A20: 4 | B20: السكن والمياه والكهرباء والغاز وأنواع الوقود الأخرى | C20: 19.499564 | D20: 108.42134 | E20: 113.55505 | F20: 114.00968 | G20: 5.1542794 | H20: 0.40036379 | I20: HOUSING, WATER, ELECTRICITY, GAS AND OTHER FUELS | J20: 주택, 수도, 전기, 가스 및 기타 연료
A21: 5 | B21: الأثاث والأجهزة المنزلية والصيانة الدورية للمنزل | C21: 6.8928705 | D21: 98.325162 | E21: 98.045139 | F21: 97.772463 | G21: -0.56211368 | H21: -0.27811266 | I21: FURNISHINGS, HOUSEHOLD EQUIPMENT AND ROUTINE HOUSEHOLD MAINTENANCE | J21: 가구, 가사 비품 및 기타 생활용품
A22: 6 | B22: الصحة | C22: 4.3060443 | D22: 99.696467 | E22: 99.788445 | F22: 99.731146 | G22: 0.034783766 | H22: -0.057421278 | I22: HEALTH | J22: 보건
A23: 7 | B23: النقل | C23: 14.821433 | D23: 99.192087 | E23: 101.21988 | F23: 100.8196 | G23: 1.6407655 | H23: -0.39545551 | I23: TRANSPORT | J23: 운송
A24: 8 | B24: المعلومات والاتصالات | C24: 5.084826 | D24: 97.964838 | E24: 97.717125 | F24: 97.617709 | G24: -0.3543411 | H24: -0.10173879 | I24: INFORMATION AND COMMUNICATION | J24: 정보통신
A25: 9 | B25: الترفيه والرياضة والثقافة | C25: 3.2092658 | D25: 100.74771 | E25: 103.79241 | F25: 103.50074 | G25: 2.7326015 | H25: -0.28101201 | I25: RECREATION, SPORT AND CULTURE | J25: 오락, 스포츠 및 문화
A26: 10 | B26: خدمات التعليم | C26: 2.1898649 | D26: 101.19057 | E26: 102.0155 | F26: 102.36305 | G26: 1.1586844 | H26: 0.34068206 | I26: EDUCATION SERVICES | J26: 교육 서비스
A27: 11 | B27: المطاعم وخدمات الإقامة | C27: 8.6930701 | D27: 104.07118 | E27: 106.66294 | F27: 105.68133 | G27: 1.5471614 | H27: -0.92028748 | I27: RESTAURANTS AND ACCOMMODATION SERVICES | J27: 음식점 및 숙박 서비스
... A29: 13 | B29: العناية الشخصية والحماية الاجتماعية والسلع والخدمات الأخرى | C29: 5.7892172 | D29: 102.66494 | E29: 107.78447 | F29: 108.22078 | G29: 5.4116214 | H29: 0.40479707 | I29: PERSONAL CARE, SOCIAL PROTECTION AND MISCELLANEOUS GOODS AND SERVICES | J29: 개인 미용, 사회보장 및 기타 상품
A33: ملخص الأرقام القياسية الأساسية ومعدلات التغيرحسب أقسام الإنفاق،سبتمبر 2025م
A34: Summary of Core Inflation Indices and Rates of Change by Expenditure Divisions, September 2025
A35: 2023=100
A36: 근원물가지수 및 백분율 변화
A38: تفاصيل الأرقام القياسية | C38: الأوزان (%) | D38: الأرقام القياسية | G38: معدل التغير لشهر سبتمبر 2025م مقارنة مع | I38: Indicator details | J38: 설명
D39: Index Numbers 지수 | G39: Percent Change in September 2025 from
C40: Weights (%) 가중치 | D40: 45536 | E40: 45870 | F40: 45901 | G40: 45536 | H40: 45870
G41: 전년동월대비 백분율 변화 | H41: 전월대비 백분율 변화
B43: الرقم القياسي العام | C43: 99.999224 | D43: 101.61678 | E43: 103.89494 | F43: 103.83057 | G43: 2.178564 | H43: -0.061956472 | I43: General Index | J43: 전항목 소비자물가지수
B44: التضخم الأساسي (الإجمالي بدون الأغذية والمشروبات والطاقة) | C44: 71.076739 | D44: 101.93229 | E44: 104.80106 | F44: 104.6718 | G44: 2.6875839 | H44: -0.12333698 | I44: Core Consumer Price Index (excluding food and beverages divisions and energy items) | J44: 근원소비자물가지수; 식료품 및 음료 중분류 및 에너지 품목 제외
B45: الرقم القياسي لأسعار الطاقة | C45: 6.8975552 | D45: 100.95756 | E45: 101.48481 | F45: 101.48539 | G45: 0.5228216 | H45: 0.00057813927 | I45: Energy Price Index | J45: 에너지 물가 지수
B46: الرقم القياسي العام بدون أسعار الطاقة | C46: 93.101669 | D46: 101.66654 | E46: 104.07743 | F46: 104.00812 | G46: 2.3032011 | H46: -0.066587871 | I46: General Price Index Excluding Energy | J46: 전항목 소비자물가지수; 에너지 품목 제외
A51: ملخص الأرقام القياسية للسلع والخدمات ومعدلات التغير حسب أقسام الإنفاق،سبتمبر 2025م
A52: Summary of Goods and Services Indices and Rates of Change by Expenditure Divisions, September 2025
A53: 2023=100
A54: 상품 및 서비스 물가지수 및 백분율 변화
B55: تفاصيل الأرقام القياسية | C55: الأوزان (%) | D55: الأرقام القياسية | G55: معدل التغير لشهر سبتمبر 2025م مقارنة مع | I55: Indicator details | J55: 설명
D56: Index Numbers 지수 | G56: Percent Change in September 2025 from
C57: Weights (%) 가중치 | D57: 45536 | E57: 45870 | F57: 45901 | G57: 45536 | H57: 45870
G58: 전년동월대비 백분율 변화 | H58: 전월대비 백분율 변화
B60: الرقم القياسي العام | C60: 99.999224 | D60: 101.61678 | E60: 103.89494 | F60: 103.83057 | G60: 2.178564 | H60: -0.061956472 | I60: General Index | J60: 전항목 소비자물가지수
B61: الرقم القياسي للسلع | C61: 49.067251 | D61: 99.909011 | E61: 100.65658 | F61: 100.65419 | G61: 0.7458614 | H61: -0.0023751437 | I61: Goods Index | J61: 상품 물가지수
B62: السلع غير معمرة | C62: 35.343332 | D62: 100.6663 | E62: 101.55014 | F62: 101.58039 | G62: 0.90804143 | H62: 0.029790581 | I62: Non-Durable Goods | J62: 비내구재
B63: السلع شبه المعمرة | C63: 6.6115455 | D63: 96.521917 | E63: 95.950801 | F63: 95.527881 | G63: -1.0298548 | H63: -0.44076733 | I63: Semi-Durable Goods | J63: 반내구재
B64: السلع المعمرة | C64: 7.1123726 | D64: 99.51116 | E64: 100.89575 | F64: 101.14245 | G64: 1.6393056 | H64: 0.24451342 | I64: Durable Goods | J64: 내구재
B65: الرقم القياسي للخدمات | C65: 50.931973 | D65: 103.36739 | E65: 107.2239 | F65: 107.09598 | G65: 3.6071257 | H65: -0.11929763 | I65: Services Index | J65: 서비스 물가지수

Sheet 2.1
A5: الأرقام القياسية ومعدلات التغير حسب فئات الإنفاق، سبتمبر 2025
A6: Indices And Rates Of Change By Expenditure Category, September 2025
A7: 2023=100
A8: 지출범주별 지수 및 백분율 변화
A9: الدرجة | B9: التصنيف * | C9: فئات الإنفاق (الأقسام والمجموعات والفصول والفئات والفئات الفرعية) | D9: الأوزان (%) | E9: الأرقام القياسية | H9: معدل التغير لشهر سبتمبر 2025م مقارنة مع | J9: Expenditure categories (departments, groups, chapters, categories and subcategories) | K9: 지출범주 | L9: Classification *
E10: Index Numbers 지수 | H10: Percent Change in September 2025 from
D11: Weights (%) 가중치 | E11: 45536 | F11: 45870 | G11: 45901 | H11: 45536 | I11: 45870
H12: 전년동월대비 백분율 변화 | I12: 전월대비 백분율 변화 | L12: classification
A13: Level
A14: 0 | B14: - | C14: الرقم القياسي العام | D14: 99.999224 | E14: 101.61678 | F14: 103.89494 | G14: 103.83057 | H14: 2.178564 | I14: -0.061956472 | J14: General Index | K14: 일반지수 | L14: -
A15: 1 | B15: - | C15: الأغذية والمشروبات | D15: 22.02493 | E15: 100.8325 | F15: 101.80517 | G15: 101.92404 | H15: 1.082525 | I15: 0.11676742 | J15: FOOD AND BEVERAGES | K15: 식료품 및 음료 | L15: -
A16: 2 | B16: - | C16: الأغذية | D16: 21.354825 | E16: 100.81732 | F16: 101.79929 | G16: 101.92286 | H16: 1.0965762 | I16: 0.12138275 | J16: FOOD | K16: 식료품 | L16: -
A17: 3 | B17: غ | C17: الحبوب ومنتجات الحبوب | D17: 4.0371521 | E17: 100.90265 | F17: 101.23329 | G17: 101.09035 | H17: 0.18601744 | I17: -0.14119922 | J17: Cereals and cereal | K17: 곡물 및 곡물제품 | L17: ND
A18: 4 | B18: غ | C18: الحبوب | D18: 1.8818628 | E18: 102.41561 | F18: 102.87319 | G18: 102.61317 | H18: 0.1928997 | I18: -0.25276457 | J18: Cereals | K18: 곡물 | L18: ND
A19: 5 | B19: غ | C19: القمح (بجميع أنواعه، بما في ذلك المطحون) | D19: 0.46432749 | E19: 99.739378 | F19: 103.5513 | G19: 103.7116 | H19: 3.982599 | I19: 0.15479662 | J19: Wheat (all kinds, including ground) | K19: 밀 | L19: ND
A20: 5 | B20: غ | C20: الأرز (بجميع أنواعه) | D20: 1.2830241 | E20: 104.08471 | F20: 103.04763 | G20: 102.52505 | H20: -1.4984542 | I20: -0.50712517 | J20: Rice (of all types) | K20: 쌀 | L20: ND
A21: 5 | B21: غ | C21: محاصيل الحبوب الأخرى | D21: 0.13451122 | E21: 96.812934 | F21: 99.187241 | G21: 99.958719 | H21: 3.2493441 | I21: 0.7778001 | J21: Other cereal crops | K21: 기타 곡물 | L21: ND
A22: 4 | B22: غ | C22: دقيق الحبوب | D22: 0.32411652 | E22: 97.315493 | F22: 99.118725 | G22: 98.765898 | H22: 1.4904161 | I22: -0.35596361 | J22: Flour of cereals | K22: 곡분 | L22: ND
A23: 5 | B23: غ | C23: دقيق القمح (بجميع أنواعه) | D23: 0.23301454 | E23: 96.813953 | F23: 98.524324 | G23: 98.084138 | H23: 1.3119847 | I23: -0.44677946 | J23: Wheat flour (of all types) | K23: 밀가루 | L23: ND
A24: 5 | B24: غ | C24: أنواع أخرى من دقيق محاصيل الحبوب | D24: 0.091101976 | E24: 98.608224 | F24: 100.65507 | G24: 100.53096 | H24: 1.9498713 | I24: -0.1233038 | J24: Other types of flour of cereal crops | K24: 기타 곡분 | L24: ND
A25: 4 | B25: غ | C25: الخبز ومنتجات المخابز | D25: 1.1381804 | E25: 100.41871 | F25: 100.44855 | G25: 100.51526 | H25: 0.096154188 | I25: 0.066413659 | J25: Bread and bakery products | K25: 빵 및 제빵 제품 | L25: ND
... A749: 5 | B749: خ | C749: المبالغ المسددة مقابل خدمات المحامين وكتاب العدل والمحاسبين، وغيرها | D749: 0.36976383 | E749: 94.638792 | F749: 94.456098 | G749: 94.458994 | H749: -0.18998281 | I749: 0.0030656762 | J749: Payment for the services of lawyers, notaries, accountants, etc. | K749: 변호사, 공증인, 회계사 등 서비스 수수료 | L749: S
A753: * رموز التصنيف تشير إلى: | L753: * Classification symbols refer to (분류기호 설명):
A754: (م) السلع المعمَّرة | L754: (D) Durable goods (내구재)
A755: (ش) السلع شبه المعمَّرة | L755: (S) Semi-durable goods (반내구재)
A756: (غ) السلع غير المعمَّرة | L756: (ND) Non-durable goods (비내구재)
A757: (خ) الخدمات | L757: (S) Services (서비스)
A758: (-) لاينطبق | L758: (-) N&A (해당없음)

Sheet 3.1
Q2: الأرقام القياسية Index Numbers | R2: الأرقام القياسية Index Numbers
A4: الأرقام القياسية حسب المنطقة وفئة الإنفاق، سبتمبر 2025م
A5: Indices By Region And Expenditure Category, September 2025
A6: 2023=100
A7: 지역별 및 지출범주별 지수
A8: فئة الإنفاق: الأقسام و المجموعات | C8: الأرقام القياسية Index Numbers 지수 | Q8: Expenditure Category:Divisions and Groups | R8: 지출범주
C10: جميع المناطق | D10: الرياض | E10: مكة المكرمة | F10: المدينة المنورة | G10: القصيم | H10: المنطقة الشرقية | I10: عسير | J10: تبوك | K10: حائل | L10: الحدود الشمالية | M10: جازان | N10: نجران | O10: الباحة | P10: الجوف
C11: All Regions | D11: Riyadh | E11: Makkah | F11: Madinah | G11: Al Qassim | H11: Eastern Province | I11: Aseer | J11: Tabouk | K11: Hail | L11: Northern Borders | M11: Jazan | N11: Najran | O11: Al Baha | P11: Al Jouf
A12: 0 | B12: الرقم القياسي العام | C12: 103.83057 | D12: 105.87273 | E12: 101.51439 | F12: 105.92056 | G12: 108.69329 | H12: 102.40139 | I12: 101.15857 | J12: 101.19294 | K12: 103.56705 | L12: 102.43962 | M12: 103.42542 | N12: 106.49181 | O12: 102.63515 | P12: 102.04472 | Q12: General Index | R12: =VLOOKUP(Q12,'2.1'!J:K,2,0) -> 일반지수
A13: 1 | B13: الأغذية والمشروبات | C13: 101.92404 | D13: 100.99785 | E13: 102.20368 | F13: 103.5857 | G13: 105.47204 | H13: 101.51487 | I13: 99.432136 | J13: 98.463214 | K13: 103.21388 | L13: 101.54692 | M13: 104.52535 | N13: 106.31466 | O13: 101.50919 | P13: 102.82275 | Q13: FOOD AND BEVERAGES | R13: =VLOOKUP(Q13,'2.1'!J:K,2,0) -> 식료품 및 음료
A14: 2 | B14: الأغذية | C14: 101.92286 | D14: 100.98132 | E14: 102.29363 | F14: 103.59594 | G14: 105.47064 | H14: 101.53641 | I14: 99.398635 | J14: 98.408885 | K14: 103.20065 | L14: 101.52295 | M14: 104.20101 | N14: 106.3735 | O14: 101.49652 | P14: 102.81231 | Q14: FOOD | R14: =VLOOKUP(Q14,'2.1'!J:K,2,0) -> 식료품
A15: 2 | B15: المشروبات | C15: 101.7485 | D15: 100.78851 | E15: 99.48205 | F15: 101.94342 | G15: 104.56207 | H15: 101.02471 | I15: 101.21174 | J15: 99.81979 | K15: 104.55649 | L15: 102.38445 | M15: 112.64988 | N15: 101.93735 | O15: 102.01657 | P15: 103.22556 | Q15: BEVERAGES | R15: =VLOOKUP(Q15,'2.1'!J:K,2,0) -> 음료
A16: 2 | B16: خدمات تجهيز السلع الأولية والمشروبات | C16: 106.52299 | D16: 109.81197 | E16: 90.024579 | F16: 139.82397 | G16: 161.55905 | H16: 94.072258 | I16: 95.82202 | J16: 109.36746 | K16: 84.206764 | L16: 100.04205 | M16: 108.22829 | N16: 156.34921 | O16: 101.79648 | P16: 103.65475 | Q16: SERVICES FOR PROCESSING PRIMARY GOODS FOR FOOD AND BEVERAGES | R16: =VLOOKUP(Q16,'2.1'!J:K,2,0) -> 식품 및 음료 가공 서비스
A17: 1 | B17: التبغ | C17: 99.60404 | D17: 99.131934 | E17: 98.985422 | F17: 101.52154 | G17: 99.137056 | H17: 99.408915 | I17: 105.5766 | J17: 99.554384 | K17: 98.650258 | L17: 93.803921 | M17: 104.83225 | N17: 101.70223 | O17: 97.75456 | P17: 97.130722 | Q17: TOBACCO | R17: =VLOOKUP(Q17,'2.1'!J:K,2,0) -> 담배
A18: 2 | B18: التبغ | C18: 99.60404 | D18: 99.131934 | E18: 98.985422 | F18: 101.52154 | G18: 99.137056 | H18: 99.408915 | I18: 105.5766 | J18: 99.554384 | K18: 98.650258 | L18: 93.803921 | M18: 104.83225 | N18: 101.70223 | O18: 97.75456 | P18: 97.130722 | Q18: TOBACCO | R18: =VLOOKUP(Q18,'2.1'!J:K,2,0) -> 담배
A19: 1 | B19: الملابس والأحذية | C19: 96.615734 | D19: 95.996406 | E19: 94.632389 | F19: 98.053085 | G19: 112.84967 | H19: 94.514849 | I19: 100.0649 | J19: 91.979578 | K19: 95.253381 | L19: 94.325487 | M19: 104.65798 | N19: 98.713102 | O19: 99.215103 | P19: 103.63552 | Q19: CLOTHING AND FOOTWEAR | R19: =VLOOKUP(Q19,'2.1'!J:K,2,0) -> 의류 및 신발
A20: 2 | B20: الملابس | C20: 96.530353 | D20: 95.990756 | E20: 95.260586 | F20: 97.900077 | G20: 112.92722 | H20: 93.784178 | I20: 98.952241 | J20: 92.706967 | K20: 95.529938 | L20: 93.911278 | M20: 103.41933 | N20: 98.981415 | O20: 99.252716 | P20: 104.16986 | Q20: CLOTHING | R20: =VLOOKUP(Q20,'2.1'!J:K,2,0) -> 의류
A21: 2 | B21: الأحذية | C21: 97.495572 | D21: 96.047371 | E21: 87.384988 | F21: 99.680774 | G21: 112.15991 | H21: 101.91318 | I21: 112.40026 | J21: 84.995166 | K21: 92.125958 | L21: 98.180636 | M21: 121.88879 | N21: 95.328401 | O21: 98.779863 | P21: 98.081818 | Q21: FOOTWEAR | R21: =VLOOKUP(Q21,'2.1'!J:K,2,0) -> 신발
A22: 1 | B22: السكن والمياه والكهرباء والغاز وأنواع الوقود الأخرى | C22: 114.00968 | D22: 124.75907 | E22: 105.35641 | F22: 116.85929 | G22: 124.202 | H22: 108.43784 | I22: 107.28146 | J22: 112.87378 | K22: 114.17842 | L22: 111.88141 | M22: 102.92201 | N22: 118.66687 | O22: 107.16741 | P22: 106.5789 | Q22: HOUSING, WATER, ELECTRICITY, GAS AND OTHER FUELS | R22: =VLOOKUP(Q22,'2.1'!J:K,2,0) -> 주택, 수도, 전기, 가스 및 기타 연료
A23: 2 | B23: الإيجارات الفعلية للسكن | C23: 118.8521 | D23: 137.43543 | E23: 106.5277 | F23: 126.13681 | G23: 142.50515 | H23: 110.73482 | I23: 115.84182 | J23: 118.96488 | K23: 122.34931 | L23: 119.36402 | M23: 100.96168 | N23: 126.33226 | O23: 111.26331 | P23: 111.17769 | Q23: ACTUAL RENTALS FOR HOUSING | R23: =VLOOKUP(Q23,'2.1'!J:K,2,0) -> 주택 지불 임차료
... A37: 2 | B37: خدمات العيادات الخارجية | C37: 100.2879 | D37: 96.806026 | E37: 100.2717 | F37: 102.58536 | G37: 107.30203 | H37: 100.48992 | I37: 102.73831 | J37: 99.216067 | K37: 101.45876 | L37: 99.109446 | M37: 103.49553 | N37: 100.97366 | O37: 107.70617 | P37: 97.990919 | Q37: OUTPATIENT CARE SERVICES | R37: =VLOOKUP(Q37,'2.1'!J:K,2,0) -> 외래 환자 치료 서비스
A38: 2 | B38: خدمات الرعاية الداخلية (التنويم) | C38: 99.069997 | D38: 100.42529 | E38: 100.01892 | F38: 102.63093 | G38: 101.09003 | H38: 98.280337 | I38: 97.25103 | J38: 92.187526 | K38: 97.23254 | L38: - | M38: 98.490803 | N38: 115.40566 | O38: 92.94653 | P38: 93.968514 | Q38: INPATIENT CARE SERVICES | R38: =VLOOKUP(Q38,'2.1'!J:K,2,0) -> 입원 환자 치료 서비스
A39: 2 | B39: خدمات التصوير التشخيصي وخدمات المختبرات الطبية | C39: 100.47969 | D39: 99.184604 | E39: 101.78615 | F39: 94.404471 | G39: 102.48635 | H39: 99.715014 | I39: 110.56949 | J39: 96.186818 | K39: 103.00188 | L39: 103.64895 | M39: 100.53481 | N39: 105.65846 | O39: 109.45057 | P39: 96.819994 | Q39: Diagnostic imaging services and medical laboratory services | R39: =VLOOKUP(Q39,'2.1'!J:K,2,0) -> 진단 영상 및 의료 검사 서비스
A40: 1 | B40: النقل | C40: 100.8196 | D40: 100.41241 | E40: 100.84604 | F40: 102.07723 | G40: 103.32258 | H40: 101.62824 | I40: 100.34288 | J40: 99.847511 | K40: 97.380102 | L40: 98.343222 | M40: 99.717402 | N40: 100.91849 | O40: 104.58509 | P40: 100.84404 | Q40: TRANSPORT | R40: =VLOOKUP(Q40,'2.1'!J:K,2,0) -> 운송
A41: 2 | B41: شراء المركبات | C41: 95.811076 | D41: 90.932909 | E41: 103.57575 | F41: 101.4966 | G41: 105.48134 | H41: 98.128732 | I41: 98.687782 | J41: 99.691771 | K41: 95.431314 | L41: 94.799554 | M41: 97.496276 | N41: 106.67829 | O41: 109.11205 | P41: 93.796623 | Q41: PURCHASE OF VEHICLES | R41: =VLOOKUP(Q41,'2.1'!J:K,2,0) -> 개인 운송장비 구매
A42: 2 | B42: تشغيل معدات النقل الشخصية | C42: 99.926843 | D42: 96.905977 | E42: 100.4098 | F42: 102.61794 | G42: 103.31076 | H42: 101.51145 | I42: 100.92477 | J42: 100.77481 | K42: 99.330238 | L42: 101.90921 | M42: 102.45682 | N42: 101.07454 | O42: 104.36759 | P42: 102.01426 | Q42: OPERATION OF PERSONAL TRANSPORT EQUIPMENT | R42: =VLOOKUP(Q42,'2.1'!J:K,2,0) -> 개인 운송장비 운영
A43: 2 | B43: خدمات نقل الركاب | C43: 106.74544 | D43: 111.8305 | E43: 101.52108 | F43: 100.77623 | G43: 100.89266 | H43: 106.10852 | I43: 101.66267 | J43: 96.573246 | K43: 92.869771 | L43: 91.098337 | M43: 95.138408 | N43: 98.110767 | O43: 94.992742 | P43: 102.57942 | Q43: PASSENGER TRANSPORT SERVICES | R43: =VLOOKUP(Q43,'2.1'!J:K,2,0) -> 여객 운송 서비스
A44: 2 | B44: خدمات نقل البضائع | C44: 92.040269 | D44: 81.240967 | E44: 101.42804 | F44: 102.32861 | G44: 82.547975 | H44: 87.040399 | I44: 84.162239 | J44: 115.91795 | K44: 103.09933 | L44: 82.083844 | M44: 77.019273 | N44: 85.690771 | O44: 80.295206 | P44: 98.914666 | Q44: TRANSPORT SERVICES OF GOODS | R44: =VLOOKUP(Q44,'2.1'!J:K,2,0) -> 상품 운송 서비스
A45: 1 | B45: المعلومات والاتصالات | C45: 97.617709 | D45: 96.498633 | E45: 98.119821 | F45: 98.21684 | G45: 99.214503 | H45: 96.796236 | I45: 97.121049 | J45: 95.255434 | K45: 99.853397 | L45: 99.256838 | M45: 101.7499 | N45: 100.82628 | O45: 95.805761 | P45: 98.82914 | Q45: INFORMATION AND COMMUNICATION | R45: =VLOOKUP(Q45,'2.1'!J:K,2,0) -> 정보통신
A46: 2 | B46: معدات المعلومات والاتصالات | C46: 84.690652 | D46: 80.432549 | E46: 79.280662 | F46: 84.947625 | G46: 89.314535 | H46: 87.502971 | I46: 86.955268 | J46: 79.301133 | K46: 90.604038 | L46: 91.79803 | M46: 101.9937 | N46: 90.891888 | O46: 88.494628 | P46: 92.633194 | Q46: Information and communication equipment | R46: =VLOOKUP(Q46,'2.1'!J:K,2,0) -> 정보통신 기기
A47: 2 | B47: المعلومات والاتصالات | C47: 101.72584 | D47: 101.33497 | E47: 102.11783 | F47: 101.87337 | G47: 101.78802 | H47: 101.25897 | I47: 101.91986 | J47: 101.81536 | K47: 102.54239 | L47: 101.4494 | M47: 101.68695 | N47: 103.33743 | O47: 101.87513 | P47: 101.4152 | Q47: INFORMATION AND COMMUNICATION | R47: =VLOOKUP(Q47,'2.1'!J:K,2,0) -> 정보통신
A48: 1 | B48: الترفيه والرياضة والثقافة | C48: 103.50074 | D48: 104.22566 | E48: 100.4473 | F48: 100.01151 | G48: 106.58642 | H48: 107.21705 | I48: 93.828932 | J48: 100.68027 | K48: 98.113941 | L48: 95.793475 | M48: 101.52142 | N48: 98.150446 | O48: 96.537473 | P48: 97.679728 | Q48: RECREATION, SPORT AND CULTURE | R48: =VLOOKUP(Q48,'2.1'!J:K,2,0) -> 오락, 스포츠 및 문화
A49: 2 | B49: السلع الترفيهية المعمرة | C49: 91.281763 | D49: 86.200096 | E49: 88.523231 | F49: 95.276397 | G49: 84.874214 | H49: 100.9379 | I49: 86.953573 | J49: 89.927664 | K49: 90.391599 | L49: 90.789392 | M49: 88.756062 | N49: 89.909211 | O49: 101.18976 | P49: 91.01601 | Q49: RECREATIONAL DURABLES | R49: =VLOOKUP(Q49,'2.1'!J:K,2,0) -> 오락용 내구재
A50: 2 | B50: السلع الترفيهية الأخرى | C50: 94.940124 | D50: 97.533337 | E50: 85.187748 | F50: 81.603344 | G50: 106.67837 | H50: 99.586992 | I50: 86.323697 | J50: 93.481006 | K50: 94.539114 | L50: 88.323955 | M50: 110.40888 | N50: 91.711011 | O50: 98.168782 | P50: 87.439302 | Q50: OTHER RECREATIONAL GOODS | R50: =VLOOKUP(Q50,'2.1'!J:K,2,0) -> 기타 오락용품
... A52: 2 | B52: الخدمات الترفيهية | C52: 97.750127 | D52: 98.20124 | E52: 92.669867 | F52: 94.3986 | G52: 107.55741 | H52: 97.429282 | I52: 90.721786 | J52: 113.95064 | K52: 99.191524 | L52: 95.044012 | M52: 123.77211 | N52: 102.33782 | O52: 105.78388 | P52: 106.85009 | Q52: RECREATIONAL SERVICES | R52: =VLOOKUP(Q52,'2.1'!J:K,2,0) -> 오락 서비스
A53: 2 | B53: السلع الثقافية | C53: 105.05743 | D53: 107.58249 | E53: 106.26361 | F53: 100.98763 | G53: 110.10115 | H53: 104.26511 | I53: 100 | J53: 100.5223 | K53: 93.02826 | L53: 100 | M53: 97.979764 | N53: - | O53: 89.089744 | P53: 100 | Q53: CULTURAL GOODS | R53: =VLOOKUP(Q53,'2.1'!J:K,2,0) -> 악기, 음반 및 비디오물
A54: 2 | B54: الخدمات الثقافية | C54: 102.97978 | D54: 103.86876 | E54: 104.34178 | F54: 97.718335 | G54: 118.83514 | H54: 101.45213 | I54: 102.2026 | J54: 94.336778 | K54: 94.286335 | L54: 104.09684 | M54: 100.90879 | N54: 66.996147 | O54: 92.913095 | P54: 103.7117 | Q54: Cultural services | R54: =VLOOKUP(Q54,'2.1'!J:K,2,0) -> 문화 서비스
A55: 2 | B55: الصحف والكتب والقرطاسية | C55: 101.11935 | D55: 103.27786 | E55: 102.2061 | F55: 102.74936 | G55: 108.6381 | H55: 97.376413 | I55: 97.12226 | J55: 100.53616 | K55: 99.935193 | L55: 101.09569 | M55: 100.4015 | N55: 101.40686 | O55: 99.247091 | P55: 91.165305 | Q55: NEWSPAPERS, BOOKS AND STATIONERY | R55: =VLOOKUP(Q55,'2.1'!J:K,2,0) -> 서적, 신문 및 문구용품
A56: 2 | B56: عروض العطلات | C56: 109.68377 | D56: 112.60505 | E56: 109.44694 | F56: 110.69773 | G56: 104.76504 | H56: 113.24347 | I56: 93.870344 | J56: 107.949 | K56: 101.06414 | L56: 93.62835 | M56: 96.77006 | N56: 105.36654 | O56: 92.615044 | P56: 109.66285 | Q56: PACKAGE HOLIDAYS | R56: =VLOOKUP(Q56,'2.1'!J:K,2,0) -> 단체여행
A57: 1 | B57: خدمات التعليم | C57: 102.36305 | D57: 102.25903 | E57: 104.71312 | F57: 99.181049 | G57: 102.16236 | H57: 102.90987 | I57: 99.215204 | J57: 104.26132 | K57: 100.16099 | L57: 98.015124 | M57: 100.34292 | N57: 101.71294 | O57: 99.85019 | P57: 100.46808 | Q57: EDUCATION SERVICES | R57: =VLOOKUP(Q57,'2.1'!J:K,2,0) -> 교육서비스
A58: 2 | B58: الطفولة المبكرة والتعليم الابتدائي | C58: 101.36627 | D58: 100.23954 | E58: 103.77192 | F58: 102.64225 | G58: 101.77739 | H58: 105.96764 | I58: 96.990612 | J58: 105.75188 | K58: 99.223498 | L58: 98.234735 | M58: 100 | N58: 104.67895 | O58: 100 | P58: 105.08729 | Q58: EARLY CHILDHOOD AND PRIMARY EDUCATION | R58: =VLOOKUP(Q58,'2.1'!J:K,2,0) -> 유치원 및 초등교육
A59: 2 | B59: التعليم الثانوي | C59: 104.05899 | D59: 104.33179 | E59: 104.76864 | F59: 100.0476 | G59: 104.45227 | H59: 103.03098 | I59: 105.78409 | J59: 106.40535 | K59: 104.0207 | L59: 93.194964 | M59: 100.90415 | N59: 102.78083 | O59: 100 | P59: 103.45692 | Q59: SECONDARY EDUCATION | R59: =VLOOKUP(Q59,'2.1'!J:K,2,0) -> 중등교육
A60: 2 | B60: التعليم ما بعد الثانوي غير العالي | C60: 94.30012 | D60: 94.909579 | E60: 107.92191 | F60: 85.777778 | G60: 99.574055 | H60: 93.52497 | I60: 92.216753 | J60: 87.062836 | K60: 100.35065 | L60: 92.397009 | M60: 95.51646 | N60: 96.278061 | O60: 99.255227 | P60: 89.856481 | Q60: POST-SECONDARY NON-TERTIARY EDUCATION | R60: =VLOOKUP(Q60,'2.1'!J:K,2,0) -> 중등교육 후 비학위 과정
A61: 2 | B61: التعليم العالي | C61: 105.11159 | D61: 105.83005 | E61: 109.7537 | F61: 100 | G61: 100 | H61: 103.36464 | I61: 100 | J61: 102.87031 | K61: 100 | L61: 100 | M61: 100 | N61: 101.3854 | O61: 100 | P61: 100 | Q61: TERTIARY EDUCATION | R61: =VLOOKUP(Q61,'2.1'!J:K,2,0) -> 고등교육
A62: 2 | B62: التعليم غير محدد حسب المستوى | C62: 98.850713 | D62: 100.5471 | E62: 99.50851 | F62: 93.325037 | G62: 107.37185 | H62: 96.13373 | I62: 97.108147 | J62: 101.70378 | K62: 97.553223 | L62: 101.55468 | M62: 101.00809 | N62: 99.610242 | O62: 99.769783 | P62: 95.37 | Q62: EDUCATION NOT DEFINED BY LEVEL | R62: =VLOOKUP(Q62,'2.1'!J:K,2,0) -> 기타 교육
A63: 1 | B63: المطاعم وخدمات الإقامة | C63: 105.68133 | D63: 109.53203 | E63: 101.12052 | F63: 119.27766 | G63: 111.2687 | H63: 100.59415 | I63: 102.75608 | J63: 100.22248 | K63: 99.196547 | L63: 104.63954 | M63: 104.32767 | N63: 103.29177 | O63: 97.380415 | P63: 97.873483 | Q63: RESTAURANTS AND ACCOMMODATION SERVICES | R63: =VLOOKUP(Q63,'2.1'!J:K,2,0) -> 음식점 및 숙박 서비스
A64: 2 | B64: خدمات تقديم الأطعمة والمشروبات | C64: 103.34023 | D64: 105.19252 | E64: 102.57447 | F64: 105.3587 | G64: 104.90385 | H64: 101.68576 | I64: 103.98323 | J64: 104.22432 | K64: 98.96422 | L64: 102.43343 | M64: 100.71055 | N64: 103.71907 | O64: 102.87886 | P64: 99.400576 | Q64: FOOD AND BEVERAGE SERVING SERVICES | R64: =VLOOKUP(Q64,'2.1'!J:K,2,0) -> 음식 및 음료 서비스
A65: 2 | B65: خدمات الإقامة | C65: 108.22087 | D65: 112.61701 | E65: 98.95161 | F65: 145.4653 | G65: 120.33928 | H65: 99.532074 | I65: 101.80128 | J65: 90.800851 | K65: 99.922063 | L65: 108.98979 | M65: 112.1489 | N65: 102.48228 | O65: 93.491135 | P65: 94.903759 | Q65: ACCOMMODATION SERVICES | R65: =VLOOKUP(Q65,'2.1'!J:K,2,0) -> 숙박 서비스
... A73: 2 | B73: خدمات أخرى | C73: 95.407128 | D73: 95.424346 | E73: 94.94836 | F73: 97.366917 | G73: 97.937255 | H73: 95.896378 | I73: 94.505658 | J73: 94.097489 | K73: 95.795084 | L73: 96.083883 | M73: 92.735784 | N73: 98.044355 | O73: 96.487943 | P73: 96.740985 | Q73: OTHER SERVICES | R73: =VLOOKUP(Q73,'2.1'!J:K,2,0) -> 기타 서비스
A74: تشير إلى عدم وجود أهمية نسبية ( وزن ) للبند ضمن بنود السلة في المنطقة(-) | Q74: (-) indicates that there is no relative importance (weight) of the item within the basket items in the region. | R74: (-)는 해당 지역의 품목표 내에서 품목의 가중치가 없음을 말합니다.

Sheet 3.2 
A3: معدل التغيّر السنوي حسب المنطقة وفئة الإنفاق،سبتمبر 2025م
A4: Anuual Rate of Change by Region And Expenditure Category, September 2025
A5: 2023=100
A6: 지역별 및 지출범주별 전년동월대비 백분율 변화
A7: فئة الإنفاق: الأقسام و المجموعات | C7: جميع المناطق | D7: الرياض | E7: مكة المكرمة | F7: المدينة المنورة | G7: القصيم | H7: المنطقة الشرقية | I7: عسير | J7: تبوك | K7: حائل | L7: الحدود الشمالية | M7: جازان | N7: نجران | O7: الباحة | P7: الجوف | Q7: Expenditure Category:Divisions and Groups | R7: 지출범주
C8: All Regions | D8: Riyadh | E8: Makkah | F8: Madinah | G8: Al Qassim | H8: Eastern Province | I8: Aseer | J8: Tabouk | K8: Hail | L8: Northern Borders | M8: Jazan | N8: Najran | O8: Al Baha | P8: Al Jouf
H9: معدل التغيّر السنوي (%)
H10: Annual rate of change (%) 전년동월대비 백분율 변화
A11: 0 | B11: الرقم القياسي العام | C11: 2.178564 | D11: 3.402596 | E11: 1.5626264 | F11: 2.872873 | G11: 1.2370025 | H11: 1.1024564 | I11: 0.93756856 | J11: 1.4410754 | K11: 0.75041711 | L11: 1.232088 | M11: 2.1800976 | N11: 4.7304002 | O11: 2.0822379 | P11: 0.46533398 | Q11: General Index | R11: =VLOOKUP(Q11,'3.1'!Q:R,2,0) -> 일반지수
A12: 1 | B12: الأغذية والمشروبات | C12: 1.082525 | D12: 0.61044865 | E12: 2.1232268 | F12: 2.217624 | G12: 1.4390553 | H12: 0.18901584 | I12: -0.70508002 | J12: 0.89809871 | K12: -0.80625998 | L12: -0.75517421 | M12: 1.7434918 | N12: 6.2416425 | O12: 0.62605389 | P12: 0.036431433 | Q12: FOOD AND BEVERAGES | R12: =VLOOKUP(Q12,'3.1'!Q:R,2,0) -> 식료품 및 음료
A13: 2 | B13: الأغذية | C13: 1.0965762 | D13: 0.62038228 | E13: 2.2207363 | F13: 2.2806023 | G13: 1.436438 | H13: 0.20296378 | I13: -0.78617114 | J13: 0.90299983 | K13: -0.95500705 | L13: -0.85135085 | M13: 1.6144445 | N13: 6.3033614 | O13: 0.5719336 | P13: -0.070947231 | Q13: FOOD | R13: =VLOOKUP(Q13,'3.1'!Q:R,2,0) -> 식료품
A14: 2 | B14: المشروبات | C14: 0.68599946 | D14: 0.24166731 | E14: -1.0742788 | F14: 0.15165311 | G14: 1.6621452 | H14: -0.039117492 | I14: 2.9580432 | J14: 0.64866925 | K14: 4.9974245 | L14: 2.2770603 | M14: 4.7382884 | N14: 3.0627402 | O14: 2.9001687 | P14: 3.4908865 | Q14: BEVERAGES | R14: =VLOOKUP(Q14,'3.1'!Q:R,2,0) -> 음료
A15: 2 | B15: خدمات تجهيز السلع الأولية والمشروبات | C15: -0.28902957 | D15: 1.0270146 | E15: -2.0429837 | F15: -0.73454209 | G15: -2.4044226 | H15: -7.5817889 | I15: -4.1779804 | J15: 4.8104783 | K15: -15.793236 | L15: 0.042046278 | M15: 9.4760035 | N15: 19.8361 | O15: 0.58316784 | P15: 3.6547505 | Q15: SERVICES FOR PROCESSING PRIMARY GOODS FOR FOOD AND BEVERAGES | R15: =VLOOKUP(Q15,'3.1'!Q:R,2,0) -> 식품 및 음료 가공 서비스
A16: 1 | B16: التبغ | C16: 0.86184217 | D16: 2.1897011 | E16: -0.60383176 | F16: 1.3546948 | G16: 0.27889781 | H16: 0.49840728 | I16: 4.5710854 | J16: 0.84053579 | K16: 1.1607508 | L16: 0.86912952 | M16: -0.055223402 | N16: 1.6466234 | O16: -0.16796775 | P16: 1.5412277 | Q16: TOBACCO | R16: =VLOOKUP(Q16,'3.1'!Q:R,2,0) -> 담배
A17: 2 | B17: التبغ | C17: 0.86184217 | D17: 2.1897011 | E17: -0.60383176 | F17: 1.3546948 | G17: 0.27889781 | H17: 0.49840728 | I17: 4.5710854 | J17: 0.84053579 | K17: 1.1607508 | L17: 0.86912952 | M17: -0.055223402 | N17: 1.6466234 | O17: -0.16796775 | P17: 1.5412277 | Q17: TOBACCO | R17: =VLOOKUP(Q17,'3.1'!Q:R,2,0) -> 담배
A18: 1 | B18: الملابس والأحذية | C18: 0.11379191 | D18: -0.27896902 | E18: 0.35923262 | F18: 0.22625329 | G18: -0.16119791 | H18: 0.5803486 | I18: 1.5056707 | J18: -2.0947853 | K18: -5.3352373 | L18: -2.4428297 | M18: 0.83640235 | N18: 2.4615921 | O18: 0.22994371 | P18: 1.3945932 | Q18: CLOTHING AND FOOTWEAR | R18: =VLOOKUP(Q18,'3.1'!Q:R,2,0) -> 의류 및 신발
A19: 2 | B19: الملابس | C19: 0.10097512 | D19: -0.075270206 | E19: 0.5413115 | F19: 0.11883912 | G19: 0.11168869 | H19: -0.067991282 | I19: 1.5946099 | J19: -1.8526207 | K19: -5.4269308 | L19: -2.6974515 | M19: 0.66974044 | N19: 3.0044285 | O19: 0.42798289 | P19: 1.3411271 | Q19: CLOTHING | R19: =VLOOKUP(Q19,'3.1'!Q:R,2,0) -> 의류
A20: 2 | B20: الأحذية | C20: 0.24480942 | D20: -2.0904021 | E20: -1.9146055 | F20: 1.3636693 | G20: -2.7949939 | H20: 7.0744134 | I20: 0.42547842 | J20: -4.3496651 | K20: -4.2246619 | L20: -0.10295374 | M20: 3.1460544 | N20: -4.6813721 | O20: -2.1204741 | P20: 2.2831051 | Q20: FOOTWEAR | R20: =VLOOKUP(Q20,'3.1'!Q:R,2,0) -> 신발
A21: 1 | B21: السكن والمياه والكهرباء والغاز وأنواع الوقود الأخرى | C21: 5.1542794 | D21: 9.2450782 | E21: 1.751577 | F21: 6.4600766 | G21: 3.5022269 | H21: 2.3864886 | I21: 3.7806215 | J21: 4.8241542 | K21: 7.3362337 | L21: 6.3597319 | M21: 2.4345801 | N21: 7.6869387 | O21: 2.6295682 | P21: 1.1998421 | Q21: HOUSING, WATER, ELECTRICITY, GAS AND OTHER FUELS | R21: =VLOOKUP(Q21,'3.1'!Q:R,2,0) -> 주택, 수도, 전기, 가스 및 기타 연료
A22: 2 | B22: الإيجارات الفعلية للسكن | C22: 6.7163488 | D22: 13.822334 | E22: 1.5226358 | F22: 9.8569239 | G22: 5.3288531 | H22: 2.9524708 | I22: 4.8446948 | J22: 6.9901819 | K22: 11.054241 | L22: 9.1118927 | M22: 4.4591684 | N22: 10.441672 | O22: 1.6126655 | P22: 1.5736444 | Q22: ACTUAL RENTALS FOR HOUSING | R22: =VLOOKUP(Q22,'3.1'!Q:R,2,0) -> 주택 지불 임차료
... A36: 2 | B36: خدمات العيادات الخارجية | C36: -0.093171424 | D36: -3.173852 | E36: 1.7766328 | F36: 2.3376118 | G36: 0.3780149 | H36: 0.83905938 | I36: 2.1866536 | J36: -2.3154338 | K36: 0.1985599 | L36: 0.23232199 | M36: 2.6811251 | N36: -0.12918891 | O36: 2.184617 | P36: -0.58591318 | Q36: OUTPATIENT CARE SERVICES | R36: =VLOOKUP(Q36,'3.1'!Q:R,2,0) -> 외래 환자 치료 서비스
A37: 2 | B37: خدمات الرعاية الداخلية (التنويم) | C37: -0.068182617 | D37: 1.9264516 | E37: 0.070077127 | F37: 2.9463854 | G37: 0.18392735 | H37: -0.93573047 | I37: -2.1612906 | J37: -7.9018281 | K37: -1.6888382 | L37: - | M37: 0.046510435 | N37: 0.68919971 | O37: -5.5433437 | P37: -5.1984242 | Q37: INPATIENT CARE SERVICES | R37: =VLOOKUP(Q37,'3.1'!Q:R,2,0) -> 입원 환자 치료 서비스
A38: 2 | B38: خدمات التصوير التشخيصي وخدمات المختبرات الطبية | C38: -2.9217058 | D38: -5.6282638 | E38: -0.048949018 | F38: -5.2121464 | G38: -1.4173954 | H38: -1.5049485 | I38: 0.68097571 | J38: -3.4225617 | K38: 0.97809812 | L38: -1.3805511 | M38: -5.2610677 | N38: 8.8351387 | O38: 5.8259495 | P38: -5.529064 | Q38: Diagnostic imaging services and medical laboratory services | R38: =VLOOKUP(Q38,'3.1'!Q:R,2,0) -> 진단 영상 및 의료 검사 서비스
A39: 1 | B39: النقل | C39: 1.6407655 | D39: 3.6863631 | E39: 0.26880676 | F39: 1.3912317 | G39: -0.77726071 | H39: 0.486417 | I39: -1.1168112 | J39: 1.5106574 | K39: -2.7351081 | L39: -0.27329573 | M39: 2.1551694 | N39: 0.57048858 | O39: 3.4341843 | P39: 1.0669334 | Q39: TRANSPORT | R39: =VLOOKUP(Q39,'3.1'!Q:R,2,0) -> 운송
A40: 2 | B40: شراء المركبات | C40: -1.3331044 | D40: -2.3989033 | E40: 5.363179 | F40: 1.7533824 | G40: -0.048592664 | H40: -2.371988 | I40: -0.32373292 | J40: 0.80489989 | K40: -5.9894973 | L40: -4.1427266 | M40: -1.2360769 | N40: 3.4993234 | O40: 7.6842992 | P40: -1.4963399 | Q40: PURCHASE OF VEHICLES | R40: =VLOOKUP(Q40,'3.1'!Q:R,2,0) -> 개인 운송장비 구매
A41: 2 | B41: تشغيل معدات النقل الشخصية | C41: 0.11058105 | D41: -0.062457722 | E41: 0.23372156 | F41: 2.1242582 | G41: -1.4407399 | H41: -0.17667044 | I41: -0.80622692 | J41: 1.5904021 | K41: -0.70513773 | L41: 1.7521324 | M41: 1.0616692 | N41: 0.011233355 | O41: 1.4491965 | P41: 0.44049378 | Q41: OPERATION OF PERSONAL TRANSPORT EQUIPMENT | R41: =VLOOKUP(Q41,'3.1'!Q:R,2,0) -> 개인 운송장비 운영
A42: 2 | B42: خدمات نقل الركاب | C42: 6.8888006 | D42: 12.531266 | E42: -1.2112983 | F42: -1.0237787 | G42: 0.5706859 | H42: 4.8882233 | I42: -3.6575709 | J42: 1.4209272 | K42: -2.7584051 | L42: -3.6657979 | M42: 8.2938368 | N42: 1.0073408 | O42: -1.2753003 | P42: 5.4572255 | Q42: PASSENGER TRANSPORT SERVICES | R42: =VLOOKUP(Q42,'3.1'!Q:R,2,0) -> 여객 운송 서비스
A43: 2 | B43: خدمات نقل البضائع | C43: 3.3522718 | D43: -0.82743777 | E43: 7.1135008 | F43: 2.3286053 | G43: 0.082258776 | H43: 3.4901372 | I43: 1.2953796 | J43: 4.932555 | K43: 1.8107746 | L43: 0.15999227 | M43: -4.013427 | N43: 1.9194837 | O43: -0.35294313 | P43: -1.0853343 | Q43: TRANSPORT SERVICES OF GOODS | R43: =VLOOKUP(Q43,'3.1'!Q:R,2,0) -> 상품 운송 서비스
A44: 1 | B44: المعلومات والاتصالات | C44: -0.3543411 | D44: -0.082298881 | E44: 0.039235645 | F44: -0.75708908 | G44: -0.96914526 | H44: -1.6333767 | I44: 1.0321958 | J44: -4.0787662 | K44: 0.10366154 | L44: 1.8157414 | M44: 0.74087701 | N44: 2.6134313 | O44: -2.0868769 | P44: -0.0097513655 | Q44: INFORMATION AND COMMUNICATION | R44: =VLOOKUP(Q44,'3.1'!Q:R,2,0) -> 정보통신
A45: 2 | B45: معدات المعلومات والاتصالات | C45: -6.4222969 | D45: -5.1494774 | E45: -8.6216708 | F45: -9.4605644 | G45: -10.364882 | H45: -7.3276394 | I45: -0.23264398 | J45: -18.058318 | K45: -5.5151647 | L45: 4.516028 | M45: -1.3495986 | N45: 1.4808295 | O45: -6.6885959 | P45: -2.5472835 | Q45: Information and communication equipment | R45: =VLOOKUP(Q45,'3.1'!Q:R,2,0) -> 정보통신 기기
A46: 2 | B46: المعلومات والاتصالات | C46: 1.3977823 | D46: 1.2038119 | E46: 1.6674134 | F46: 1.5226253 | G46: 1.4616463 | H46: 0.96406212 | I46: 1.4520288 | J46: 1.5908464 | K46: 1.6699233 | L46: 1.072055 | M46: 1.5005252 | N46: 2.8329211 | O46: 1.4915817 | P46: 0.96832581 | Q46: INFORMATION AND COMMUNICATION | R46: =VLOOKUP(Q46,'3.1'!Q:R,2,0) -> 정보통신
A47: 1 | B47: الترفيه والرياضة والثقافة | C47: 2.7326015 | D47: 4.0861073 | E47: -1.0873601 | F47: 4.7773135 | G47: 1.359305 | H47: 4.6516075 | I47: -3.0876621 | J47: 3.3966134 | K47: 1.0202764 | L47: -0.11966158 | M47: 0.23021562 | N47: 2.6033571 | O47: 1.8812286 | P47: -0.23222233 | Q47: RECREATION, SPORT AND CULTURE | R47: =VLOOKUP(Q47,'3.1'!Q:R,2,0) -> 오락, 스포츠 및 문화
A48: 2 | B48: السلع الترفيهية المعمرة | C48: -0.8361216 | D48: -4.4513011 | E48: -2.160823 | F48: 5.6359117 | G48: -5.4298053 | H48: 5.6720323 | I48: -1.4358082 | J48: 0.72900736 | K48: -9.5880467 | L48: 1.1455512 | M48: -14.345089 | N48: 1.5479285 | O48: 1.0977492 | P48: 1.3404616 | Q48: RECREATIONAL DURABLES | R48: =VLOOKUP(Q48,'3.1'!Q:R,2,0) -> 오락용 내구재
A49: 2 | B49: السلع الترفيهية الأخرى | C49: -1.3123549 | D49: -4.640432 | E49: -1.7201603 | F49: -2.9585389 | G49: 8.3888463 | H49: 0.10057261 | I49: -4.3394915 | J49: 4.2370813 | K49: -0.38076988 | L49: -1.0439698 | M49: 10.996555 | N49: 2.4244941 | O49: -0.0053090448 | P49: -7.0027492 | Q49: OTHER RECREATIONAL GOODS | R49: =VLOOKUP(Q49,'3.1'!Q:R,2,0) -> 기타 오락용품
... A51: 2 | B51: الخدمات الترفيهية | C51: 2.1297829 | D51: 6.0442656 | E51: -7.1317258 | F51: 2.2637031 | G51: -0.17535234 | H51: 0.069972256 | I51: 2.7262386 | J51: 11.066657 | K51: -1.1062392 | L51: -4.3475301 | M51: 7.0746516 | N51: -2.1645 | O51: 6.0917315 | P51: -0.46195477 | Q51: RECREATIONAL SERVICES | R51: =VLOOKUP(Q51,'3.1'!Q:R,2,0) -> 오락 서비스
A52: 2 | B52: السلع الثقافية | C52: 2.6090923 | D52: 4.1846551 | E52: 5.5979973 | F52: -0.0001837782 | G52: 1.2333669 | H52: 2.0413583 | I52: 0 | J52: -0.78677121 | K52: -6.97174 | L52: 0 | M52: -0.77871585 | N52: - | O52: -0.0001434664 | P52: 0 | Q52: CULTURAL GOODS | R52: =VLOOKUP(Q52,'3.1'!Q:R,2,0) -> 악기, 음반 및 비디오물
A53: 2 | B53: الخدمات الثقافية | C53: 0.91725562 | D53: 1.469736 | E53: 2.4985083 | F53: 0.3263258 | G53: 1.8943661 | H53: -1.2614425 | I53: 3.21457 | J53: -2.5089226 | K53: -5.0022082 | L53: 0.00017235328 | M53: 2.5472397 | N53: -2.1161332 | O53: -9.5116073 | P53: -3.8004903 | Q53: Cultural services | R53: =VLOOKUP(Q53,'3.1'!Q:R,2,0) -> 문화 서비스
A54: 2 | B54: الصحف والكتب والقرطاسية | C54: 0.57689002 | D54: 1.4374869 | E54: 2.2600637 | F54: -0.6368182 | G54: 2.1052669 | H54: -1.3873122 | I54: -1.3996465 | J54: 0.54273088 | K54: 0.088577737 | L54: -0.005161457 | M54: -0.12212473 | N54: 0.97953679 | O54: 2.8863984 | P54: -3.8714523 | Q54: NEWSPAPERS, BOOKS AND STATIONERY | R54: =VLOOKUP(Q54,'3.1'!Q:R,2,0) -> 서적, 신문 및 문구용품
A55: 2 | B55: عروض العطلات | C55: 5.5118179 | D55: 8.5179465 | E55: 0.27169249 | F55: 13.920112 | G55: -0.32490943 | H55: 8.494577 | I55: -5.4730671 | J55: 5.022724 | K55: 4.3105382 | L55: -0.3992338 | M55: -3.4336271 | N55: 5.0477462 | O55: 2.26389 | P55: 9.5006556 | Q55: PACKAGE HOLIDAYS | R55: =VLOOKUP(Q55,'3.1'!Q:R,2,0) -> 단체여행
A56: 1 | B56: خدمات التعليم | C56: 1.1586844 | D56: 0.9632619 | E56: 1.6801574 | F56: 0.00015448923 | G56: 0.40548828 | H56: 2.2234579 | I56: -0.83295486 | J56: 3.4592516 | K56: -0.1600456 | L56: 0.098739252 | M56: 1.8180153 | N56: -0.12784602 | O56: -0.35195319 | P56: -0.34362242 | Q56: EDUCATION SERVICES | R56: =VLOOKUP(Q56,'3.1'!Q:R,2,0) -> 교육서비스
A57: 2 | B57: الطفولة المبكرة والتعليم الابتدائي | C57: 0.63968576 | D57: -0.44898357 | E57: 1.298504 | F57: 4.2995632 | G57: 0.75027826 | H57: 5.459169 | I57: -1.5668104 | J57: 4.3803919 | K57: -1.7588571e-06 | L57: -1.9877708 | M57: 0 | N57: -2.3173989e-06 | O57: 0 | P57: -0.52761963 | Q57: EARLY CHILDHOOD AND PRIMARY EDUCATION | R57: =VLOOKUP(Q57,'3.1'!Q:R,2,0) -> 유치원 및 초등교육
A58: 2 | B58: التعليم الثانوي | C58: 0.8003117 | D58: 0.3798467 | E58: 1.4032334 | F58: 1.1365758 | G58: 0.56863465 | H58: 2.4210179 | I58: 2.2122734 | J58: 3.435478 | K58: 1.4287931 | L58: -0.14343455 | M58: 0.9041471 | N58: -1.0758222 | O58: 0 | P58: 3.6143059e-06 | Q58: SECONDARY EDUCATION | R58: =VLOOKUP(Q58,'3.1'!Q:R,2,0) -> 중등교육
A59: 2 | B59: التعليم ما بعد الثانوي غير العالي | C59: -2.0552252 | D59: 1.5513982 | E59: -2.9382633 | F59: -14.222222 | G59: -1.2336308 | H59: -8.0359924 | I59: -1.3298728 | J59: -7.8554108 | K59: -0.0470782 | L59: -1.1370019 | M59: 2.2007489 | N59: 3.0156473 | O59: -0.13488205 | P59: -3.8553175 | Q59: POST-SECONDARY NON-TERTIARY EDUCATION | R59: =VLOOKUP(Q59,'3.1'!Q:R,2,0) -> 중등교육 후 비학위 과정
A60: 2 | B60: التعليم العالي | C60: 3.959175 | D60: 5.830052 | E60: 4.1670445 | F60: 0 | G60: 0 | H60: -0.27548713 | I60: 0 | J60: 18.253969 | K60: 0 | L60: 0 | M60: 0 | N60: -0.0002964531 | O60: 0 | P60: 0 | Q60: TERTIARY EDUCATION | R60: =VLOOKUP(Q60,'3.1'!Q:R,2,0) -> 고등교육
A61: 2 | B61: التعليم غير محدد حسب المستوى | C61: 0.73026764 | D61: 2.9676939 | E61: -0.1202225 | F61: -6.674963 | G61: 0.97135421 | H61: -0.48817623 | I61: -2.8918525 | J61: 1.7037781 | K61: -1.9807771 | L61: 1.5546823 | M61: 4.3207088 | N61: -0.38975843 | O61: -0.80218813 | P61: 0.054103605 | Q61: EDUCATION NOT DEFINED BY LEVEL | R61: =VLOOKUP(Q61,'3.1'!Q:R,2,0) -> 기타 교육
A62: 1 | B62: المطاعم وخدمات الإقامة | C62: 1.5471614 | D62: 1.862548 | E62: 2.9553386 | F62: 4.2530286 | G62: 2.0889879 | H62: -1.290029 | I62: 0.24453997 | J62: -0.53966481 | K62: -2.2728917 | L62: -2.1895537 | M62: 5.0788157 | N62: 0.8583879 | O62: 1.9410665 | P62: -2.0796352 | Q62: RESTAURANTS AND ACCOMMODATION SERVICES | R62: =VLOOKUP(Q62,'3.1'!Q:R,2,0) -> 음식점 및 숙박 서비스
A63: 2 | B63: خدمات تقديم الأطعمة والمشروبات | C63: 1.2470912 | D63: 3.3173079 | E63: 0.077744651 | F63: 1.5108615 | G63: 1.6229744 | H63: -0.030337807 | I63: 0.94254284 | J63: 1.7204037 | K63: -2.9674149 | L63: -2.2943267 | M63: 0.80091277 | N63: 0.051615543 | O63: 2.3424625 | P63: -1.8020482 | Q63: FOOD AND BEVERAGE SERVING SERVICES | R63: =VLOOKUP(Q63,'3.1'!Q:R,2,0) -> 음식 및 음료 서비스
A64: 2 | B64: خدمات الإقامة | C64: 1.9468431 | D64: 1.1679458 | E64: 7.4624767 | F64: 8.4329784 | G64: 2.9280016 | H64: -2.5295824 | I64: -0.21228782 | J64: -6.1444243 | K64: -0.1441454 | L64: -1.9444443 | M64: 14.427427 | N64: 2.4116165 | O64: 4.3275662 | P64: -2.5900656 | Q64: ACCOMMODATION SERVICES | R64: =VLOOKUP(Q64,'3.1'!Q:R,2,0) -> 숙박 서비스
... A72: 2 | B72: خدمات أخرى | C72: 0.48909131 | D72: 1.1890502 | E72: -0.038335824 | F72: -0.020852364 | G72: -1.4405193 | H72: 0.51305255 | I72: 1.5002472 | J72: 1.2300292 | K72: 1.4153788 | L72: 6.6811719 | M72: -2.3327415 | N72: -0.69802673 | O72: 0.29118937 | P72: 0.18564207 | Q72: OTHER SERVICES | R72: =VLOOKUP(Q72,'3.1'!Q:R,2,0) -> 기타 서비스
A73: تشير إلى عدم وجود أهمية نسبية ( وزن ) للبند ضمن بنود السلة في المنطقة(-) | Q73: (-) indicates that there is no relative importance (weight) of the item within the basket items in the region. | R73: =VLOOKUP(Q73,'3.1'!Q:R,2,0) -> (-)는 해당 지역의 품목표 내에서 품목의 가중치가 없음을 말합니다.

Sheet 3.3 
A5: معدل التغيّر الشهري حسب المنطقة وفئة الإنفاق،سبتمبر 2025م
A6: Monthly Rate Of Change By Region And Expenditure Category, September 2025
A7: 2023=100
A8: 지역별 및 지출범주별 전월대비 백분율 변화
A9: فئة الإنفاق: الأقسام و المجموعات | C9: جميع المناطق | D9: الرياض | E9: مكة المكرمة | F9: المدينة المنورة | G9: القصيم | H9: المنطقة الشرقية | I9: عسير | J9: تبوك | K9: حائل | L9: الحدود الشمالية | M9: جازان | N9: نجران | O9: الباحة | P9: الجوف | Q9: Expenditure Category:Divisions and Groups | R9: 지출범주
C10: All Regions | D10: Riyadh | E10: Makkah | F10: Madinah | G10: Al Qassim | H10: Eastern Province | I10: Aseer | J10: Tabouk | K10: Hail | L10: Northern Borders | M10: Jazan | N10: Najran | O10: Al Baha | P10: Al Jouf
H11: معدل التغيّر الشهري(%)
H12: Monthly Change Rate (%) 전월대비 백분율 변화
A13: 0 | B13: الرقم القياسي العام | C13: -0.061956472 | D13: 0.18624775 | E13: -0.2658542 | F13: -0.26680534 | G13: 0.49735955 | H13: -0.30867191 | I13: -0.65431376 | J13: 0.060291092 | K13: 0.24198944 | L13: -0.0015655062 | M13: 0.085839599 | N13: 0.38793792 | O13: 0.0027989202 | P13: -0.095826427 | Q13: General Index | R13: =VLOOKUP(Q13,'3.1'!Q:R,2,0) -> 일반지수
A14: 1 | B14: الأغذية والمشروبات | C14: 0.11676742 | D14: -0.0031218538 | E14: 0.24048147 | F14: 0.93152992 | G14: 0.82136489 | H14: -0.26038214 | I14: -0.77765899 | J14: 1.0132928 | K14: 0.20903833 | L14: 0.15752053 | M14: 0.086380152 | N14: 0.14804603 | O14: 0.16276091 | P14: 0.18423172 | Q14: FOOD AND BEVERAGES | R14: =VLOOKUP(Q14,'3.1'!Q:R,2,0) -> 식료품 및 음료
A15: 2 | B15: الأغذية | C15: 0.12138275 | D15: -0.0079790603 | E15: 0.25328358 | F15: 0.98737368 | G15: 0.84444615 | H15: -0.26747591 | I15: -0.79963676 | J15: 1.0617724 | K15: 0.19403245 | L15: 0.1613971 | M15: 0.073100716 | N15: 0.14718299 | O15: 0.16536167 | P15: 0.19901102 | Q15: FOOD | R15: =VLOOKUP(Q15,'3.1'!Q:R,2,0) -> 식료품
A16: 2 | B16: المشروبات | C16: -0.052705512 | D16: 0.059696827 | E16: -0.17597022 | F16: -1.0144002 | G16: 0.053958265 | H16: -0.022737689 | I16: 0.15174116 | J16: -0.39448756 | K16: 0.72899854 | L16: 0.062748959 | M16: 0.38928877 | N16: -0.10828333 | O16: 0.068531357 | P16: -0.28450777 | Q16: BEVERAGES | R16: =VLOOKUP(Q16,'3.1'!Q:R,2,0) -> 음료
A17: 2 | B17: خدمات تجهيز السلع الأولية والمشروبات | C17: 0.40490383 | D17: 1.0273228 | E17: -0.73331536 | F17: 0 | G17: -0.099773368 | H17: -0.064711073 | I17: -1.2766825 | J17: 0.14991185 | K17: 0 | L17: -1.0701115 | M17: 0 | N17: 4.9857673 | O17: -0.045015415 | P17: -0.33763834 | Q17: SERVICES FOR PROCESSING PRIMARY GOODS FOR FOOD AND BEVERAGES | R17: =VLOOKUP(Q17,'3.1'!Q:R,2,0) -> 식품 및 음료 가공 서비스
A18: 1 | B18: التبغ | C18: 0.098038589 | D18: 0.28716956 | E18: 0.076554913 | F18: 0 | G18: 0 | H18: 0 | I18: -0.085244156 | J18: 0.19767161 | K18: 0 | L18: -0.52192811 | M18: 0 | N18: 0 | O18: 0 | P18: 0 | Q18: TOBACCO | R18: =VLOOKUP(Q18,'3.1'!Q:R,2,0) -> 담배
A19: 2 | B19: التبغ | C19: 0.098038589 | D19: 0.28716956 | E19: 0.076554913 | F19: 0 | G19: 0 | H19: 0 | I19: -0.085244156 | J19: 0.19767161 | K19: 0 | L19: -0.52192811 | M19: 0 | N19: 0 | O19: 0 | P19: 0 | Q19: TOBACCO | R19: =VLOOKUP(Q19,'3.1'!Q:R,2,0) -> 담배
A20: 1 | B20: الملابس والأحذية | C20: -0.33703728 | D20: 0.0066714625 | E20: -0.25142418 | F20: -1.6620339 | G20: 0.34312399 | H20: -0.77350835 | I20: -0.64211523 | J20: -0.14720901 | K20: -0.31462563 | L20: -0.094886664 | M20: -0.00078587348 | N20: -0.26968168 | O20: 0.025338364 | P20: -0.28185749 | Q20: CLOTHING AND FOOTWEAR | R20: =VLOOKUP(Q20,'3.1'!Q:R,2,0) -> 의류 및 신발
A21: 2 | B21: الملابس | C21: -0.33748905 | D21: 0.0074120576 | E21: -0.32783677 | F21: -1.818802 | G21: 0.45086736 | H21: -0.6628312 | I21: -0.65968361 | J21: -0.13204072 | K21: -0.2772468 | L21: -0.091759299 | M21: 0 | N21: -0.25447373 | O21: 0.047970317 | P21: -0.28074237 | Q21: CLOTHING | R21: =VLOOKUP(Q21,'3.1'!Q:R,2,0) -> 의류
A22: 2 | B22: الأحذية | C22: -0.33244848 | D22: 0 | E22: 0.7096798 | F22: 0.0059382766 | G22: -0.70501858 | H22: -1.8097728 | I22: -0.47974696 | J22: -0.32149792 | K22: -0.74470226 | L22: -0.12273998 | M22: -0.0093176542 | N22: -0.47815235 | O22: -0.25281348 | P22: -0.29567527 | Q22: FOOTWEAR | R22: =VLOOKUP(Q22,'3.1'!Q:R,2,0) -> 신발
A23: 1 | B23: السكن والمياه والكهرباء والغاز وأنواع الوقود الأخرى | C23: 0.40036379 | D23: 0.45766143 | E23: 0.13454294 | F23: 1.1245604 | G23: 0.93413608 | H23: 0.0014928296 | I23: 0.70108998 | J23: 0.34107094 | K23: 1.1886695 | L23: 0.94813987 | M23: 0.56899337 | N23: 1.6157661 | O23: 0.23903891 | P23: -0.1899804 | Q23: HOUSING, WATER, ELECTRICITY, GAS AND OTHER FUELS | R23: =VLOOKUP(Q23,'3.1'!Q:R,2,0) -> 주택, 수도, 전기, 가스 및 기타 연료
A24: 2 | B24: الإيجارات الفعلية للسكن | C24: 0.60335492 | D24: 0.70979779 | E24: 0.12348364 | F24: 1.9970411 | G24: 1.1614045 | H24: -0.11370448 | I24: 0.89650137 | J24: 0.60619318 | K24: 1.6617065 | L24: 1.3480026 | M24: 1.3421543 | N24: 2.5853544 | O24: 0.32183383 | P24: 0.35842098 | Q24: ACTUAL RENTALS FOR HOUSING | R24: =VLOOKUP(Q24,'3.1'!Q:R,2,0) -> 주택 지불 임차료
... A38: 2 | B38: خدمات العيادات الخارجية | C38: -0.054140443 | D38: 0.44791322 | E38: -0.11562411 | F38: -2.2523904 | G38: 0.081258254 | H38: -0.83492119 | I38: 0.75773499 | J38: -1.6073664 | K38: 0.19525946 | L38: -0.27030081 | M38: 0 | N38: 0.34726963 | O38: 0.10914781 | P38: 0.48683059 | Q38: OUTPATIENT CARE SERVICES | R38: =VLOOKUP(Q38,'3.1'!Q:R,2,0) -> 외래 환자 치료 서비스
A39: 2 | B39: خدمات الرعاية الداخلية (التنويم) | C39: 0.090570487 | D39: 0.61746356 | E39: -0.36199254 | F39: -1.3441273 | G39: 0 | H39: -0.12559025 | I39: 0.052170822 | J39: 0 | K39: 0 | L39: - | M39: 0 | N39: 0 | O39: 0 | P39: -0.00065198633 | Q39: INPATIENT CARE SERVICES | R39: =VLOOKUP(Q39,'3.1'!Q:R,2,0) -> 입원 환자 치료 서비스
A40: 2 | B40: خدمات التصوير التشخيصي وخدمات المختبرات الطبية | C40: -0.38465356 | D40: 0.25671934 | E40: -0.033563189 | F40: -5.9959722 | G40: 0.43134789 | H40: 0.11829395 | I40: 0 | J40: 0 | K40: 0 | L40: 0 | M40: 0 | N40: 0.80563617 | O40: 0 | P40: 0.11700077 | Q40: Diagnostic imaging services and medical laboratory services | R40: =VLOOKUP(Q40,'3.1'!Q:R,2,0) -> 진단 영상 및 의료 검사 서비스
A41: 1 | B41: النقل | C41: -0.39545551 | D41: 0.0010044922 | E41: -0.40889519 | F41: -0.78562307 | G41: 0.023901963 | H41: -0.85867802 | I41: -1.2714048 | J41: -0.2356247 | K41: -0.086211804 | L41: -1.9197934 | M41: -0.68303429 | N41: -0.6059502 | O41: -0.35458822 | P41: -0.061183848 | Q41: TRANSPORT | R41: =VLOOKUP(Q41,'3.1'!Q:R,2,0) -> 운송
A42: 2 | B42: شراء المركبات | C42: -0.094982844 | D42: 0 | E42: 0.00078442504 | F42: -0.80350298 | G42: -0.17046376 | H42: -0.29131203 | I42: 1.0637645 | J42: 0.036950164 | K42: -0.1667334 | L42: -0.0066204017 | M42: -1.1065762 | N42: 0 | O42: -0.64541717 | P42: 0 | Q42: PURCHASE OF VEHICLES | R42: =VLOOKUP(Q42,'3.1'!Q:R,2,0) -> 개인 운송장비 구매
A43: 2 | B43: تشغيل معدات النقل الشخصية | C43: 0.0071045289 | D43: 0.002316231 | E43: -0.00090621058 | F43: -0.58563986 | G43: 0.027038796 | H43: 0.16582006 | I43: -0.079078013 | J43: 0.35283255 | K43: -0.044094227 | L43: 0.085275037 | M43: 0.14097011 | N43: -0.27921085 | O43: 0.006491592 | P43: -0.059296116 | Q43: OPERATION OF PERSONAL TRANSPORT EQUIPMENT | R43: =VLOOKUP(Q43,'3.1'!Q:R,2,0) -> 개인 운송장비 운영
A44: 2 | B44: خدمات نقل الركاب | C44: -1.4107702 | D44: 0 | E44: -1.5472391 | F44: -1.4207288 | G44: 0.38118757 | H44: -3.731253 | I44: -9.3444205 | J44: -2.1172851 | K44: -0.041330607 | L44: -8.8959787 | M44: -2.9483228 | N44: -2.1890799 | O44: -0.60378161 | P44: -0.1168706 | Q44: PASSENGER TRANSPORT SERVICES | R44: =VLOOKUP(Q44,'3.1'!Q:R,2,0) -> 여객 운송 서비스
A45: 2 | B45: خدمات نقل البضائع | C45: 0.087737256 | D45: 0 | E45: 0.016283873 | F45: 0 | G45: 0 | H45: -1.110223e-14 | I45: 0.77439081 | J45: 1.8675651 | K45: 0 | L45: 0.06418739 | M45: 0 | N45: 0.22860697 | O45: 0 | P45: 0 | Q45: TRANSPORT SERVICES OF GOODS | R45: =VLOOKUP(Q45,'3.1'!Q:R,2,0) -> 상품 운송 서비스
A46: 1 | B46: المعلومات والاتصالات | C46: -0.10173879 | D46: -0.071386462 | E46: -0.12164023 | F46: -0.74520161 | G46: 0.12825136 | H46: 0.045326621 | I46: 0.19198506 | J46: -0.97045574 | K46: -0.029771603 | L46: -0.060526963 | M46: -0.039982027 | N46: -0.022369368 | O46: -0.064346229 | P46: -0.36697594 | Q46: INFORMATION AND COMMUNICATION | R46: =VLOOKUP(Q46,'3.1'!Q:R,2,0) -> 정보통신
A47: 2 | B47: معدات المعلومات والاتصالات | C47: -0.41209481 | D47: -0.32382417 | E47: -0.81545224 | F47: -3.7158258 | G47: 0.66371239 | H47: 0.28458398 | I47: 0.68642024 | J47: -3.5725095 | K47: -0.092921327 | L47: -0.29901616 | M47: 0.0017363633 | N47: -0.11565707 | O47: -0.15075123 | P47: -1.181104 | Q47: Information and communication equipment | R47: =VLOOKUP(Q47,'3.1'!Q:R,2,0) -> 정보통신 기기
A48: 2 | B48: المعلومات والاتصالات | C48: -0.018158843 | D48: -0.01207916 | E48: -0.0084473958 | F48: -0.0060273224 | G48: 0.0025318709 | H48: -0.056594011 | I48: -0.0049638555 | J48: -0.0069876547 | K48: -0.013783899 | L48: 0 | M48: -0.055065504 | N48: -0.0023108896 | O48: 0 | P48: -0.046373163 | Q48: INFORMATION AND COMMUNICATION | R48: =VLOOKUP(Q48,'3.1'!Q:R,2,0) -> 정보통신
A49: 1 | B49: الترفيه والرياضة والثقافة | C49: -0.28101201 | D49: 0.12442515 | E49: -0.087551323 | F49: -1.7758261 | G49: -0.27996422 | H49: -0.31867801 | I49: -2.6481785 | J49: 0.16894217 | K49: 0.13846357 | L49: -1.8014995 | M49: -1.0389074 | N49: 1.6367959 | O49: 0.075505671 | P49: -0.031111963 | Q49: RECREATION, SPORT AND CULTURE | R49: =VLOOKUP(Q49,'3.1'!Q:R,2,0) -> 오락, 스포츠 및 문화
A50: 2 | B50: السلع الترفيهية المعمرة | C50: 0.56556791 | D50: 0 | E50: 0.67552498 | F50: 2.1040629 | G50: 0.1582117 | H50: 1.0746568 | I50: 0.00074061271 | J50: 1.2401933 | K50: 0.2678921 | L50: 0 | M50: 0 | N50: 0 | O50: 6.1175315 | P50: -0.17736411 | Q50: RECREATIONAL DURABLES | R50: =VLOOKUP(Q50,'3.1'!Q:R,2,0) -> 오락용 내구재
A51: 2 | B51: السلع الترفيهية الأخرى | C51: -0.4171688 | D51: 0 | E51: -0.45022006 | F51: -1.8390029 | G51: -0.059497193 | H51: -0.63131377 | I51: -2.5367809 | J51: -0.52261416 | K51: -0.092118007 | L51: 0.017842279 | M51: 0.29643017 | N51: -1.1480548 | O51: -0.0027436721 | P51: -1.1634143 | Q51: OTHER RECREATIONAL GOODS | R51: =VLOOKUP(Q51,'3.1'!Q:R,2,0) -> 기타 오락용품
... A53: 2 | B53: الخدمات الترفيهية | C53: 0.053537171 | D53: -0.25082323 | E53: 0.7597734 | F53: -0.42040526 | G53: 0.54365329 | H53: 0.39014557 | I53: -0.92530746 | J53: 0.27171774 | K53: 3.0799834 | L53: -0.038145389 | M53: -0.66364863 | N53: -0.69914528 | O53: 2.343411 | P53: -0.52722862 | Q53: RECREATIONAL SERVICES | R53: =VLOOKUP(Q53,'3.1'!Q:R,2,0) -> 오락 서비스
A54: 2 | B54: السلع الثقافية | C54: -0.15436323 | D54: 0 | E54: 0 | F54: 0 | G54: 0 | H54: -0.2736347 | I54: 0 | J54: 0 | K54: -2.7366252 | L54: 0 | M54: 0 | N54: - | O54: 0 | P54: 0 | Q54: CULTURAL GOODS | R54: =VLOOKUP(Q54,'3.1'!Q:R,2,0) -> 악기, 음반 및 비디오물
A55: 2 | B55: الخدمات الثقافية | C55: -0.5795309 | D55: 0.068028666 | E55: -0.48739866 | F55: -0.98495721 | G55: 0 | H55: -1.9168325 | I55: -4.2495136 | J55: 2.0852744 | K55: 0 | L55: 0 | M55: 0 | N55: -0.59112054 | O55: -9.650904 | P55: -4.6333363 | Q55: Cultural services | R55: =VLOOKUP(Q55,'3.1'!Q:R,2,0) -> 문화 서비스
A56: 2 | B56: الصحف والكتب والقرطاسية | C56: -0.038755955 | D56: 0 | E56: 0.013978619 | F56: 0 | G56: 0.016522617 | H56: -0.09549548 | I56: 0.35836188 | J56: -0.5706399 | K56: 0 | L56: 0 | M56: 0 | N56: 0 | O56: 0 | P56: -1.3470532 | Q56: NEWSPAPERS, BOOKS AND STATIONERY | R56: =VLOOKUP(Q56,'3.1'!Q:R,2,0) -> 서적, 신문 및 문구용품
A57: 2 | B57: عروض العطلات | C57: -0.53393572 | D57: 0 | E57: -0.20272055 | F57: -3.5099112 | G57: -0.74280697 | H57: -0.29238954 | I57: -5.4427062 | J57: 3.2675114 | K57: -0.34919999 | L57: -7.2985449 | M57: -1.9233591 | N57: 4.6706631 | O57: 0 | P57: 3.2416921 | Q57: PACKAGE HOLIDAYS | R57: =VLOOKUP(Q57,'3.1'!Q:R,2,0) -> 단체여행
A58: 1 | B58: خدمات التعليم | C58: 0.34068206 | D58: 0.51348263 | E58: 0.015075506 | F58: -0.84593246 | G58: 0 | H58: 0.18377442 | I58: -0.28977546 | J58: -0.012357163 | K58: 0 | L58: -0.044650137 | M58: 0 | N58: -0.12215126 | O58: -1.1827573 | P58: 0.00077990633 | Q58: EDUCATION SERVICES | R58: =VLOOKUP(Q58,'3.1'!Q:R,2,0) -> 교육서비스
A59: 2 | B59: الطفولة المبكرة والتعليم الابتدائي | C59: 0 | D59: 0 | E59: 0 | F59: 0 | G59: 0 | H59: 0 | I59: 0 | J59: 0 | K59: 0 | L59: 0 | M59: 0 | N59: 0 | O59: 0 | P59: 0 | Q59: EARLY CHILDHOOD AND PRIMARY EDUCATION | R59: =VLOOKUP(Q59,'3.1'!Q:R,2,0) -> 유치원 및 초등교육
A60: 2 | B60: التعليم الثانوي | C60: 0 | D60: 0 | E60: 0 | F60: 0 | G60: 0 | H60: 0 | I60: 0 | J60: 0 | K60: 0 | L60: 0 | M60: 0 | N60: 0 | O60: 0 | P60: 0 | Q60: SECONDARY EDUCATION | R60: =VLOOKUP(Q60,'3.1'!Q:R,2,0) -> 중등교육
A61: 2 | B61: التعليم ما بعد الثانوي غير العالي | C61: -0.60815348 | D61: 0 | E61: -1.0797943 | F61: -8.0276277 | G61: 0 | H61: -0.084397673 | I61: -0.084858447 | J61: -5.9731212 | K61: 0 | L61: 0 | M61: 0 | N61: -2.3059905 | O61: -0.088041198 | P61: 0.016806719 | Q61: POST-SECONDARY NON-TERTIARY EDUCATION | R61: =VLOOKUP(Q61,'3.1'!Q:R,2,0) -> 중등교육 후 비학위 과정
A62: 2 | B62: التعليم العالي | C62: 2.0473516 | D62: 3.3946308 | E62: 0 | F62: 0 | G62: 0 | H62: -0.27556203 | I62: 0 | J62: 0 | K62: 0 | L62: 0 | M62: 0 | N62: 0 | O62: 0 | P62: 0 | Q62: TERTIARY EDUCATION | R62: =VLOOKUP(Q62,'3.1'!Q:R,2,0) -> 고등교육
A63: 2 | B63: التعليم غير محدد حسب المستوى | C63: 0.32515019 | D63: 0.040363673 | E63: 0.23871911 | F63: -2.9772504 | G63: 0 | H63: 2.0231353 | I63: -1.1524566 | J63: 0.081868948 | K63: 0 | L63: -0.12034587 | M63: 0 | N63: 0.032662512 | O63: -2.7380544 | P63: 0 | Q63: EDUCATION NOT DEFINED BY LEVEL | R63: =VLOOKUP(Q63,'3.1'!Q:R,2,0) -> 기타 교육
A64: 1 | B64: المطاعم وخدمات الإقامة | C64: -0.92028748 | D64: 0.41923255 | E64: -3.0362961 | F64: -4.0248785 | G64: -0.029968596 | H64: -0.13839574 | I64: -5.3069333 | J64: -2.012397 | K64: -0.19142959 | L64: -0.033255997 | M64: -0.10044868 | N64: 0.3653135 | O64: -0.92375385 | P64: -0.21730645 | Q64: RESTAURANTS AND ACCOMMODATION SERVICES | R64: =VLOOKUP(Q64,'3.1'!Q:R,2,0) -> 음식점 및 숙박 서비스
A65: 2 | B65: خدمات تقديم الأطعمة والمشروبات | C65: -0.13273532 | D65: 0.099723014 | E65: -0.17683368 | F65: -0.18189658 | G65: -0.035811901 | H65: -0.53604931 | I65: -0.2250317 | J65: -0.016442074 | K65: -0.28498008 | L65: -0.051895571 | M65: 0.047053631 | N65: 0.55353231 | O65: 0 | P65: -0.27211318 | Q65: FOOD AND BEVERAGE SERVING SERVICES | R65: =VLOOKUP(Q65,'3.1'!Q:R,2,0) -> 음식 및 음료 서비스
A66: 2 | B66: خدمات الإقامة | C66: -1.6657115 | D66: 0.60173155 | E66: -7.2879984 | F66: -8.6097904 | G66: -0.023463706 | H66: 0.27803154 | I66: -10.301929 | J66: -7.0041833 | K66: 0.083896125 | L66: 0 | M66: -0.40148472 | N66: 0 | O66: -2.4324698 | P66: -0.10125323 | Q66: ACCOMMODATION SERVICES | R66: =VLOOKUP(Q66,'3.1'!Q:R,2,0) -> 숙박 서비스
... A74: 2 | B74: خدمات أخرى | C74: -0.045227725 | D74: 0 | E74: -0.3436116 | F74: 0.078310464 | G74: 0.11279959 | H74: 0.034055184 | I74: -0.0559919 | J74: 0.082081441 | K74: 0 | L74: 0 | M74: 0 | N74: 0 | O74: 0.011561968 | P74: 0 | Q74: OTHER SERVICES | R74: =VLOOKUP(Q74,'3.1'!Q:R,2,0) -> 기타 서비스
A75: تشير إلى عدم وجود أهمية نسبية ( وزن ) للبند ضمن بنود السلة في المنطقة(-) | Q75: (-) indicates that there is no relative importance (weight) of the item within the basket items in the region. | R75: =VLOOKUP(Q75,'3.1'!Q:R,2,0) -> (-)는 해당 지역의 품목표 내에서 품목의 가중치가 없음을 말합니다.

Sheet 4.1 
A6: سلسلة الأرقام القياسية حسب المنطقة، 2013-2025
A7: Regional Index Series, 2013-2025
A8: 2023=100
A9: 지역별 지수 시계열
A10: العام Year | B10: الشهر Month | E10: الأرقام القياسية Index Numbers 지수
E12: جميع المناطق | F12: الرياض | G12: مكة المكرمة | H12: المدينة المنورة | I12: القصيم | J12: المنطقة الشرقية | K12: عسير | L12: تبوك | M12: حائل | N12: الحدود الشمالية | O12: جازان | P12: نجران | Q12: الباحة | R12: الجوف
E13: All Regions | F13: Riyadh | G13: Makkah | H13: Madinah | I13: Al Qassim | J13: Eastern Province | K13: Aseer | L13: Tabouk | M13: Hail | N13: Northern Borders | O13: Jazan | P13: Najran | Q13: Al Baha | R13: Al Jouf
A14: 2013 | B14: 1 | C14: يناير | D14: January | E14: 84.634418 | F14: 80.110218 | G14: 83.646077 | H14: 78.794651 | I14: 88.658075 | J14: 93.442479 | K14: 82.717422 | L14: 92.409967 | M14: 96.89451 | N14: 99.099126 | O14: 95.696058 | P14: 88.340413 | Q14: 73.011806 | R14: 95.977523
A15: 2013 | B15: 2 | C15: فبراير | D15: February | E15: 84.443173 | F15: 79.732854 | G15: 83.605146 | H15: 78.771021 | I15: 88.719925 | J15: 93.156739 | K15: 82.486617 | L15: 92.377845 | M15: 96.581364 | N15: 99.272168 | O15: 95.719322 | P15: 88.368054 | Q15: 72.902467 | R15: 95.884147
A16: 2013 | B16: 3 | C16: مارس | D16: March | E16: 84.431757 | F16: 79.799059 | G16: 83.454791 | H16: 78.82326 | I16: 88.713943 | J16: 93.233656 | K16: 82.563678 | L16: 92.40726 | M16: 96.622121 | N16: 99.45359 | O16: 95.50552 | P16: 88.363446 | Q16: 72.890787 | R16: 96.146383
A17: 2013 | B17: 4 | C17: أبريل | D17: April | E17: 84.453142 | F17: 79.610267 | G17: 83.608676 | H17: 78.791609 | I17: 88.976172 | J17: 93.359886 | K17: 82.684521 | L17: 92.486815 | M17: 96.567756 | N17: 99.519249 | O17: 95.908157 | P17: 88.435793 | Q17: 73.035639 | R17: 96.229391
A18: 2013 | B18: 5 | C18: مايو | D18: May | E18: 84.442363 | F18: 79.708385 | G18: 83.52288 | H18: 78.968344 | I18: 89.163877 | J18: 93.224254 | K18: 82.668813 | L18: 92.183055 | M18: 96.601857 | N18: 99.533478 | O18: 95.484122 | P18: 88.379331 | Q18: 73.196104 | R18: 95.818113
A19: 2013 | B19: 6 | C19: يونيو | D19: June | E19: 84.459072 | F19: 79.632169 | G19: 83.483271 | H19: 78.889904 | I19: 89.077252 | J19: 93.708508 | K19: 82.666936 | L19: 92.225898 | M19: 96.568112 | N19: 99.365144 | O19: 95.997972 | P19: 88.410035 | Q19: 73.262623 | R19: 95.94828
A20: 2013 | B20: 7 | C20: يوليو | D20: July | E20: 84.837576 | F20: 80.151183 | G20: 83.612714 | H20: 79.399764 | I20: 89.403294 | J20: 94.310659 | K20: 83.155214 | L20: 92.703146 | M20: 97.491374 | N20: 100.96062 | O20: 96.309593 | P20: 87.922408 | Q20: 73.403663 | R20: 96.051102
A21: 2013 | B21: 8 | C21: أغسطس | D21: August | E21: 84.78926 | F21: 79.884826 | G21: 83.894564 | H21: 79.401789 | I21: 89.663323 | J21: 93.657319 | K21: 83.128282 | L21: 92.518295 | M21: 97.177198 | N21: 102.65569 | O21: 96.750597 | P21: 88.000088 | Q21: 73.528873 | R21: 96.213707
A22: 2013 | B22: 9 | C22: سبتمبر | D22: September | E22: 84.896242 | F22: 79.915255 | G22: 83.900788 | H22: 79.781417 | I22: 89.941526 | J22: 93.722716 | K22: 83.200602 | L22: 92.424903 | M22: 97.015467 | N22: 101.93959 | O22: 96.459829 | P22: 88.105881 | Q22: 78.031643 | R22: 96.319403
A23: 2013 | B23: 10 | C23: أكتوبر | D23: October | E23: 85.000363 | F23: 79.832818 | G23: 84.163604 | H23: 79.615191 | I23: 89.697226 | J23: 94.199991 | K23: 83.152054 | L23: 92.685285 | M23: 97.621828 | N23: 100.16377 | O23: 97.017352 | P23: 88.076373 | Q23: 78.33487 | R23: 96.282311
A24: 2013 | B24: 11 | C24: نوفمبر | D24: November | E24: 85.157632 | F24: 79.930895 | G24: 84.464738 | H24: 79.714744 | I24: 89.582128 | J24: 94.186845 | K24: 83.55623 | L24: 92.825583 | M24: 97.739515 | N24: 100.82182 | O24: 97.030294 | P24: 88.127954 | Q24: 78.433463 | R24: 96.324914
A25: 2013 | B25: 12 | C25: ديسمبر | D25: December | E25: 85.248623 | F25: 80.168783 | G25: 84.432892 | H25: 79.565727 | I25: 89.495252 | J25: 94.369648 | K25: 83.675385 | L25: 92.63899 | M25: 97.700543 | N25: 100.22665 | O25: 97.145014 | P25: 88.269031 | Q25: 78.640075 | R25: 96.559478
... A166: 2025 | B166: 9 | C166: سبتمبر | D166: September | E166: 103.83057 | F166: 105.87273 | G166: 101.51439 | H166: 105.92056 | I166: 108.69329 | J166: 102.40139 | K166: 101.15857 | L166: 101.19294 | M166: 103.56705 | N166: 102.43962 | O166: 103.42542 | P166: 106.49181 | Q166: 102.63515 | R166: 102.04472

Sheet 4.2 
A5: سلسلة معدل التغيّر السنوي حسب المنطقة، 2014-2025
A6: Regional Annual Rate Of Change Series, 2014-2025
A7: 2023=100
A8: 지역별 전년동월대비 백분율 변화 시계열
A9: العام | B9: الشهر | E9: جميع المناطق | F9: الرياض | G9: مكة المكرمة | H9: المدينة المنورة | I9: القصيم | J9: المنطقة الشرقية | K9: عسير | L9: تبوك | M9: حائل | N9: الحدود الشمالية | O9: جازان | P9: نجران | Q9: الباحة | R9: الجوف
E10: All Regions | F10: Riyadh | G10: Makkah | H10: Madinah | I10: Al Qassim | J10: Eastern Province | K10: Aseer | L10: Tabouk | M10: Hail | N10: Northern Borders | O10: Jazan | P10: Najran | Q10: Al Baha | R10: Al Jouf
E11: معدل التغيّر (%)
A12: Year | B12: Month | E12: Rate of Change (%) 전년동월대비 백분율 변화
A13: 2014 | B13: 1 | C13: يناير | D13: January | E13: 1.1213042 | F13: 0.25460318 | G13: 1.4218823 | H13: 1.3174246 | I13: 0.93936142 | J13: 2.3266374 | K13: 1.400063 | L13: 0.16549275 | M13: 1.2452443 | N13: 1.7579558 | O13: 1.4021031 | P13: -0.098099362 | Q13: 7.9527949 | R13: 0.714599
A14: 2014 | B14: 2 | C14: فبراير | D14: February | E14: 1.5094513 | F14: 0.93486274 | G14: 1.7663357 | H14: 1.7039946 | I14: 0.64143097 | J14: 2.5274669 | K14: 1.6436396 | L14: 0.39714109 | M14: 1.250282 | N14: 2.6362901 | O14: 0.94006056 | P14: 0.074059065 | Q14: 8.4458929 | R14: 0.6873759
A15: 2014 | B15: 3 | C15: مارس | D15: March | E15: 1.5497379 | F15: 0.79818306 | G15: 2.18941 | H15: 1.931274 | I15: 0.65733559 | J15: 2.5461465 | K15: 1.6766712 | L15: 0.29695719 | M15: 1.2875288 | N15: 3.3845556 | O15: 1.5339282 | P15: 0.098273437 | Q15: 2.9513273 | R15: 0.36734382
A16: 2014 | B16: 4 | C16: أبريل | D16: April | E16: 1.976139 | F16: 1.1654428 | G16: 2.5897601 | H16: 2.2503244 | I16: 0.60881588 | J16: 2.8818761 | K16: 1.6993516 | L16: 0.78597537 | M16: 1.4054207 | N16: 5.5153955 | O16: 1.5319426 | P16: 0.22121319 | Q16: 9.473503 | R16: 0.82379331
A17: 2014 | B17: 5 | C17: مايو | D17: May | E17: 2.0059137 | F17: 0.9492187 | G17: 2.9856035 | H17: 2.3531803 | I17: 0.41587467 | J17: 3.1059862 | K17: 2.4627848 | L17: 1.1844977 | M17: 1.3154346 | N17: 5.6615731 | O17: 1.4473309 | P17: 0.14973914 | Q17: 3.0533932 | R17: 1.6617441
A18: 2014 | B18: 6 | C18: يونيو | D18: June | E18: 2.0607057 | F18: 0.81009055 | G18: 3.0107283 | H18: 2.6862804 | I18: 0.8015749 | J18: 3.1096102 | K18: 2.5533954 | L18: 0.79222932 | M18: 1.5435094 | N18: 6.0032565 | O18: 0.90480307 | P18: 0.10325487 | Q18: 9.2280697 | R18: 1.6769966
A19: 2014 | B19: 7 | C19: يوليو | D19: July | E19: 1.9097072 | F19: 0.51186039 | G19: 3.2789195 | H19: 2.693532 | I19: 0.88995392 | J19: 2.3718938 | K19: 2.14963 | L19: -0.46473418 | M19: 0.86643148 | N19: 4.9332567 | O19: 1.0716 | P19: 0.73302107 | Q19: 9.3452995 | R19: 1.5952185
A20: 2014 | B20: 8 | C20: أغسطس | D20: August | E20: 2.0802233 | F20: 0.50551658 | G20: 3.071227 | H20: 3.2482861 | I20: 0.76633431 | J20: 4.029562 | K20: 2.435361 | L20: 0.0084838106 | M20: 0.89089973 | N20: 4.2090133 | O20: 1.5515326 | P20: 0.81287576 | Q20: 9.5016213 | R20: 1.5443515
A21: 2014 | B21: 9 | C21: سبتمبر | D21: September | E21: 2.0092073 | F21: 0.34878961 | G21: 3.3146063 | H21: 2.7779712 | I21: 0.74753051 | J21: 3.753675 | K21: 2.5912999 | L21: 0.28077265 | M21: 1.6424221 | N21: 4.9702037 | O21: 1.8121932 | P21: 0.91488349 | Q21: 3.5210127 | R21: 1.6385091
A22: 2014 | B22: 10 | C22: أكتوبر | D22: October | E22: 1.9624809 | F22: 0.61736419 | G22: 3.1136089 | H22: 3.8763101 | I22: 1.1605989 | J22: 3.2654554 | K22: 2.6367791 | L22: 0.95241487 | M22: 0.98821152 | N22: 6.6940157 | O22: 1.3115037 | P22: 0.99871799 | Q22: -3.2530647 | R22: 1.7471566
A23: 2014 | B23: 11 | C23: نوفمبر | D23: November | E23: 1.9556189 | F23: 0.63816303 | G23: 2.712147 | H23: 4.1502149 | I23: 1.1835126 | J23: 3.1199878 | K23: 3.0206964 | L23: 0.74455913 | M23: 0.96065043 | N23: 5.8858485 | O23: 2.4280941 | P23: 0.87743243 | Q23: 2.8089371 | R23: 1.8524717
A24: 2014 | B24: 12 | C24: ديسمبر | D24: December | E24: 1.8788636 | F24: 0.35190526 | G24: 2.7135289 | H24: 4.2666594 | I24: 1.1879435 | J24: 3.2460452 | K24: 2.8941475 | L24: 0.70512783 | M24: 0.88889784 | N24: 5.3128024 | O24: 3.3078299 | P24: 0.73656708 | Q24: 2.563591 | R24: 1.5942872
... A153: 2025 | B153: 9 | C153: سبتمبر | D153: September | E153: 2.178564 | F153: 3.402596 | G153: 1.5626264 | H153: 2.872873 | I153: 1.2370025 | J153: 1.1024564 | K153: 0.93756856 | L153: 1.4410754 | M153: 0.75041711 | N153: 1.232088 | O153: 2.1800976 | P153: 4.7304002 | Q153: 2.0822379 | R153: 0.46533398

Sheet 4.3 
A6: سلسلة معدل التغيّرالشهري حسب المنطقة، 2013-2025
A7: Regional Monthly Rate Of Change Series, 2013-2025
A8: 2023=100
A9: 지역별 전월대비 백분율 변화 시계열
A10: العام | B10: الشهر | E10: جميع المناطق | F10: الرياض | G10: مكة المكرمة | H10: المدينة المنورة | I10: القصيم | J10: المنطقة الشرقية | K10: عسير | L10: تبوك | M10: حائل | N10: الحدود الشمالية | O10: جازان | P10: نجران | Q10: الباحة | R10: الجوف
E11: All Regions | F11: Riyadh | G11: Makkah | H11: Madinah | I11: Al Qassim | J11: Eastern Province | K11: Aseer | L11: Tabouk | M11: Hail | N11: Northern Borders | O11: Jazan | P11: Najran | Q11: Al Baha | R11: Al Jouf
E12: معدل التغيّر (%)
A13: Year | C13: Month | E13: Rate of Change (%) 전월대비 백분율 변화
A14: 2013 | B14: 2 | C14: فبراير | D14: February | E14: -0.22596683 | F14: -0.47105592 | G14: -0.048933355 | H14: -0.029990235 | I14: 0.069762369 | J14: -0.30579232 | K14: -0.27902854 | L14: -0.03475994 | M14: -0.32318244 | N14: 0.17461583 | O14: 0.024310062 | P14: 0.031288648 | Q14: -0.14975472 | R14: -0.097289225
A15: 2013 | B15: 3 | C15: مارس | D15: March | E15: -0.013519211 | F15: 0.083033418 | G15: -0.1798394 | H15: 0.066318049 | I15: -0.0067422587 | J15: 0.082566743 | K15: 0.093423408 | L15: 0.031842128 | M15: 0.042199316 | N15: 0.18275197 | O15: -0.22336348 | P15: -0.0052146041 | Q15: -0.016021334 | R15: 0.27349248
A16: 2013 | B16: 4 | C16: أبريل | D16: April | E16: 0.025328988 | F16: -0.23658326 | G16: 0.18439398 | H16: -0.040154424 | I16: 0.29559004 | J16: 0.13539185 | K16: 0.14636256 | L16: 0.086091425 | M16: -0.056265104 | N16: 0.066019409 | O16: 0.4215855 | P16: 0.081874927 | Q16: 0.19872451 | R16: 0.086334139
A17: 2013 | B17: 5 | C17: مايو | D17: May | E17: -0.012763493 | F17: 0.12324725 | G17: -0.10261706 | H17: 0.22430711 | I17: 0.21096096 | J17: -0.14527912 | K17: -0.018997023 | L17: -0.32843611 | M17: 0.035312464 | N17: 0.014297797 | O17: -0.44212631 | P17: -0.06384598 | Q17: 0.21970799 | R17: -0.42739245
A18: 2013 | B18: 6 | C18: يونيو | D18: June | E18: 0.019787741 | F18: -0.095618206 | G18: -0.047422845 | H18: -0.09933138 | I18: -0.097153068 | J18: 0.51945018 | K18: -0.002270775 | L18: 0.046476658 | M18: -0.034931753 | N18: -0.16912301 | O18: 0.53815163 | P18: 0.034741119 | Q18: 0.090877408 | R18: 0.13584813
A19: 2013 | B19: 7 | C19: يوليو | D19: July | E19: 0.44814992 | F19: 0.65176349 | G19: 0.15505314 | H19: 0.64629382 | I19: 0.36602115 | J19: 0.64257964 | K19: 0.59065681 | L19: 0.5174771 | M19: 0.95607391 | N19: 1.6056659 | O19: 0.32461201 | P19: -0.55155125 | Q19: 0.19251329 | R19: 0.10716315
A20: 2013 | B20: 8 | C20: أغسطس | D20: August | E20: -0.05695088 | F20: -0.33231817 | G20: 0.33708929 | H20: 0.0025495077 | I20: 0.29085051 | J20: -0.69275319 | K20: -0.032387804 | L20: -0.19940086 | M20: -0.32226128 | N20: 1.6789453 | O20: 0.45790252 | P20: 0.08835107 | Q20: 0.17057687 | R20: 0.16929008
A21: 2013 | B21: 9 | C21: سبتمبر | D21: September | E21: 0.1261744 | F21: 0.038092097 | G21: 0.007419077 | H21: 0.47811119 | I21: 0.3102747 | J21: 0.069825074 | K21: 0.086998449 | L21: -0.10094491 | M21: -0.16642859 | N21: -0.69757243 | O21: -0.30053319 | P21: 0.12021872 | Q21: 6.1238117 | R21: 0.10985591
A22: 2013 | B22: 10 | C22: أكتوبر | D22: October | E22: 0.12264454 | F22: -0.10315646 | G22: 0.31324699 | H22: -0.2083527 | I22: -0.27162053 | J22: 0.50924152 | K22: -0.058350497 | L22: 0.28172289 | M22: 0.62501447 | N22: -1.7420375 | O22: 0.57798422 | P22: -0.033491452 | Q22: 0.38859473 | R22: -0.03850946
A23: 2013 | B23: 11 | C23: نوفمبر | D23: November | E23: 0.18502134 | F23: 0.12285389 | G23: 0.35779544 | H23: 0.12504248 | I23: -0.12831854 | J23: -0.01395505 | K23: 0.48606904 | L23: 0.15137082 | M23: 0.12055454 | N23: 0.65698135 | O23: 0.013340363 | P23: 0.058564159 | Q23: 0.12586159 | R23: 0.044247957
A24: 2013 | B24: 12 | C24: ديسمبر | D24: December | E24: 0.10685072 | F24: 0.29761705 | G24: -0.037703566 | H24: -0.18693778 | I24: -0.096978989 | J24: 0.19408591 | K24: 0.14260438 | L24: -0.20101508 | M24: -0.039873611 | N24: -0.59031884 | O24: 0.11823128 | P24: 0.16008135 | Q24: 0.26342307 | R24: 0.2435131
A25: 2014 | B25: 1 | C25: يناير | D25: January | E25: 0.39273884 | F25: 0.18136414 | G25: 0.47674968 | H25: 0.3355525 | I25: -0.0048696267 | J25: 1.3212919 | K25: 0.23917734 | L25: -0.082137715 | M25: 0.40996768 | N25: 0.61320168 | O25: -0.11034896 | P25: -0.017309152 | Q25: 0.22661488 | R25: 0.10760195
... A165: 2025 | B165: 9 | C165: سبتمبر | D165: September | E165: -0.061956472 | F165: 0.18624775 | G165: -0.2658542 | H165: -0.26680534 | I165: 0.49735955 | J165: -0.30867191 | K165: -0.65431376 | L165: 0.060291092 | M165: 0.24198944 | N165: -0.0015655062 | O165: 0.085839599 | P165: 0.38793792 | Q165: 0.0027989202 | R165: -0.095826427

Sheet 5.1 
A3: سلسلة الأرقام القياسية حسب فئات الإنفاق ، 2013-2025
A4: Index Series by Expenditure Category, 2013-2025
A6: 지출범주별 지수 시계열
E9: 15 | F9: 2 | G9: 2 | H9: 2 | I9: 3 | J9: 4 | K9: 5 | L9: 6 | M9: 7 | N9: 8 | O9: 9 | P9: 10 | Q9: 3 | R9: 11 | S9: 12 | T9: 13 | U9: 14 | V9: 15 | W9: 16 | X9: 17 | Y9: 4 | Z9: 18 | AA9: 3 | AB9: 5 | AC9: 19 | AD9: 4 | AE9: 6 | AF9: 20 | AG9: 21 | AH9: 22 | AI9: 23 | AJ9: 7 | AK9: 24 | AL9: 5 | AM9: 8 | AN9: 25 | AO9: 9 | AP9: 26 | AQ9: 10 | AR9: 27 | AS9: 28 | AT9: 11 | AU9: 29 | AV9: 30 | AW9: 31 | AX9: 32 | AY9: 12 | AZ9: 33 | BA9: 34 | BB9: 35 | BC9: 36 | BD9: 6 | BE9: 13 | BF9: 37 | BG9: 38 | BH9: 14 | BI9: 39 | BJ9: 40 | BK9: 15 | BL9: 41 | BM9: 42 | BN9: 43 | BO9: 16 | BP9: 44 | BQ9: 17 | BR9: 45 | BS9: 46 | BT9: 18 | BU9: 47 | BV9: 48 | BW9: 7 | BX9: 19 | BY9: 49 | BZ9: 50 | CA9: 51 | CB9: 20 | CC9: 52 | CD9: 53 | CE9: 54 | CF9: 21 | CG9: 55 | CH9: 56 | CJ9: 22 | CK9: 8 | CL9: 23 | CM9: 58 | CN9: 59 | CO9: 60 | CP9: 24 | CQ9: 61 | CR9: 62 | CS9: 63 | CT9: 64 | CU9: 25 | CV9: 65 | CW9: 66 | CX9: 67 | CY9: 68 | CZ9: 26 | DA9: 69 | DB9: 70 | DC9: 9 | DD9: 27 | DE9: 71 | DF9: 72 | DG9: 73 | DH9: 74 | DI9: 75 | DJ9: 28 | DK9: 76 | DL9: 77 | DM9: 78 | DN9: 79 | DO9: 80 | DP9: 81 | DQ9: 10 | DR9: 29 | DS9: 82 | DT9: 83 | DU9: 30 | DV9: 84 | DW9: 85 | DX9: 31 | DY9: 86 | DZ9: 87 | EA9: 32 | EB9: 88 | EC9: 89 | ED9: 90 | EE9: 33 | EF9: 91 | EG9: 34 | EH9: 92 | EI9: 93 | EJ9: 94 | EK9: 95 | EL9: 35 | EM9: 96 | EN9: 97 | EO9: 98 | EP9: 36 | EQ9: 99 | ER9: 11 | ES9: 37 | ET9: 100 | EU9: 38 | EV9: 101 | EW9: 39 | EX9: 102 | EY9: 40 | EZ9: 103 | FA9: 41 | FB9: 104 | FC9: 12 | FD9: 42 | FE9: 105 | FF9: 106 | FG9: 43 | FH9: 107 | FI9: 13 | FJ9: 44 | FK9: 108 | FL9: 109 | FM9: 110 | FN9: 45 | FO9: 111 | FP9: 112 | FQ9: 14 | FR9: 46 | FS9: 113 | FT9: 114 | FU9: 115 | FV9: 47 | FW9: 116 | FX9: 117 | FY9: 48 | FZ9: 118 | GA9: 49 | GB9: 119
A10: العام | B10: الشهر | E10: الرقم القياسي العام | F10: الأغذية والمشروبات | G10: الأغذية | H10: الحبوب ومنتجات الحبوب | I10: الحيوانات الحية واللحوم وأجزاء أخرى من الحيوانات البرية المذبوحة | J10: الأسماك والمأكولات البحرية الأخرى | K10: الحليب ومنتجات الألبان الأخرى والبيض | L10: الزيوت والدهون | M10: الفواكه والمكسرات | N10: الخضروات والدرنات والموز والبقوليات المطهوة | O10: السكر والحلويات | P10: الأغذية الجاهزة والمنتجات الغذائية الأخرى غير المصنفة في موضع آخر | Q10: المشروبات | R10: عصائر الفواكه والخضروات | S10: القهوة وبدائل القهوة | T10: الشاي بأنواعه ومنتجات نباتية أخرى للنقع | U10: مشروبات الكاكاو | V10: الماء | W10: المشروبات الغازية | X10: المشروبات الأخرى | Y10: خدمات تجهيز السلع الأولية والمشروبات | Z10: خدمات تحضير السلع الأولية والمشروبات | AA10: التبغ | AB10: التبغ | AC10: التبغ | AD10: الملابس والأحذية | AE10: الملابس | AF10: مواد الملابس | AG10: الملابس | AH10: أصناف أخرى من الملابس وإكسسوارات الملابس | AI10: تنظيف وإصلاح وخياطة وتأجير الملابس | AJ10: الأحذية | AK10: الأحذية بأنواعها | AL10: السكن والمياه والكهرباء والغاز وأنواع الوقود الأخرى | AM10: الإيجارات الفعلية للسكن | AN10: الإيجارات الفعلية التي يدفعها المستأجرون للسكن الرئيسي | AO10: الإيجارات التقديرية للسكن | AP10: الإيجارات التقديرية للسكن للمالكين | AQ10: صيانة وإصلاح وأمن المسكن | AR10: معدات ومواد أمنية لصيانة وإصلاح المسكن | AS10: خدمات الصيانة والإصلاح والأمن للمسكن | AT10: إمدادات المياه والخدمات المتنوعة المتعلقة بالمسكن | AU10: إمدادات المياه | AV10: جمع النفايات | AW10: تجميع مياه الصرف الصحي | AX10: الخدمات الأخرى المتعلقة بالمسكن غير المصنفة في موضع آخر | AY10: الكهرباء والغاز وأنواع الوقود الأخرى | AZ10: الكهرباء | BA10: الغاز | BB10: الوقود السائل | BC10: الوقود الصلب | BD10: الأثاث والأجهزة المنزلية والصيانة الدورية للمنزل | BE10: الأثاث والمفروشات والسجاد | BF10: الأثاث والمفروشات والسجاد | BG10: إصلاح وتركيب واستئجار الأثاث والمفروشات والسجاد الفضفاض | BH10: المنسوجات المنزلية | BI10: المنسوجات المنزلية | BJ10: إصلاح خدمات المنسوجات المنزلية واستئجارها وخياطتها | BK10: الأجهزة المنزلية | BL10: الأجهزة المنزلية الأساسية | BM10: الأجهزة المنزلية الصغيرة | BN10: إصلاح وتركيب وتأجير الأجهزة المنزلية | BO10: الأواني الزجاجية وأدوات المائدة والأواني المنزلية | BP10: الأواني الزجاجية وأدوات المائدة والأواني المنزلية | BQ10: أدوات ومعدات المنزل والحديقة | BR10: الأدوات والمعدات الآلية | BS10: الأدوات غير الآلية والملحقات المتنوعة | BT10: السلع والخدمات للصيانة المنزلية الدورية | BU10: السلع المنزلية غير المعمرة | BV10: الخدمات المنزلية | BW10: الصحة | BX10: الأدوية والمنتجات الصحية | BY10: الأدوية | BZ10: المنتجات الطبية | CA10: المنتجات المساعدة | CB10: خدمات العيادات الخارجية | CC10: خدمات الرعاية الوقائية | CD10: خدمات العيادات الخارجية لطب الأسنان | CE10: خدمات العيادات الخارجية الأخرى | CF10: خدمات الرعاية الداخلية (التنويم) | CG10: الخدمات العلاجية والتأهيلية الداخلية | CH10: خدمات الرعاية الداخلية طويلة المدى | CI10: خدمات التصوير التشخيصي وخدمات المختبرات الطبية | CJ10: خدمات التصوير التشخيصي وخدمات المختبرات الطبية | CK10: النقل | CL10: شراء المركبات | CM10: السيارات | CN10: الدراجات النارية | CO10: الدراجات | CP10: تشغيل معدات النقل الشخصية | CQ10: قطع غيار وملحقات معدات النقل الشخصية | CR10: الوقود ومواد التشحيم لمعدات التنقل الشخصية | CS10: صيانة وإصلاح معدات التنقل الشخصية | CT10: خدمات أخرى فيما يتعلق بمعدات التنقل الشخصية | CU10: خدمات نقل الركاب | CV10: نقل الركاب بالسكك الحديدية | CW10: نقل الركاب عن طريق البر | CX10: نقل الركاب جواً | CY10: نقل الركاب عن طريق البحر والطرق المائية الداخلية | CZ10: خدمات نقل البضائع | DA10: خدمات البريد والبريد السريع | DB10: نقل البضائع الأخرى | DC10: المعلومات والاتصالات | DD10: معدات المعلومات والاتصالات | DE10: معدات الهاتف المحمول | DF10: معدات معالجة المعلومات | DG10: معدات الاستقبال والتسجيل وإعادة الصوت والرؤية | DH10: وسائط التسجيل غير المسجلة | DI10: معدات المعلومات والاتصالات الأخرى وملحقاتها | DJ10: المعلومات والاتصالات | DK10: خدمات الاتصالات الثابتة | DL10: خدمات الاتصالات المتنقلة | DM10: خدمات توفير الوصول إلى الإنترنت وخدمات التخزين الشبكي | DN10: خدمات الاتصالات المجمعة | DO10: إصلاح وتأجير معدات المعلومات والاتصالات | DP10: خدمات الاتصالات الأخرى | DQ10: الترفيه والرياضة والثقافة | DR10: السلع الترفيهية المعمرة | DS10: معدات التصوير الفوتوغرافي والسينمائي | DT10: السلع المعمرة الرئيسية للترفيه | DU10: السلع الترفيهية الأخرى | DV10: الألعاب والهوايات | DW10: معدات الرياضة والتخييم والترفيه في الهواء الطلق | DX10: منتجات الحدائق والحيوانات الأليفة | DY10: منتجات الحدائق والنباتات والزهور | DZ10: الحيوانات الأليفة ومنتجاتها | EA10: الخدمات الترفيهية | EB10: تأجير وإصلاح الألعاب | EC10: الخدمات البيطرية والخدمات الأخرى للحيوانات الأليفة | ED10: الخدمات الترفيهية والرياضية | EE10: السلع الثقافية | EF10: الآلات الموسيقية | EG10: الخدمات الثقافية | EH10: خدمات تقدمها دور السينما والمسارح وأماكن الحفلات الموسيقية | EI10: الخدمات التي تقدمها المتاحف والمكتبات والمواقع الثقافية | EJ10: خدمات التصوير الفوتوغرافي | EK10: خدمات ثقافية أخرى | EL10: الصحف والكتب والقرطاسية | EM10: الكتب | EN10: مطبوعات متنوعة | EO10: القرطاسية ولوازم الرسم | EP10: عروض العطلات | EQ10: باقة العطلات | ER10: خدمات التعليم | ES10: الطفولة المبكرة والتعليم الابتدائي | ET10: مرحلة الطفولة المبكرة والتعليم الابتدائي | EU10: التعليم الثانوي | EV10: التعليم الثانوي | EW10: التعليم ما بعد الثانوي غير العالي | EX10: التعليم ما بعد الثانوي غير العالي | EY10: التعليم العالي | EZ10: التعليم العالي | FA10: التعليم غير محدد حسب المستوى | FB10: التعليم غير محدد حسب المستوى | FC10: المطاعم وخدمات الإقامة | FD10: خدمات تقديم الأطعمة والمشروبات | FE10: المطاعم والمقاهي وما شابهها | FF10: المقاصف والكافتيريات وغرف الطعام | FG10: خدمات الإقامة | FH10: خدمات الإقامة | FI10: التأمين والخدمات المالية | FJ10: التأمين | FK10: التأمين على الحياة والحوادث | FL10: التأمين المتعلق بالصحة | FM10: التأمين المرتبط بالنقل | FN10: الخدمات المالية | FO10: الرسوم من قبل الشركات التي تتلقى الودائع | FP10: خدمات مالية أخرى | FQ10: العناية الشخصية والحماية الاجتماعية والسلع والخدمات الأخرى | FR10: العناية الشخصية | FS10: أجهزة كهربائية للعناية الشخصية | FT10: أجهزة ومنتجات أخرى للعناية الشخصية | FU10: صالونات تصفيف الشعر ومؤسسات العناية الشخصية | FV10: الأمتعة الشخصية الأخرى | FW10: المجوهرات والساعات | FX10: سلع السفر والمواد الخاصة بالأطفال الرضع وغيرها من المقتنيات الشخصية غير المصنفة في مكان آخر | FY10: الحماية الاجتماعية | FZ10: الحماية الاجتماعية | GA10: خدمات أخرى | GB10: خدمات أخرى
A11: Year | B11: Month | E11: General Index | F11: FOOD AND BEVERAGES | G11: FOOD | H11: Cereals and cereal | I11: Live animals, meat and other parts of slaughtered land animals | J11: Fish and other seafood | K11: Milk, other dairy products and eggs | L11: Oils and fats | M11: Fruits and nuts | N11: Cooked vegetables, tubers, bananas and pulses | O11: Sugar and sweets | P11: Ready-made food and other food products n.e.c. | Q11: BEVERAGES | R11: Fruit and vegetable juices | S11: Coffee and coffee substitutes | T11: Tea and herbal infusions | U11: Cocoa drinks | V11: Water | W11: Soft drinks | X11: Other beverages | Y11: SERVICES FOR PROCESSING PRIMARY GOODS FOR FOOD AND BEVERAGES | Z11: Services for processing primary goods for food and beverages | AA11: TOBACCO | AB11: TOBACCO | AC11: Tobacco | AD11: CLOTHING AND FOOTWEAR | AE11: CLOTHING | AF11: Clothing materials | AG11: Clothing | AH11: Other articles of clothing and clothing accessories | AI11: Cleaning, repair, tailoring and hire of clothing | AJ11: FOOTWEAR | AK11: Footwear of all types | AL11: HOUSING, WATER, ELECTRICITY, GAS AND OTHER FUELS | AM11: ACTUAL RENTALS FOR HOUSING | AN11: Actual rentals paid by tenants for main residence | AO11: IMPUTED RENTALS FOR HOUSING | AP11: Imputed rentals of owner-occupiers for main residence | AQ11: MAINTENANCE, REPAIR AND SECURITY OF THE DWELLING | AR11: Security equipment and materials for the maintenance and repair of the dwelling | AS11: Services for the maintenance, repair and security of the dwelling | AT11: WATER SUPPLY AND MISCELLANEOUS SERVICES RELATING TO THE DWELLING | AU11: Water supply | AV11: Refuse collection | AW11: Sewage collection | AX11: Other services relating to the dwelling n.e.c. | AY11: ELECTRICITY, GAS AND OTHER FUELS | AZ11: Electricity | BA11: Gas | BB11: Liquid fuels | BC11: Solid fuels | BD11: FURNISHINGS, HOUSEHOLD EQUIPMENT AND ROUTINE HOUSEHOLD MAINTENANCE | BE11: FURNITURE, FURNISHINGS, AND LOOSE CARPETS | BF11: Furniture, furnishings and loose carpets | BG11: Repair, installation and hire of furniture, furnishings and loose carpets | BH11: HOUSEHOLD TEXTILES | BI11: Household textiles | BJ11: Repair, hire and sewing services of household textiles | BK11: HOUSEHOLD APPLIANCES | BL11: Major household appliances | BM11: Small household appliances | BN11: Repair, installation and hire of household appliances | BO11: GLASSWARE, TABLEWARE AND HOUSEHOLD UTENSILS | BP11: Glassware, tableware and household utensils | BQ11: TOOLS AND EQUIPMENT FOR HOUSE AND GARDEN | BR11: Motorized tools and equipment | BS11: Non-motorized tools and miscellaneous accessories | BT11: GOODS AND SERVICES FOR ROUTINE HOUSEHOLD MAINTENANCE | BU11: Non-durable household goods | BV11: Domestic services and household services | BW11: HEALTH | BX11: MEDICINES AND HEALTH PRODUCTS | BY11: Medicines | BZ11: Medical products | CA11: Assistive products | CB11: OUTPATIENT CARE SERVICES | CC11: Preventive care services | CD11: Outpatient dental services | CE11: Other outpatient care services | CF11: INPATIENT CARE SERVICES | CG11: Inpatient curative and rehabilitative services | CH11: Inpatient long-term care services | CI11: Diagnostic imaging services and medical laboratory services | CJ11: Diagnostic imaging services and medical laboratory services | CK11: TRANSPORT | CL11: PURCHASE OF VEHICLES | CM11: Motor cars | CN11: Motorcycles | CO11: Bicycles | CP11: OPERATION OF PERSONAL TRANSPORT EQUIPMENT | CQ11: Parts and accessories for personal transport equipment | CR11: Fuels and lubricants for personal transport equipment | CS11: Maintenance and repair of personal transport equipment | CT11: Other services in respect of personal transport equipment | CU11: PASSENGER TRANSPORT SERVICES | CV11: Passenger transport by railway | CW11: Passenger transport by road | CX11: Passenger transport by air | CY11: Passenger transport by sea and inland waterway | CZ11: TRANSPORT SERVICES OF GOODS | DA11: Postal and courier services | DB11: Other transport of goods | DC11: INFORMATION AND COMMUNICATION | DD11: Information and communication equipment | DE11: Mobile telephone equipment | DF11: Information processing equipment | DG11: Equipment for the reception, recording and reproduction of sound and vision | DH11: Unrecorded recording media | DI11: Other information and communication equipment and accessories | DJ11: INFORMATION AND COMMUNICATION | DK11: Fixed communication services | DL11: Mobile communication services | DM11: Internet access provision services and net storage services | DN11: Bundled telecommunication services | DO11: Repair and rental of information and communication equipment | DP11: Other information and communication services | DQ11: RECREATION, SPORT AND CULTURE | DR11: RECREATIONAL DURABLES | DS11: Photographic and cinematographic equipment and optical instruments | DT11: Major durables for recreation | DU11: OTHER RECREATIONAL GOODS | DV11: Games, toys and hobbies | DW11: Equipment for sport, camping and open-air recreation | DX11: GARDEN PRODUCTS AND PETS | DY11: Garden products, plants and flowers | DZ11: Pets and products for pets | EA11: RECREATIONAL SERVICES | EB11: Hire and repair of games, toys and hobbies | EC11: Veterinary and other services for pets | ED11: Recreational and sporting services | EE11: CULTURAL GOODS | EF11: Musical instruments | EG11: Cultural services | EH11: Services provided by cinemas, theatres and concert venues | EI11: Services provided by museums, libraries, and cultural sites | EJ11: Photographic services | EK11: Other cultural services | EL11: NEWSPAPERS, BOOKS AND STATIONERY | EM11: Books | EN11: Miscellaneous printed matter | EO11: Stationery and drawing materials | EP11: PACKAGE HOLIDAYS | EQ11: Package holidays | ER11: EDUCATION SERVICES | ES11: EARLY CHILDHOOD AND PRIMARY EDUCATION | ET11: Early childhood and primary education | EU11: SECONDARY EDUCATION | EV11: Secondary education | EW11: POST-SECONDARY NON-TERTIARY EDUCATION | EX11: Post-secondary non-tertiary education | EY11: TERTIARY EDUCATION | EZ11: Tertiary education | FA11: EDUCATION NOT DEFINED BY LEVEL | FB11: Education not defined by level | FC11: RESTAURANTS AND ACCOMMODATION SERVICES | FD11: FOOD AND BEVERAGE SERVING SERVICES | FE11: Restaurants, cafés and the like | FF11: Canteens, cafeterias and refectories | FG11: ACCOMMODATION SERVICES | FH11: Accommodation services | FI11: INSURANCE AND FINANCIAL SERVICES | FJ11: INSURANCE | FK11: Life and accident insurance | FL11: Insurance connected with health | FM11: Insurance connected with transport | FN11: FINANCIAL SERVICES | FO11: Explicit charges by deposit-taking corporations | FP11: Other financial services | FQ11: PERSONAL CARE, SOCIAL PROTECTION AND MISCELLANEOUS GOODS AND SERVICES | FR11: PERSONAL CARE | FS11: Electric appliances for personal care | FT11: Other appliances, articles and products for personal care | FU11: Hairdressing salons and personal grooming establishments | FV11: OTHER PERSONAL EFFECTS | FW11: Jewellery and watches | FX11: Travel goods and child-related products and other personal effects n.e.c. | FY11: Social protection | FZ11: Social protection | GA11: OTHER SERVICES | GB11: Other services
E12: =VLOOKUP(E11,'2.1'!$J:$K,2,0) -> 일반지수 | F12: =VLOOKUP(F11,'2.1'!$J:$K,2,0) -> 식료품 및 음료 | G12: =VLOOKUP(G11,'2.1'!$J:$K,2,0) -> 식료품 | H12: =VLOOKUP(H11,'2.1'!$J:$K,2,0) -> 곡물 및 곡물제품 | I12: =VLOOKUP(I11,'2.1'!$J:$K,2,0) -> 육류 및 관련 가공품 | J12: =VLOOKUP(J11,'2.1'!$J:$K,2,0) -> 수산물 및 관련 가공품 | K12: =VLOOKUP(K11,'2.1'!$J:$K,2,0) -> 우유, 기타 유제품 및 알 | L12: =VLOOKUP(L11,'2.1'!$J:$K,2,0) -> 동식물성 유지 | ... GB12: =VLOOKUP(GB11,'2.1'!$J:$K,2,0) -> 기타 서비스
A13: 2013 | B13: 1 | C13: يناير | D13: January | E13: 84.634418 | F13: 76.355574 | G13: 76.306311 | H13: 77.785565 | I13: 76.28646 | J13: 71.818099 | K13: 68.87145 | L13: 81.225185 | M13: 92.827498 | N13: 62.897244 | O13: 77.835787 | P13: 83.546013 | Q13: 76.685777 | R13: 75.855667 | S13: 77.216573 | T13: 86.901495 | U13: - | V13: 85.412881 | W13: 60.243528 | X13: 64.422322 | Y13: 68.766069 | Z13: 68.766069 | AA13: 46.915831 | AB13: 46.915831 | AC13: 46.915831 | AD13: 112.04179 | AE13: 115.28629 | AF13: 84.949262 | AG13: 125.52635 | AH13: 87.112937 | AI13: 73.184443 | AJ13: 96.615771 | AK13: 96.604221 | AL13: 93.742545 | AM13: 100.10455 | AN13: 100.10455 | AO13: - | AP13: - | AQ13: 83.364238 | AR13: 82.943718 | AS13: - | AT13: 27.033394 | AU13: 24.014103 | AV13: 61.727916 | AW13: 75.979318 | AX13: - | AY13: 75.61688 | AZ13: 76.120255 | BA13: 74.73762 | BB13: 53.161165 | BC13: 69.947566 | BD13: 86.565057 | BE13: 90.409294 | BF13: 90.687779 | BG13: 83.835148 | BH13: 91.343923 | BI13: 90.877966 | BJ13: 99.258061 | BK13: 91.470891 | BL13: 90.462395 | BM13: 107.37638 | BN13: 83.412853 | BO13: 100.44447 | BP13: 100.44447 | BQ13: 80.765562 | BR13: 78.206412 | BS13: 81.666378 | BT13: 81.365135 | BU13: 75.206495 | BV13: 85.131394 | BW13: 86.179584 | BX13: 108.02962 | BY13: 107.05367 | BZ13: 111.66074 | CA13: 118.71387 | CB13: 78.743302 | CC13: - | CD13: 76.932966 | CE13: 83.473923 | CF13: 82.962452 | CG13: 80.950273 | CH13: - | CI13: 83.817152 | CJ13: 83.817152 | CK13: 73.361901 | CL13: 92.281696 | CM13: 92.295626 | CN13: 92.988197 | CO13: 76.369699 | CP13: 48.864492 | CQ13: 102.11951 | CR13: 26.03889 | CS13: 76.501613 | CT13: 91.204267 | CU13: 76.045307 | CV13: 88.996935 | CW13: 85.879572 | CX13: 71.915979 | CY13: 83.039998 | CZ13: 81.604137 | DA13: 95.724489 | DB13: 71.097192 | DC13: 91.007997 | DD13: 132.89609 | DE13: 152.50824 | DF13: 100.14387 | DG13: 147.48955 | DH13: - | DI13: 95.852183 | DJ13: 79.164309 | DK13: 85.634562 | DL13: 77.959835 | DM13: 86.397677 | DN13: - | DO13: 86.480581 | DP13: 85.506616 | DQ13: 72.651264 | DR13: 99.57223 | DS13: 98.10995 | DT13: 106.36763 | DU13: 104.26256 | DV13: 108.76945 | DW13: 92.088633 | DX13: 95.238829 | DY13: 92.317394 | DZ13: 82.759043 | EA13: 89.399784 | EB13: 69.33059 | EC13: - | ED13: 91.893506 | EE13: - | EF13: - | EG13: 65.582981 | EH13: - | EI13: - | EJ13: - | EK13: 65.632963 | EL13: 82.012655 | EM13: 92.77343 | EN13: 103.27869 | EO13: 80.684024 | EP13: 82.057186 | EQ13: 82.057186 | ER13: 87.331574 | ES13: 84.484106 | ET13: 84.484106 | EU13: 82.200989 | EV13: 82.200989 | EW13: 124.37867 | EX13: 124.37867 | EY13: 74.260137 | EZ13: 74.260137 | FA13: 91.890403 | FB13: 91.890403 | FC13: 72.914991 | FD13: 71.715994 | FE13: 70.140663 | FF13: 79.110309 | FG13: 79.306962 | FH13: 79.306962 | FI13: 75.435692 | FJ13: 73.160476 | FK13: 83.81954 | FL13: - | FM13: 67.376667 | FN13: 86.668926 | FO13: 87.035935 | FP13: - | FQ13: 87.461973 | FR13: 85.348615 | FS13: 108.62969 | FT13: 85.761364 | FU13: 86.079829 | FV13: 89.910541 | FW13: 83.980609 | FX13: 119.69614 | FY13: 61.82145 | FZ13: 61.82145 | GA13: 93.126823 | GB13: 93.126823
A14: 2013 | B14: 2 | C14: فبراير | D14: February | E14: 84.443173 | F14: 76.158736 | G14: 76.060337 | H14: 78.41984 | I14: 75.69569 | J14: 71.941248 | K14: 69.229259 | L14: 80.417958 | M14: 92.611212 | N14: 62.068201 | O14: 77.47658 | P14: 83.968414 | Q14: 76.949472 | R14: 76.700467 | S14: 77.431912 | T14: 87.156839 | U14: - | V14: 85.77154 | W14: 60.026658 | X14: 64.410109 | Y14: 68.704847 | Z14: 68.704847 | AA14: 46.908667 | AB14: 46.908667 | AC14: 46.908667 | AD14: 111.97849 | AE14: 115.23162 | AF14: 85.100576 | AG14: 125.30548 | AH14: 88.177447 | AI14: 73.581886 | AJ14: 96.524199 | AK14: 96.511897 | AL14: 93.773731 | AM14: 100.10455 | AN14: 100.10455 | AO14: - | AP14: - | AQ14: 83.525604 | AR14: 83.230945 | AS14: - | AT14: 27.051369 | AU14: 24.031885 | AV14: 61.727916 | AW14: 75.979318 | AX14: - | AY14: 75.789294 | AZ14: 76.120255 | BA14: 74.73762 | BB14: 53.161165 | BC14: 75.473403 | BD14: 86.625384 | BE14: 90.26539 | BF14: 90.539698 | BG14: 83.835148 | BH14: 91.81295 | BI14: 91.366034 | BJ14: 98.545927 | BK14: 91.70285 | BL14: 90.7787 | BM14: 106.98082 | BN14: 83.412853 | BO14: 100.36054 | BP14: 100.36054 | BQ14: 80.820836 | BR14: 78.206412 | BS14: 81.729884 | BT14: 81.323257 | BU14: 75.394283 | BV14: 85.00118 | BW14: 86.169388 | BX14: 107.97789 | BY14: 107.0072 | BZ14: 110.48448 | CA14: 119.3657 | CB14: 78.743302 | CC14: - | CD14: 76.932966 | CE14: 83.473923 | CF14: 82.962452 | CG14: 80.950273 | CH14: - | CI14: 83.817152 | CJ14: 83.817152 | CK14: 73.232627 | CL14: 92.165737 | CM14: 92.180819 | CN14: 92.756154 | CO14: 75.424588 | CP14: 48.770041 | CQ14: 101.17114 | CR14: 26.03889 | CS14: 76.501613 | CT14: 91.204267 | CU14: 75.635097 | CV14: 88.996935 | CW14: 85.879572 | CX14: 71.409558 | CY14: 83.039998 | CZ14: 81.604137 | DA14: 95.724489 | DB14: 71.097192 | DC14: 91.017439 | DD14: 132.94631 | DE14: 153.37313 | DF14: 99.733246 | DG14: 146.96394 | DH14: - | DI14: 95.087955 | DJ14: 79.164309 | DK14: 85.634562 | DL14: 77.959835 | DM14: 86.397677 | DN14: - | DO14: 86.480581 | DP14: 85.506616 | DQ14: 72.573402 | DR14: 99.312508 | DS14: 97.536564 | DT14: 106.2161 | DU14: 103.85803 | DV14: 108.17987 | DW14: 92.088633 | DX14: 95.238829 | DY14: 92.317394 | DZ14: 82.759043 | EA14: 89.389441 | EB14: 69.33059 | EC14: - | ED14: 91.879099 | EE14: - | EF14: - | EG14: 65.420664 | EH14: - | EI14: - | EJ14: - | EK14: 65.470522 | EL14: 82.354619 | EM14: 93.435814 | EN14: 103.27869 | EO14: 81.008611 | EP14: 82.057186 | EQ14: 82.057186 | ER14: 87.331574 | ES14: 84.484106 | ET14: 84.484106 | EU14: 82.200989 | EV14: 82.200989 | EW14: 124.37867 | EX14: 124.37867 | EY14: 74.260137 | EZ14: 74.260137 | FA14: 91.890403 | FB14: 91.890403 | FC14: 72.719119 | FD14: 71.836777 | FE14: 70.29125 | FF14: 79.110309 | FG14: 77.177552 | FH14: 77.177552 | FI14: 64.401118 | FJ14: 62.155438 | FK14: 85.011352 | FL14: - | FM14: 54.72436 | FN14: 76.572108 | FO14: 76.89636 | FP14: - | FQ14: 87.008442 | FR14: 85.529818 | FS14: 108.51129 | FT14: 85.923541 | FU14: 86.316539 | FV14: 89.865434 | FW14: 83.9843 | FX14: 118.76027 | FY14: 61.82145 | FZ14: 61.82145 | GA14: 92.32139 | GB14: 92.32139
A15: 2013 | B15: 3 | C15: مارس | D15: March | E15: 84.431757 | F15: 76.219141 | G15: 76.155078 | H15: 78.844153 | I15: 76.160487 | J15: 70.574355 | K15: 69.423968 | L15: 79.914776 | M15: 92.953608 | N15: 61.621336 | O15: 76.813967 | P15: 84.047091 | Q15: 76.686424 | R15: 76.649996 | S15: 77.661409 | T15: 87.059381 | U15: - | V15: 84.448934 | W15: 60.008341 | X15: 64.525991 | Y15: 68.70423 | Z15: 68.70423 | AA15: 46.92491 | AB15: 46.92491 | AC15: 46.92491 | AD15: 111.94805 | AE15: 115.21657 | AF15: 85.184045 | AG15: 125.22715 | AH15: 87.624577 | AI15: 73.894736 | AJ15: 96.440447 | AK15: 96.428802 | AL15: 93.784119 | AM15: 100.10455 | AN15: 100.10455 | AO15: - | AP15: - | AQ15: 83.789408 | AR15: 83.701451 | AS15: - | AT15: 27.051369 | AU15: 24.031885 | AV15: 61.727916 | AW15: 75.979318 | AX15: - | AY15: 75.786691 | AZ15: 76.120255 | BA15: 74.73762 | BB15: 53.161165 | BC15: 75.386928 | BD15: 86.870698 | BE15: 90.828948 | BF15: 91.119647 | BG15: 83.835148 | BH15: 92.683896 | BI15: 92.236462 | BJ15: 99.270178 | BK15: 91.757132 | BL15: 90.936617 | BM15: 106.13568 | BN15: 83.412853 | BO15: 100.33531 | BP15: 100.33531 | BQ15: 81.139672 | BR15: 78.206412 | BS15: 82.096314 | BT15: 81.220637 | BU15: 75.12907 | BV15: 84.958761 | BW15: 86.182102 | BX15: 108.0424 | BY15: 107.20322 | BZ15: 110.60166 | CA15: 118.19598 | CB15: 78.743302 | CC15: - | CD15: 76.932966 | CE15: 83.473923 | CF15: 82.962452 | CG15: 80.950273 | CH15: - | CI15: 83.817152 | CJ15: 83.817152 | CK15: 73.23961 | CL15: 92.194492 | CM15: 92.209333 | CN15: 92.591482 | CO15: 75.754288 | CP15: 48.786398 | CQ15: 101.33487 | CR15: 26.03889 | CS15: 76.501613 | CT15: 91.204267 | CU15: 75.431241 | CV15: 88.996935 | CW15: 85.879572 | CX15: 71.158202 | CY15: 83.039998 | CZ15: 81.604137 | DA15: 95.724489 | DB15: 71.097192 | DC15: 90.793678 | DD15: 131.75991 | DE15: 150.7973 | DF15: 99.713265 | DG15: 146.08947 | DH15: - | DI15: 94.897762 | DJ15: 79.164309 | DK15: 85.634562 | DL15: 77.959835 | DM15: 86.397677 | DN15: - | DO15: 86.480581 | DP15: 85.506616 | DQ15: 72.347981 | DR15: 99.021607 | DS15: 96.501746 | DT15: 106.20434 | DU15: 103.61163 | DV15: 107.8212 | DW15: 92.088633 | DX15: 95.238829 | DY15: 92.317394 | DZ15: 82.759043 | EA15: 89.558631 | EB15: 69.33059 | EC15: - | ED15: 92.11483 | EE15: - | EF15: - | EG15: 64.944565 | EH15: - | EI15: - | EJ15: - | EK15: 64.994061 | EL15: 82.595552 | EM15: 93.717953 | EN15: 103.27869 | EO15: 81.246006 | EP15: 82.057186 | EQ15: 82.057186 | ER15: 87.331574 | ES15: 84.484106 | ET15: 84.484106 | EU15: 82.200989 | EV15: 82.200989 | EW15: 124.37867 | EX15: 124.37867 | EY15: 74.260137 | EZ15: 74.260137 | FA15: 91.890403 | FB15: 91.890403 | FC15: 72.431867 | FD15: 71.514299 | FE15: 69.889355 | FF15: 79.110309 | FG15: 77.106389 | FH15: 77.106389 | FI15: 64.401118 | FJ15: 62.155438 | FK15: 85.011352 | FL15: - | FM15: 54.72436 | FN15: 76.572108 | FO15: 76.89636 | FP15: - | FQ15: 86.996133 | FR15: 85.478649 | FS15: 106.81165 | FT15: 85.897117 | FU15: 86.298815 | FV15: 89.873675 | FW15: 83.973584 | FX15: 119.12235 | FY15: 61.82145 | FZ15: 61.82145 | GA15: 92.308109 | GB15: 92.308109
A16: 2013 | B16: 4 | C16: أبريل | D16: April | E16: 84.453142 | F16: 76.456252 | G16: 76.395768 | H16: 79.286778 | I16: 75.843547 | J16: 70.485909 | K16: 69.588074 | L16: 80.453385 | M16: 95.528766 | N16: 62.638441 | O16: 76.369282 | P16: 84.156615 | Q16: 76.900996 | R16: 76.70487 | S16: 77.178595 | T16: 87.383439 | U16: - | V16: 85.566068 | W16: 59.995775 | X16: 64.600616 | Y16: 68.706621 | Z16: 68.706621 | AA16: 46.696948 | AB16: 46.696948 | AC16: 46.696948 | AD16: 111.79538 | AE16: 114.98798 | AF16: 85.153213 | AG16: 125.09206 | AH16: 86.580302 | AI16: 73.232197 | AJ16: 96.56167 | AK16: 96.549388 | AL16: 93.784792 | AM16: 100.10455 | AN16: 100.10455 | AO16: - | AP16: - | AQ16: 83.8905 | AR16: 83.882062 | AS16: - | AT16: 27.038688 | AU16: 24.06163 | AV16: 61.727916 | AW16: 74.747853 | AX16: - | AY16: 75.772687 | AZ16: 76.120255 | BA16: 74.754127 | BB16: 53.161165 | BC16: 74.874815 | BD16: 86.820387 | BE16: 90.520802 | BF16: 90.802527 | BG16: 83.835148 | BH16: 92.876436 | BI16: 92.416871 | BJ16: 100.11162 | BK16: 91.729037 | BL16: 90.792236 | BM16: 107.13677 | BN16: 83.412853 | BO16: 99.913596 | BP16: 99.913596 | BQ16: 81.556215 | BR16: 78.206412 | BS16: 82.575332 | BT16: 81.30688 | BU16: 75.100562 | BV16: 85.09036 | BW16: 86.353589 | BX16: 108.25106 | BY16: 107.41632 | BZ16: 111.22711 | CA16: 118.095 | CB16: 78.871667 | CC16: - | CD16: 77.018925 | CE16: 83.728754 | CF16: 83.016208 | CG16: 81.016521 | CH16: - | CI16: 85.037534 | CJ16: 85.037534 | CK16: 73.349574 | CL16: 92.21342 | CM16: 92.228833 | CN16: 93.105536 | CO16: 75.036887 | CP16: 48.855775 | CQ16: 101.74533 | CR16: 26.03889 | CS16: 76.680905 | CT16: 91.285264 | CU16: 76.432043 | CV16: 88.996935 | CW16: 91.368252 | CX16: 71.117648 | CY16: 83.039998 | CZ16: 80.907973 | DA16: 95.724489 | DB16: 70.248142 | DC16: 90.597533 | DD16: 130.72207 | DE16: 148.63028 | DF16: 99.716617 | DG16: 145.06943 | DH16: - | DI16: 94.938088 | DJ16: 79.165274 | DK16: 85.634562 | DL16: 77.959835 | DM16: 86.397677 | DN16: - | DO16: 86.633347 | DP16: 85.506616 | DQ16: 71.440529 | DR16: 98.741411 | DS16: 96.188472 | DT16: 105.91997 | DU16: 103.68344 | DV16: 107.55091 | DW16: 92.896824 | DX16: 95.894704 | DY16: 92.42292 | DZ16: 83.384635 | EA16: 89.017602 | EB16: 69.674946 | EC16: - | ED16: 91.204506 | EE16: - | EF16: - | EG16: 64.541105 | EH16: - | EI16: - | EJ16: - | EK16: 64.590294 | EL16: 82.603649 | EM16: 93.526921 | EN16: 103.27869 | EO16: 81.263432 | EP16: 79.690915 | EQ16: 79.690915 | ER16: 87.331574 | ES16: 84.484106 | ET16: 84.484106 | EU16: 82.200989 | EV16: 82.200989 | EW16: 124.37867 | EX16: 124.37867 | EY16: 74.260137 | EZ16: 74.260137 | FA16: 91.890403 | FB16: 91.890403 | FC16: 72.365138 | FD16: 71.477807 | FE16: 69.843907 | FF16: 79.110309 | FG16: 76.857839 | FH16: 76.857839 | FI16: 64.401118 | FJ16: 62.155438 | FK16: 85.011352 | FL16: - | FM16: 54.72436 | FN16: 76.572108 | FO16: 76.89636 | FP16: - | FQ16: 87.109085 | FR16: 85.408958 | FS16: 106.34858 | FT16: 85.799282 | FU16: 86.298815 | FV16: 89.862271 | FW16: 84.009893 | FX16: 118.21393 | FY16: 63.443785 | FZ16: 63.443785 | GA16: 92.451122 | GB16: 92.451122
A17: 2013 | B17: 5 | C17: مايو | D17: May | E17: 84.442363 | F17: 76.477294 | G17: 76.435958 | H17: 79.940776 | I17: 76.221867 | J17: 69.922626 | K17: 69.421347 | L17: 80.466744 | M17: 93.323627 | N17: 62.823791 | O17: 76.460769 | P17: 84.026291 | Q17: 76.741751 | R17: 76.778181 | S17: 77.141263 | T17: 87.086908 | U17: - | V17: 84.998563 | W17: 60.000651 | X17: 64.600616 | Y17: 68.706621 | Z17: 68.706621 | AA17: 46.696948 | AB17: 46.696948 | AC17: 46.696948 | AD17: 111.96472 | AE17: 115.14778 | AF17: 85.187791 | AG17: 125.16741 | AH17: 88.064949 | AI17: 73.642744 | AJ17: 96.758859 | AK17: 96.746682 | AL17: 93.784645 | AM17: 100.10455 | AN17: 100.10455 | AO17: - | AP17: - | AQ17: 83.692978 | AR17: 83.529327 | AS17: - | AT17: 27.038688 | AU17: 24.06163 | AV17: 61.727916 | AW17: 74.747853 | AX17: - | AY17: 75.833538 | AZ17: 76.120255 | BA17: 74.754127 | BB17: 53.161165 | BC17: 76.90857 | BD17: 86.977073 | BE17: 90.522229 | BF17: 90.803995 | BG17: 83.835148 | BH17: 93.938139 | BI17: 93.48831 | BJ17: 100.40688 | BK17: 91.593669 | BL17: 90.665165 | BM17: 106.84662 | BN17: 83.412853 | BO17: 99.850064 | BP17: 99.850064 | BQ17: 81.503019 | BR17: 78.206412 | BS17: 82.514139 | BT17: 81.46883 | BU17: 75.158503 | BV17: 85.294936 | BW17: 86.393039 | BX17: 108.45142 | BY17: 107.63343 | BZ17: 112.58622 | CA17: 117.38957 | CB17: 78.871667 | CC17: - | CD17: 77.018925 | CE17: 83.728754 | CF17: 83.016208 | CG17: 81.016521 | CH17: - | CI17: 85.037534 | CJ17: 85.037534 | CK17: 73.112458 | CL17: 92.014458 | CM17: 92.028612 | CN17: 92.756199 | CO17: 75.917784 | CP17: 48.811005 | CQ17: 101.29649 | CR17: 26.03889 | CS17: 76.680905 | CT17: 91.285264 | CU17: 74.776529 | CV17: 88.996935 | CW17: 91.368252 | CX17: 69.111813 | CY17: 83.039998 | CZ17: 80.907973 | DA17: 95.724489 | DB17: 70.248142 | DC17: 90.682593 | DD17: 131.16957 | DE17: 150.55848 | DF17: 99.722543 | DG17: 143.3148 | DH17: - | DI17: 93.92681 | DJ17: 79.165274 | DK17: 85.634562 | DL17: 77.959835 | DM17: 86.397677 | DN17: - | DO17: 86.633347 | DP17: 85.506616 | DQ17: 71.398899 | DR17: 91.209958 | DS17: 97.056258 | DT17: 94.736919 | DU17: 103.86148 | DV17: 107.8092 | DW17: 92.896824 | DX17: 95.894704 | DY17: 92.42292 | DZ17: 83.384635 | EA17: 88.514559 | EB17: 69.674946 | EC17: - | ED17: 90.506798 | EE17: - | EF17: - | EG17: 64.541479 | EH17: - | EI17: - | EJ17: - | EK17: 64.590668 | EL17: 82.561702 | EM17: 93.364967 | EN17: 103.27869 | EO17: 81.227427 | EP17: 79.690915 | EQ17: 79.690915 | ER17: 87.331574 | ES17: 84.484106 | ET17: 84.484106 | EU17: 82.200989 | EV17: 82.200989 | EW17: 124.37867 | EX17: 124.37867 | EY17: 74.260137 | EZ17: 74.260137 | FA17: 91.890403 | FB17: 91.890403 | FC17: 72.524892 | FD17: 71.622916 | FE17: 70.024666 | FF17: 79.110309 | FG17: 77.104068 | FH17: 77.104068 | FI17: 64.401118 | FJ17: 62.155438 | FK17: 85.011352 | FL17: - | FM17: 54.72436 | FN17: 76.572108 | FO17: 76.89636 | FP17: - | FQ17: 87.012007 | FR17: 85.1566 | FS17: 108.22791 | FT17: 85.32814 | FU17: 86.341756 | FV17: 89.907728 | FW17: 84.058563 | FX17: 118.15683 | FY17: 63.443785 | FZ17: 63.443785 | GA17: 92.321108 | GB17: 92.321108
A18: 2013 | B18: 6 | C18: يونيو | D18: June | E18: 84.459072 | F18: 76.505595 | G18: 76.46011 | H18: 80.110473 | I18: 76.309255 | J18: 71.058653 | K18: 69.274138 | L18: 80.679467 | M18: 93.233367 | N18: 62.151053 | O18: 76.139439 | P18: 84.051654 | Q18: 76.810671 | R18: 76.380244 | S18: 77.529946 | T18: 86.996449 | U18: - | V18: 85.451364 | W18: 60.006928 | X18: 64.434208 | Y18: 68.706621 | Z18: 68.706621 | AA18: 46.987615 | AB18: 46.987615 | AC18: 46.987615 | AD18: 112.39958 | AE18: 115.75897 | AF18: 84.999563 | AG18: 125.8407 | AH18: 89.447679 | AI18: 74.365779 | AJ18: 96.555648 | AK18: 96.543355 | AL18: 93.784358 | AM18: 100.10455 | AN18: 100.10455 | AO18: - | AP18: - | AQ18: 83.649961 | AR18: 83.452595 | AS18: - | AT18: 27.038688 | AU18: 24.06163 | AV18: 61.727916 | AW18: 74.747853 | AX18: - | AY18: 75.844846 | AZ18: 76.120255 | BA18: 74.754127 | BB18: 53.161165 | BC18: 77.292366 | BD18: 86.507684 | BE18: 90.074209 | BF18: 90.342979 | BG18: 83.835148 | BH18: 93.273296 | BI18: 92.785055 | BJ18: 102.07085 | BK18: 91.835234 | BL18: 91.016108 | BM18: 106.24717 | BN18: 83.412853 | BO18: 99.583561 | BP18: 99.583561 | BQ18: 81.056064 | BR18: 78.206412 | BS18: 82.000207 | BT18: 80.492901 | BU18: 75.299097 | BV18: 83.877989 | BW18: 86.413793 | BX18: 108.55693 | BY18: 107.62333 | BZ18: 114.6232 | CA18: 117.28978 | CB18: 78.871667 | CC18: - | CD18: 77.018925 | CE18: 83.728754 | CF18: 83.016208 | CG18: 81.016521 | CH18: - | CI18: 85.037534 | CJ18: 85.037534 | CK18: 73.030973 | CL18: 91.808433 | CM18: 91.822744 | CN18: 92.639465 | CO18: 75.546527 | CP18: 48.702902 | CQ18: 100.21919 | CR18: 26.03889 | CS18: 76.680905 | CT18: 91.285264 | CU18: 75.739387 | CV18: 88.996935 | CW18: 91.368252 | CX18: 70.276782 | CY18: 83.039998 | CZ18: 80.907973 | DA18: 95.724489 | DB18: 70.248142 | DC18: 90.614776 | DD18: 130.8127 | DE18: 148.90881 | DF18: 100.44415 | DG18: 143.21155 | DH18: - | DI18: 94.033753 | DJ18: 79.165274 | DK18: 85.634562 | DL18: 77.959835 | DM18: 86.397677 | DN18: - | DO18: 86.633347 | DP18: 85.506616 | DQ18: 71.517595 | DR18: 98.891835 | DS18: 96.826715 | DT18: 105.88437 | DU18: 103.69975 | DV18: 107.57456 | DW18: 92.896824 | DX18: 95.894704 | DY18: 92.42292 | DZ18: 83.384635 | EA18: 88.374688 | EB18: 69.674946 | EC18: - | ED18: 90.31305 | EE18: - | EF18: - | EG18: 64.749206 | EH18: - | EI18: - | EJ18: - | EK18: 64.798553 | EL18: 82.712134 | EM18: 93.187722 | EN18: 103.27869 | EO18: 81.392376 | EP18: 79.690915 | EQ18: 79.690915 | ER18: 87.331574 | ES18: 84.484106 | ET18: 84.484106 | EU18: 82.200989 | EV18: 82.200989 | EW18: 124.37867 | EX18: 124.37867 | EY18: 74.260137 | EZ18: 74.260137 | FA18: 91.890403 | FB18: 91.890403 | FC18: 73.132402 | FD18: 71.805391 | FE18: 70.252113 | FF18: 79.110309 | FG18: 80.319755 | FH18: 80.319755 | FI18: 64.401118 | FJ18: 62.155438 | FK18: 85.011352 | FL18: - | FM18: 54.72436 | FN18: 76.572108 | FO18: 76.89636 | FP18: - | FQ18: 86.960888 | FR18: 85.545711 | FS18: 108.47238 | FT18: 85.523074 | FU18: 87.114674 | FV18: 89.903606 | FW18: 84.053559 | FX18: 118.17318 | FY18: 63.443785 | FZ18: 63.443785 | GA18: 92.148943 | GB18: 92.148943
A19: 2013 | B19: 7 | C19: يوليو | D19: July | E19: 84.837576 | F19: 77.010867 | G19: 77.010841 | H19: 80.30311 | I19: 76.632546 | J19: 71.525203 | K19: 69.057028 | L19: 80.304536 | M19: 93.146401 | N19: 66.071532 | O19: 76.379411 | P19: 83.439466 | Q19: 76.911703 | R19: 76.418503 | S19: 78.182944 | T19: 86.875577 | U19: - | V19: 85.453273 | W19: 59.995367 | X19: 64.436734 | Y19: 68.706621 | Z19: 68.706621 | AA19: 46.749098 | AB19: 46.749098 | AC19: 46.749098 | AD19: 112.50826 | AE19: 115.98218 | AF19: 85.372828 | AG19: 125.66631 | AH19: 90.061304 | AI19: 76.340424 | AJ19: 96.258469 | AK19: 96.246187 | AL19: 94.662618 | AM19: 101.25043 | AN19: 101.25043 | AO19: - | AP19: - | AQ19: 83.519671 | AR19: 83.220377 | AS19: - | AT19: 27.091739 | AU19: 24.114208 | AV19: 61.727916 | AW19: 74.747853 | AX19: - | AY19: 75.804589 | AZ19: 76.120255 | BA19: 74.754127 | BB19: 53.161165 | BC19: 75.934454 | BD19: 86.057248 | BE19: 90.767297 | BF19: 91.056198 | BG19: 83.835148 | BH19: 92.726723 | BI19: 92.200712 | BJ19: 103.84799 | BK19: 91.925754 | BL19: 91.149853 | BM19: 106.00484 | BN19: 83.412853 | BO19: 100.0717 | BP19: 100.0717 | BQ19: 81.620681 | BR19: 78.206412 | BS19: 82.649496 | BT19: 78.547368 | BU19: 74.872327 | BV19: 81.333152 | BW19: 86.188927 | BX19: 108.6377 | BY19: 107.61205 | BZ19: 114.91236 | CA19: 118.06912 | CB19: 78.8825 | CC19: - | CD19: 77.068482 | CE19: 83.622931 | CF19: 81.706017 | CG19: 79.405051 | CH19: - | CI19: 86.186842 | CJ19: 86.186842 | CK19: 73.301595 | CL19: 92.057425 | CM19: 92.069215 | CN19: 93.205843 | CO19: 77.593297 | CP19: 48.859379 | CQ19: 98.33265 | CR19: 26.03889 | CS19: 79.142846 | CT19: 91.467717 | CU19: 76.810003 | CV19: 88.996935 | CW19: 91.594931 | CX19: 71.52675 | CY19: 82.991549 | CZ19: 81.193793 | DA19: 95.724489 | DB19: 70.596378 | DC19: 90.768946 | DD19: 131.89618 | DE19: 150.03903 | DF19: 101.05553 | DG19: 145.28128 | DH19: - | DI19: 94.341544 | DJ19: 79.103624 | DK19: 85.634562 | DL19: 77.959835 | DM19: 86.397677 | DN19: - | DO19: 86.126113 | DP19: 79.168395 | DQ19: 72.493072 | DR19: 91.191731 | DS19: 97.331554 | DT19: 94.613204 | DU19: 104.48351 | DV19: 107.6527 | DW19: 95.212202 | DX19: 96.589215 | DY19: 92.520069 | DZ19: 84.049011 | EA19: 89.074808 | EB19: 71.696075 | EC19: - | ED19: 90.381872 | EE19: - | EF19: - | EG19: 63.662824 | EH19: - | EI19: - | EJ19: - | EK19: 63.711343 | EL19: 81.919933 | EM19: 90.857812 | EN19: 103.27869 | EO19: 80.680098 | EP19: 84.878134 | EQ19: 84.878134 | ER19: 87.331574 | ES19: 84.484106 | ET19: 84.484106 | EU19: 82.200989 | EV19: 82.200989 | EW19: 124.37867 | EX19: 124.37867 | EY19: 74.260137 | EZ19: 74.260137 | FA19: 91.890403 | FB19: 91.890403 | FC19: 73.205769 | FD19: 71.713171 | FE19: 70.137144 | FF19: 79.110309 | FG19: 81.438764 | FH19: 81.438764 | FI19: 65.295072 | FJ19: 62.341287 | FK19: 86.811807 | FL19: - | FM19: 54.638109 | FN19: 83.771644 | FO19: 84.126384 | FP19: - | FQ19: 87.042029 | FR19: 85.727948 | FS19: 108.44715 | FT19: 85.789774 | FU19: 87.153855 | FV19: 89.930252 | FW19: 84.049606 | FX19: 118.75593 | FY19: 63.443785 | FZ19: 63.443785 | GA19: 92.238011 | GB19: 92.238011
A20: 2013 | B20: 8 | C20: أغسطس | D20: August | E20: 84.78926 | F20: 77.080011 | G20: 77.090235 | H20: 80.547442 | I20: 76.845955 | J20: 73.650832 | K20: 69.096567 | L20: 80.319983 | M20: 93.034533 | N20: 64.353992 | O20: 76.489483 | P20: 83.738097 | Q20: 76.887864 | R20: 76.348261 | S20: 78.049828 | T20: 86.840616 | U20: - | V20: 85.508351 | W20: 59.995367 | X20: 64.563407 | Y20: 68.706621 | Z20: 68.706621 | AA20: 47.062961 | AB20: 47.062961 | AC20: 47.062961 | AD20: 112.83073 | AE20: 116.29562 | AF20: 85.279549 | AG20: 126.10194 | AH20: 90.138399 | AI20: 76.370235 | AJ20: 96.600856 | AK20: 96.588596 | AL20: 94.365043 | AM20: 100.86402 | AN20: 100.86402 | AO20: - | AP20: - | AQ20: 83.392717 | AR20: 82.994378 | AS20: - | AT20: 27.091739 | AU20: 24.114208 | AV20: 61.727916 | AW20: 74.747853 | AX20: - | AY20: 75.84198 | AZ20: 76.120255 | BA20: 74.754127 | BB20: 53.161165 | BC20: 77.194915 | BD20: 86.783419 | BE20: 90.119082 | BF20: 90.389151 | BG20: 83.835148 | BH20: 92.241213 | BI20: 91.752872 | BJ20: 101.25983 | BK20: 91.488454 | BL20: 90.639631 | BM20: 105.96297 | BN20: 83.412853 | BO20: 100.0671 | BP20: 100.0671 | BQ20: 81.515197 | BR20: 78.206412 | BS20: 82.528146 | BT20: 81.955467 | BU20: 75.030792 | BV20: 86.026536 | BW20: 86.167253 | BX20: 108.52714 | BY20: 107.65645 | BZ20: 114.50047 | CA20: 116.75471 | CB20: 78.8825 | CC20: - | CD20: 77.068482 | CE20: 83.622931 | CF20: 81.706017 | CG20: 79.405051 | CH20: - | CI20: 86.186842 | CJ20: 86.186842 | CK20: 73.097824 | CL20: 91.856516 | CM20: 91.8662 | CN20: 95.016918 | CO20: 77.895525 | CP20: 48.869328 | CQ20: 98.429245 | CR20: 26.03889 | CS20: 79.142846 | CT20: 91.467717 | CU20: 75.281319 | CV20: 88.996935 | CW20: 91.594931 | CX20: 69.672588 | CY20: 82.991549 | CZ20: 81.193793 | DA20: 95.724489 | DB20: 70.596378 | DC20: 90.667972 | DD20: 131.36264 | DE20: 147.83048 | DF20: 101.77582 | DG20: 145.4339 | DH20: - | DI20: 95.01636 | DJ20: 79.103624 | DK20: 85.634562 | DL20: 77.959835 | DM20: 86.397677 | DN20: - | DO20: 86.126113 | DP20: 79.168395 | DQ20: 72.611399 | DR20: 98.927295 | DS20: 97.241668 | DT20: 105.77097 | DU20: 104.36085 | DV20: 107.47605 | DW20: 95.212202 | DX20: 96.589215 | DY20: 92.520069 | DZ20: 84.049011 | EA20: 89.213259 | EB20: 71.696075 | EC20: - | ED20: 90.572288 | EE20: - | EF20: - | EG20: 63.829522 | EH20: - | EI20: - | EJ20: - | EK20: 63.878168 | EL20: 82.088305 | EM20: 90.083332 | EN20: 103.27869 | EO20: 80.893094 | EP20: 84.878134 | EQ20: 84.878134 | ER20: 87.331574 | ES20: 84.484106 | ET20: 84.484106 | EU20: 82.200989 | EV20: 82.200989 | EW20: 124.37867 | EX20: 124.37867 | EY20: 74.260137 | EZ20: 74.260137 | FA20: 91.890403 | FB20: 91.890403 | FC20: 73.595873 | FD20: 71.64976 | FE20: 70.058116 | FF20: 79.110309 | FG20: 84.769817 | FH20: 84.769817 | FI20: 64.279696 | FJ20: 62.15545 | FK20: 85.011352 | FL20: - | FM20: 54.724373 | FN20: 75.418369 | FO20: 75.737736 | FP20: - | FQ20: 86.638058 | FR20: 85.925165 | FS20: 108.19168 | FT20: 85.855751 | FU20: 87.626788 | FV20: 89.875087 | FW20: 84.034623 | FX20: 117.98953 | FY20: 63.443785 | FZ20: 63.443785 | GA20: 91.522314 | GB20: 91.522314
A21: 2013 | B21: 9 | C21: سبتمبر | D21: September | E21: 84.896242 | F21: 77.616051 | G21: 77.670401 | H21: 80.668496 | I21: 77.362143 | J21: 74.078066 | K21: 69.096946 | L21: 80.095634 | M21: 93.313416 | N21: 67.127386 | O21: 76.927084 | P21: 83.723096 | Q21: 77.036696 | R21: 76.23243 | S21: 78.057271 | T21: 86.964367 | U21: - | V21: 86.213865 | W21: 59.994281 | X21: 64.582407 | Y21: 68.706621 | Z21: 68.706621 | AA21: 47.303081 | AB21: 47.303081 | AC21: 47.303081 | AD21: 112.74134 | AE21: 116.15692 | AF21: 85.208254 | AG21: 126.08366 | AH21: 89.985991 | AI21: 75.595331 | AJ21: 96.687657 | AK21: 96.675444 | AL21: 94.449469 | AM21: 100.96378 | AN21: 100.96378 | AO21: - | AP21: - | AQ21: 83.467367 | AR21: 83.127234 | AS21: - | AT21: 27.091739 | AU21: 24.114208 | AV21: 61.727916 | AW21: 74.747853 | AX21: - | AY21: 75.877372 | AZ21: 76.120255 | BA21: 74.754127 | BB21: 53.161165 | BC21: 78.406707 | BD21: 86.307977 | BE21: 90.440895 | BF21: 90.720297 | BG21: 83.835148 | BH21: 92.396352 | BI21: 91.930912 | BJ21: 100.06466 | BK21: 91.789062 | BL21: 91.001534 | BM21: 105.89174 | BN21: 83.412853 | BO21: 100.16248 | BP21: 100.16248 | BQ21: 81.278613 | BR21: 78.206412 | BS21: 82.256056 | BT21: 79.849677 | BU21: 75.398598 | BV21: 82.945609 | BW21: 86.123279 | BX21: 108.30308 | BY21: 107.71128 | BZ21: 114.23044 | CA21: 114.08854 | CB21: 78.8825 | CC21: - | CD21: 77.068482 | CE21: 83.622931 | CF21: 81.706017 | CG21: 79.405051 | CH21: - | CI21: 86.186842 | CJ21: 86.186842 | CK21: 72.767379 | CL21: 91.568689 | CM21: 91.578002 | CN21: 94.560125 | CO21: 78.021219 | CP21: 48.832324 | CQ21: 98.070355 | CR21: 26.03889 | CS21: 79.142846 | CT21: 91.467717 | CU21: 72.924742 | CV21: 88.996935 | CW21: 91.594931 | CX21: 66.836861 | CY21: 82.991549 | CZ21: 81.193793 | DA21: 95.724489 | DB21: 70.596378 | DC21: 90.556064 | DD21: 130.77315 | DE21: 147.49777 | DF21: 101.13193 | DG21: 144.42482 | DH21: - | DI21: 94.870663 | DJ21: 79.103624 | DK21: 85.634562 | DL21: 77.959835 | DM21: 86.397677 | DN21: - | DO21: 86.126113 | DP21: 79.168395 | DQ21: 72.591815 | DR21: 98.873187 | DS21: 97.332563 | DT21: 105.65597 | DU21: 103.95755 | DV21: 106.8958 | DW21: 95.212202 | DX21: 96.589215 | DY21: 92.520069 | DZ21: 84.049011 | EA21: 89.055116 | EB21: 71.696075 | EC21: - | ED21: 90.354796 | EE21: - | EF21: - | EG21: 63.780139 | EH21: - | EI21: - | EJ21: - | EK21: 63.828747 | EL21: 82.605707 | EM21: 91.057499 | EN21: 103.27869 | EO21: 81.384947 | EP21: 84.878134 | EQ21: 84.878134 | ER21: 87.331574 | ES21: 84.484106 | ET21: 84.484106 | EU21: 82.200989 | EV21: 82.200989 | EW21: 124.37867 | EX21: 124.37867 | EY21: 74.260137 | EZ21: 74.260137 | FA21: 91.890403 | FB21: 91.890403 | FC21: 73.372977 | FD21: 71.84667 | FE21: 70.303587 | FF21: 79.110309 | FG21: 81.818054 | FH21: 81.818054 | FI21: 64.279696 | FJ21: 62.15545 | FK21: 85.011352 | FL21: - | FM21: 54.724373 | FN21: 75.418369 | FO21: 75.737736 | FP21: - | FQ21: 87.469733 | FR21: 86.136761 | FS21: 107.0987 | FT21: 86.070183 | FU21: 87.90484 | FV21: 89.940271 | FW21: 84.049967 | FX21: 118.94053 | FY21: 63.443785 | FZ21: 63.443785 | GA21: 92.881671 | GB21: 92.881671
A22: 2013 | B22: 10 | C22: أكتوبر | D22: October | E22: 85.000363 | F22: 77.413433 | G22: 77.420593 | H22: 80.96515 | I22: 76.238805 | J22: 74.236604 | K22: 69.249413 | L22: 79.852225 | M22: 93.515101 | N22: 68.335739 | O22: 77.094404 | P22: 83.633321 | Q22: 77.266387 | R22: 76.300631 | S22: 78.186086 | T22: 87.210672 | U22: - | V22: 86.944932 | W22: 59.994281 | X22: 64.611305 | Y22: 68.706621 | Z22: 68.706621 | AA22: 47.104412 | AB22: 47.104412 | AC22: 47.104412 | AD22: 112.80956 | AE22: 116.15284 | AF22: 85.433433 | AG22: 125.99148 | AH22: 89.709544 | AI22: 75.886786 | AJ22: 97.007679 | AK22: 96.995631 | AL22: 94.554965 | AM22: 101.05873 | AN22: 101.05873 | AO22: - | AP22: - | AQ22: 83.356398 | AR22: 82.929773 | AS22: - | AT22: 27.315341 | AU22: 24.081301 | AV22: 61.727916 | AW22: 82.420271 | AX22: - | AY22: 75.942347 | AZ22: 76.120255 | BA22: 74.754127 | BB22: 53.161165 | BC22: 80.679569 | BD22: 86.863685 | BE22: 90.559265 | BF22: 90.842108 | BG22: 83.835148 | BH22: 94.012634 | BI22: 93.554529 | BJ22: 100.93419 | BK22: 91.641295 | BL22: 90.870636 | BM22: 105.50734 | BN22: 83.412853 | BO22: 100.1544 | BP22: 100.1544 | BQ22: 81.532745 | BR22: 78.206412 | BS22: 82.548332 | BT22: 80.954098 | BU22: 75.302792 | BV22: 84.52008 | BW22: 86.3728 | BX22: 108.24869 | BY22: 107.69422 | BZ22: 112.88302 | CA22: 114.51975 | CB22: 79.110854 | CC22: - | CD22: 77.110718 | CE22: 84.411282 | CF22: 82.307592 | CG22: 80.144122 | CH22: - | CI22: 86.206448 | CJ22: 86.206448 | CK22: 72.875471 | CL22: 91.369383 | CM22: 91.377799 | CN22: 94.544165 | CO22: 78.452357 | CP22: 49.084927 | CQ22: 98.063307 | CR22: 26.03889 | CS22: 81.02162 | CT22: 91.434826 | CU22: 74.25037 | CV22: 88.996935 | CW22: 91.817446 | CX22: 68.380959 | CY22: 82.991549 | CZ22: 80.157751 | DA22: 95.724489 | DB22: 69.336449 | DC22: 90.333744 | DD22: 129.62144 | DE22: 146.58699 | DF22: 100.91315 | DG22: 140.516 | DH22: - | DI22: 94.185385 | DJ22: 79.100464 | DK22: 85.634562 | DL22: 77.959835 | DM22: 86.397677 | DN22: - | DO22: 85.628874 | DP22: 79.168395 | DQ22: 71.792704 | DR22: 99.246102 | DS22: 96.442364 | DT22: 106.55708 | DU22: 103.92027 | DV22: 107.35062 | DW22: 94.083624 | DX22: 94.752699 | DY22: 92.64462 | DZ22: 82.253468 | EA22: 89.556945 | EB22: 73.200789 | EC22: - | ED22: 90.391035 | EE22: - | EF22: - | EG22: 64.190854 | EH22: - | EI22: - | EJ22: - | EK22: 64.239775 | EL22: 82.385149 | EM22: 90.408548 | EN22: 103.27869 | EO22: 81.186646 | EP22: 81.49171 | EQ22: 81.49171 | ER22: 92.043613 | ES22: 89.841494 | ET22: 89.841494 | EU22: 84.79427 | EV22: 84.79427 | EW22: 124.63822 | EX22: 124.63822 | EY22: 92.321228 | EZ22: 92.321228 | FA22: 91.890403 | FB22: 91.890403 | FC22: 72.846545 | FD22: 70.940833 | FE22: 70.74987 | FF22: 72.884085 | FG22: 83.770241 | FH22: 83.770241 | FI22: 64.279696 | FJ22: 62.15545 | FK22: 85.011352 | FL22: - | FM22: 54.724373 | FN22: 75.418369 | FO22: 75.737736 | FP22: - | FQ22: 87.607841 | FR22: 86.208411 | FS22: 109.94092 | FT22: 86.381396 | FU22: 87.391102 | FV22: 89.969595 | FW22: 84.107235 | FX22: 118.41181 | FY22: 67.745769 | FZ22: 67.745769 | GA22: 92.909506 | GB22: 92.909506
A23: 2013 | B23: 11 | C23: نوفمبر | D23: November | E23: 85.157632 | F23: 77.407211 | G23: 77.410251 | H23: 81.29813 | I23: 75.998231 | J23: 74.663435 | K23: 69.262633 | L23: 79.864361 | M23: 94.713193 | N23: 68.002205 | O23: 76.665342 | P23: 83.419683 | Q23: 77.298602 | R23: 76.280227 | S23: 78.498823 | T23: 86.9217 | U23: - | V23: 87.080224 | W23: 59.994281 | X23: 64.591523 | Y23: 68.706621 | Z23: 68.706621 | AA23: 48.1182 | AB23: 48.1182 | AC23: 48.1182 | AD23: 112.82879 | AE23: 116.26104 | AF23: 85.329544 | AG23: 126.25575 | AH23: 90.115653 | AI23: 75.320576 | AJ23: 96.713424 | AK23: 96.701217 | AL23: 94.926144 | AM23: 101.5442 | AN23: 101.5442 | AO23: - | AP23: - | AQ23: 83.386767 | AR23: 82.983792 | AS23: - | AT23: 27.315341 | AU23: 24.081301 | AV23: 61.727916 | AW23: 82.420271 | AX23: - | AY23: 75.915558 | AZ23: 76.120255 | BA23: 74.754127 | BB23: 53.161165 | BC23: 79.734822 | BD23: 86.900555 | BE23: 90.250657 | BF23: 90.524539 | BG23: 83.835148 | BH23: 93.505983 | BI23: 93.024659 | BJ23: 101.85657 | BK23: 92.076082 | BL23: 91.392566 | BM23: 105.42316 | BN23: 83.412853 | BO23: 99.946391 | BP23: 99.946391 | BQ23: 81.802016 | BR23: 78.206412 | BS23: 82.858155 | BT23: 81.263628 | BU23: 75.662493 | BV23: 84.816057 | BW23: 86.357087 | BX23: 108.16899 | BY23: 107.65087 | BZ23: 113.63427 | CA23: 113.59624 | CB23: 79.110854 | CC23: - | CD23: 77.110718 | CE23: 84.411282 | CF23: 82.307592 | CG23: 80.144122 | CH23: - | CI23: 86.206448 | CJ23: 86.206448 | CK23: 73.198293 | CL23: 92.098982 | CM23: 92.108292 | CN23: 95.724357 | CO23: 78.153876 | CP23: 48.989753 | CQ23: 97.149761 | CR23: 26.03889 | CS23: 81.02162 | CT23: 91.434826 | CU23: 74.307265 | CV23: 88.996935 | CW23: 91.817446 | CX23: 68.449425 | CY23: 82.991549 | CZ23: 80.157751 | DA23: 95.724489 | DB23: 69.336449 | DC23: 90.562731 | DD23: 130.82203 | DE23: 149.76482 | DF23: 101.0168 | DG23: 139.93604 | DH23: - | DI23: 93.472652 | DJ23: 79.100464 | DK23: 85.634562 | DL23: 77.959835 | DM23: 86.397677 | DN23: - | DO23: 85.628874 | DP23: 79.168395 | DQ23: 71.667361 | DR23: 99.078433 | DS23: 95.741029 | DT23: 106.59504 | DU23: 104.19006 | DV23: 107.74046 | DW23: 94.083624 | DX23: 94.752699 | DY23: 92.64462 | DZ23: 82.253468 | EA23: 88.645862 | EB23: 73.200789 | EC23: - | ED23: 89.147204 | EE23: - | EF23: - | EG23: 63.97973 | EH23: - | EI23: - | EJ23: - | EK23: 64.028491 | EL23: 82.717467 | EM23: 90.440588 | EN23: 103.27869 | EO23: 81.531502 | EP23: 81.49171 | EQ23: 81.49171 | ER23: 92.043613 | ES23: 89.841494 | ET23: 89.841494 | EU23: 84.79427 | EV23: 84.79427 | EW23: 124.63822 | EX23: 124.63822 | EY23: 92.321228 | EZ23: 92.321228 | FA23: 91.890403 | FB23: 91.890403 | FC23: 72.980502 | FD23: 71.047537 | FE23: 70.885523 | FF23: 72.884085 | FG23: 84.081752 | FH23: 84.081752 | FI23: 64.279696 | FJ23: 62.15545 | FK23: 85.011352 | FL23: - | FM23: 54.724373 | FN23: 75.418369 | FO23: 75.737736 | FP23: - | FQ23: 87.509789 | FR23: 86.033969 | FS23: 109.79106 | FT23: 85.959265 | FU23: 87.675469 | FV23: 89.93826 | FW23: 84.041845 | FX23: 119.05688 | FY23: 67.745769 | FZ23: 67.745769 | GA23: 92.791502 | GB23: 92.791502
A24: 2013 | B24: 12 | C24: ديسمبر | D24: December | E24: 85.248623 | F24: 77.170479 | G24: 77.156333 | H24: 81.115267 | I24: 76.034303 | J24: 74.901891 | K24: 69.201678 | L24: 79.814513 | M24: 93.406734 | N24: 66.727874 | O24: 76.427124 | P24: 83.217596 | Q24: 77.212082 | R24: 76.264168 | S24: 78.095583 | T24: 86.975619 | U24: - | V24: 86.977643 | W24: 59.994281 | X24: 64.598833 | Y24: 68.706621 | Z24: 68.706621 | AA24: 48.434903 | AB24: 48.434903 | AC24: 48.434903 | AD24: 112.63703 | AE24: 116.11182 | AF24: 85.43972 | AG24: 126.08991 | AH24: 89.044415 | AI24: 75.22644 | AJ24: 96.37954 | AK24: 96.367276 | AL24: 95.640425 | AM24: 102.45714 | AN24: 102.45714 | AO24: - | AP24: - | AQ24: 83.57992 | AR24: 83.327723 | AS24: - | AT24: 27.315341 | AU24: 24.081301 | AV24: 61.727916 | AW24: 82.420271 | AX24: - | AY24: 75.95273 | AZ24: 76.120255 | BA24: 74.754127 | BB24: 53.161165 | BC24: 81.04865 | BD24: 87.069715 | BE24: 90.807971 | BF24: 91.098058 | BG24: 83.835148 | BH24: 94.431021 | BI24: 93.932223 | BJ24: 103.59791 | BK24: 91.794391 | BL24: 91.017364 | BM24: 105.8066 | BN24: 83.412853 | BO24: 99.988774 | BP24: 99.988774 | BQ24: 81.481579 | BR24: 78.206412 | BS24: 82.489477 | BT24: 81.152658 | BU24: 75.356577 | BV24: 84.777058 | BW24: 86.403473 | BX24: 108.40441 | BY24: 107.74048 | BZ24: 114.66907 | CA24: 114.61384 | CB24: 79.110854 | CC24: - | CD24: 77.110718 | CE24: 84.411282 | CF24: 82.307592 | CG24: 80.144122 | CH24: - | CI24: 86.206448 | CJ24: 86.206448 | CK24: 73.090211 | CL24: 91.836281 | CM24: 91.84607 | CN24: 94.006327 | CO24: 78.383255 | CP24: 48.989082 | CQ24: 97.143341 | CR24: 26.03889 | CS24: 81.02162 | CT24: 91.434826 | CU24: 74.612622 | CV24: 88.996935 | CW24: 91.817446 | CX24: 68.817157 | CY24: 82.991549 | CZ24: 80.157751 | DA24: 95.724489 | DB24: 69.336449 | DC24: 90.31842 | DD24: 129.54138 | DE24: 148.22992 | DF24: 100.17279 | DG24: 138.14879 | DH24: - | DI24: 93.950273 | DJ24: 79.100464 | DK24: 85.634562 | DL24: 77.959835 | DM24: 86.397677 | DN24: - | DO24: 85.628874 | DP24: 79.168395 | DQ24: 71.693701 | DR24: 99.177832 | DS24: 95.845284 | DT24: 106.69864 | DU24: 104.28025 | DV24: 107.87089 | DW24: 94.083624 | DX24: 94.752699 | DY24: 92.64462 | DZ24: 82.253468 | EA24: 88.645793 | EB24: 73.200789 | EC24: - | ED24: 89.147111 | EE24: - | EF24: - | EG24: 63.954219 | EH24: - | EI24: - | EJ24: - | EK24: 64.002961 | EL24: 83.364378 | EM24: 91.385096 | EN24: 103.27869 | EO24: 82.159737 | EP24: 81.49171 | EQ24: 81.49171 | ER24: 92.043613 | ES24: 89.841494 | ET24: 89.841494 | EU24: 84.79427 | EV24: 84.79427 | EW24: 124.63822 | EX24: 124.63822 | EY24: 92.321228 | EZ24: 92.321228 | FA24: 91.890403 | FB24: 91.890403 | FC24: 72.870737 | FD24: 70.986197 | FE24: 70.807535 | FF24: 72.884085 | FG24: 83.653772 | FH24: 83.653772 | FI24: 64.279696 | FJ24: 62.15545 | FK24: 85.011352 | FL24: - | FM24: 54.724373 | FN24: 75.418369 | FO24: 75.737736 | FP24: - | FQ24: 87.571335 | FR24: 86.08888 | FS24: 109.62277 | FT24: 85.978369 | FU24: 87.810623 | FV24: 90.000233 | FW24: 84.11032 | FX24: 118.93758 | FY24: 67.745769 | FZ24: 67.745769 | GA24: 92.860469 | GB24: 92.860469
... A132: 2022 | B132: 12 | C132: ديسمبر | D132: December | E132: 99.138971 | F132: 99.545275 | G132: 99.636087 | H132: 99.478727 | I132: 99.537349 | J132: 102.20065 | K132: 96.640159 | L132: 99.75414 | M132: 103.84892 | N132: 99.786769 | O132: 97.72214 | P132: 97.895512 | Q132: 98.279156 | R132: 95.203394 | S132: 99.565928 | T132: 95.960943 | U132: - | V132: 99.878247 | W132: 99.908622 | X132: 99.339483 | Y132: 95.448093 | Z132: 95.448093 | AA132: 99.555863 | AB132: 99.555863 | AC132: 99.555863 | AD132: 102.59953 | AE132: 102.68628 | AF132: 102.29683 | AG132: 103.40588 | AH132: 101.03525 | AI132: 98.016067 | AJ132: 101.82791 | AK132: 101.83106 | AL132: 96.633032 | AM132: 95.301504 | AN132: 95.301504 | AO132: - | AP132: - | AQ132: 99.376767 | AR132: 98.856805 | AS132: - | AT132: 99.464261 | AU132: 99.506355 | AV132: 99.997216 | AW132: 99.446075 | AX132: - | AY132: 99.453474 | AZ132: 100 | BA132: 97.013891 | BB132: 93.7358 | BC132: 99.251912 | BD132: 100.32444 | BE132: 101.45496 | BF132: 101.48099 | BG132: 100.23153 | BH132: 102.19867 | BI132: 102.20805 | BJ132: 100.20504 | BK132: 102.59477 | BL132: 101.9049 | BM132: 105.50821 | BN132: 98.454621 | BO132: 101.45507 | BP132: 101.45507 | BQ132: 99.340922 | BR132: 97.437194 | BS132: 99.851959 | BT132: 99.107077 | BU132: 98.979966 | BV132: 99.160321 | BW132: 99.024569 | BX132: 99.599598 | BY132: 99.430371 | BZ132: 98.444525 | CA132: 103.14834 | CB132: 99.386283 | CC132: - | CD132: 99.153659 | CE132: 99.415944 | CF132: 97.331274 | CG132: 97.081616 | CH132: - | CI132: 97.564408 | CJ132: 97.564408 | CK132: 99.329839 | CL132: 100.76139 | CM132: 100.76353 | CN132: 100.72226 | CO132: 99.48064 | CP132: 99.794691 | CQ132: 99.482405 | CR132: 99.847617 | CS132: 99.589571 | CT132: 100.54005 | CU132: 97.852073 | CV132: 81.346911 | CW132: 95.822636 | CX132: 98.733299 | CY132: 100 | CZ132: 102.50005 | DA132: 100 | DB132: 105.03566 | DC132: 101.12897 | DD132: 103.41079 | DE132: 105.96943 | DF132: 101.62642 | DG132: 99.453318 | DH132: - | DI132: 99.022982 | DJ132: 100.49 | DK132: 100 | DL132: 100 | DM132: 104.34783 | DN132: - | DO132: 100.39762 | DP132: 105.01936 | DQ132: 99.408553 | DR132: 99.907691 | DS132: 100.07156 | DT132: 101.38328 | DU132: 106.96382 | DV132: 108.18214 | DW132: 101.62483 | DX132: 105.08966 | DY132: 105.55905 | DZ132: 104.1563 | EA132: 102.53598 | EB132: 97.695232 | EC132: - | ED132: 102.63293 | EE132: - | EF132: - | EG132: 100.01204 | EH132: - | EI132: - | EJ132: - | EK132: 100.08826 | EL132: 99.631801 | EM132: 100.29201 | EN132: 96.210505 | EO132: 99.017726 | EP132: 96.747127 | EQ132: 96.747127 | ER132: 99.229386 | ES132: 99.175423 | ET132: 99.175423 | EU132: 98.162127 | EV132: 98.162127 | EW132: 99.14195 | EX132: 99.14195 | EY132: 99.998477 | EZ132: 99.998477 | FA132: 102.73969 | FB132: 102.73969 | FC132: 99.024227 | FD132: 98.860717 | FE132: 98.936211 | FF132: 99.507419 | FG132: 98.815849 | FH132: 98.815849 | FI132: 97.638209 | FJ132: 96.513483 | FK132: 95.719856 | FL132: - | FM132: 95.652862 | FN132: 100.85646 | FO132: 101.28354 | FP132: - | FQ132: 99.396381 | FR132: 99.675767 | FS132: 101.38427 | FT132: 99.876723 | FU132: 99.682801 | FV132: 97.317565 | FW132: 96.138905 | FX132: 106.69416 | FY132: 97.715726 | FZ132: 97.715726 | GA132: 101.16523 | GB132: 101.16523
A133: 2023 | B133: 1 | C133: يناير | D133: January | E133: 99.287347 | F133: 99.877014 | G133: 99.901587 | H133: 99.683327 | I133: 99.501217 | J133: 102.41106 | K133: 100.2135 | L133: 100.19058 | M133: 102.26981 | N133: 99.173774 | O133: 98.543954 | P133: 97.879344 | Q133: 99.111355 | R133: 98.818241 | S133: 98.957993 | T133: 97.122981 | U133: 98.389287 | V133: 100.01537 | W133: 99.961596 | X133: 99.515326 | Y133: 98.824379 | Z133: 98.824379 | AA133: 99.574037 | AB133: 99.574037 | AC133: 99.574037 | AD133: 101.19696 | AE133: 101.25857 | AF133: 100.04164 | AG133: 101.74498 | AH133: 101.17483 | AI133: 98.218178 | AJ133: 100.56697 | AK133: 100.56697 | AL133: 97.257572 | AM133: 95.999294 | AN133: 95.999294 | AO133: 96.728905 | AP133: 96.728905 | AQ133: 99.529651 | AR133: 99.008889 | AS133: 100.06439 | AT133: 99.741959 | AU133: 99.730852 | AV133: 99.997216 | AW133: 99.862367 | AX133: 98.168923 | AY133: 99.463041 | AZ133: 100 | BA133: 97.056523 | BB133: 93.7358 | BC133: 99.790727 | BD133: 100.23553 | BE133: 101.28087 | BF133: 101.29335 | BG133: 100.24449 | BH133: 101.45995 | BI133: 101.47885 | BJ133: 99.314488 | BK133: 102.74061 | BL133: 102.85749 | BM133: 103.54671 | BN133: 98.244967 | BO133: 100.3731 | BP133: 100.3731 | BQ133: 99.420036 | BR133: 97.515204 | BS133: 99.931405 | BT133: 99.285617 | BU133: 99.49961 | BV133: 99.181399 | BW133: 99.746726 | BX133: 100.22426 | BY133: 100.12408 | BZ133: 100.20948 | CA133: 102.91232 | CB133: 99.845461 | CC133: 102.27419 | CD133: 99.527142 | CE133: 100.21114 | CF133: 98.789616 | CG133: 98.536217 | CH133: 100.14503 | CI133: 97.983176 | CJ133: 97.983176 | CK133: 99.136191 | CL133: 100.67052 | CM133: 100.67397 | CN133: 99.4919 | CO133: 99.430427 | CP133: 99.807704 | CQ133: 99.484573 | CR133: 99.998371 | CS133: 99.49984 | CT133: 99.861868 | CU133: 96.672182 | CV133: 100 | CW133: 95.829459 | CX133: 96.906063 | CY133: 100 | CZ133: 100.30794 | DA133: 100 | DB133: 100.35731 | DC133: 100.83088 | DD133: 103.6496 | DE133: 105.09522 | DF133: 103.74861 | DG133: 99.892896 | DH133: 97.156996 | DI133: 100.16757 | DJ133: 99.999472 | DK133: 100 | DL133: 100 | DM133: 100 | DN133: 100 | DO133: 99.773855 | DP133: 100.25548 | DQ133: 99.976677 | DR133: 103.54575 | DS133: 104.00414 | DT133: 101.43457 | DU133: 104.62338 | DV133: 104.93823 | DW133: 100.96924 | DX133: 100.37888 | DY133: 100.09727 | DZ133: 100.57309 | EA133: 102.73287 | EB133: 97.849905 | EC133: 101.93779 | ED133: 102.83054 | EE133: 104.41065 | EF133: 104.41065 | EG133: 102.05117 | EH133: 101.90562 | EI133: 103.94375 | EJ133: 102.50868 | EK133: 102.12894 | EL133: 99.801097 | EM133: 100.2596 | EN133: 97.9713 | EO133: 99.460727 | EP133: 97.171543 | EQ133: 97.171543 | ER133: 99.262459 | ES133: 99.448216 | ET133: 99.448216 | EU133: 98.159087 | EV133: 98.159087 | EW133: 99.946081 | EX133: 99.946081 | EY133: 99.998477 | EZ133: 99.998477 | FA133: 100.71232 | FB133: 100.71232 | FC133: 99.204519 | FD133: 98.980388 | FE133: 98.938406 | FF133: 100.12685 | FG133: 99.433503 | FH133: 99.433503 | FI133: 98.677749 | FJ133: 98.024002 | FK133: 95.719856 | FL133: 95.719856 | FM133: 98.338566 | FN133: 99.61188 | FO133: 100.0337 | FP133: 99.610183 | FQ133: 99.63554 | FR133: 100.6127 | FS133: 101.80962 | FT133: 101.11571 | FU133: 99.59078 | FV133: 96.938607 | FW133: 96.28456 | FX133: 104.59079 | FY133: 98.426732 | FZ133: 98.426732 | GA133: 101.07041 | GB133: 101.07041
A134: 2023 | B134: 2 | C134: فبراير | D134: February | E134: 99.439085 | F134: 99.591242 | G134: 99.600385 | H134: 99.877496 | I134: 99.379836 | J134: 103.05417 | K134: 100.13598 | L134: 100.83933 | M134: 100.98077 | N134: 96.055046 | O134: 98.459078 | P134: 98.30575 | Q134: 99.327123 | R134: 99.12192 | S134: 99.147478 | T134: 97.83917 | U134: 98.754669 | V134: 100.28549 | W134: 99.78181 | X134: 99.449676 | Y134: 98.759537 | Z134: 98.759537 | AA134: 99.870601 | AB134: 99.870601 | AC134: 99.870601 | AD134: 101.06356 | AE134: 101.0712 | AF134: 99.587848 | AG134: 101.49347 | AH134: 100.25367 | AI134: 98.904044 | AJ134: 100.9852 | AK134: 100.9852 | AL134: 98.131133 | AM134: 97.410724 | AN134: 97.410724 | AO134: 97.710353 | AP134: 97.710353 | AQ134: 99.616808 | AR134: 98.786975 | AS134: 100.47161 | AT134: 99.744146 | AU134: 99.730852 | AV134: 99.997216 | AW134: 99.862367 | AX134: 98.381883 | AY134: 99.519873 | AZ134: 100 | BA134: 97.056523 | BB134: 93.7358 | BC134: 101.66313 | BD134: 100.06603 | BE134: 100.64092 | BF134: 100.64434 | BG134: 100.35612 | BH134: 101.80064 | BI134: 101.8162 | BJ134: 100.03169 | BK134: 102.22039 | BL134: 103.13983 | BM134: 100.61659 | BN134: 97.773928 | BO134: 100.64204 | BP134: 100.64204 | BQ134: 99.918958 | BR134: 98.271304 | BS134: 100.36053 | BT134: 99.104742 | BU134: 99.069308 | BV134: 99.12203 | BW134: 99.736318 | BX134: 100.17881 | BY134: 100.10158 | BZ134: 99.914268 | CA134: 102.51138 | CB134: 99.842735 | CC134: 102.22229 | CD134: 99.527142 | CE134: 100.21114 | CF134: 98.789616 | CG134: 98.536217 | CH134: 100.14503 | CI134: 97.983176 | CJ134: 97.983176 | CK134: 98.889765 | CL134: 100.84617 | CM134: 100.84829 | CN134: 100.29845 | CO134: 99.857895 | CP134: 99.861708 | CQ134: 100.08214 | CR134: 99.998546 | CS134: 99.49984 | CT134: 99.861868 | CU134: 95.541562 | CV134: 100 | CW134: 95.829459 | CX134: 95.073822 | CY134: 100 | CZ134: 100.30794 | DA134: 100 | DB134: 100.35731 | DC134: 100.68099 | DD134: 102.9841 | DE134: 104.0899 | DF134: 102.44033 | DG134: 100.79593 | DH134: 97.156996 | DI134: 100.66417 | DJ134: 99.999472 | DK134: 100 | DL134: 100 | DM134: 100 | DN134: 100 | DO134: 99.773855 | DP134: 100.25548 | DQ134: 100.15176 | DR134: 101.81795 | DS134: 102.11301 | DT134: 100.45318 | DU134: 104.45174 | DV134: 104.74731 | DW134: 101.01745 | DX134: 100.3155 | DY134: 100.06604 | DZ134: 100.48749 | EA134: 101.47171 | EB134: 97.849905 | EC134: 100.3827 | ED134: 101.57377 | EE134: 100.83745 | EF134: 100.83745 | EG134: 100.56812 | EH134: 100.49771 | EI134: 101.07914 | EJ134: 100.53579 | EK134: 100.73461 | EL134: 99.720791 | EM134: 100.51413 | EN134: 97.709727 | EO134: 99.119456 | EP134: 98.3224 | EQ134: 98.3224 | ER134: 99.262459 | ES134: 99.448216 | ET134: 99.448216 | EU134: 98.159087 | EV134: 98.159087 | EW134: 99.946081 | EX134: 99.946081 | EY134: 99.998477 | EZ134: 99.998477 | FA134: 100.71232 | FB134: 100.71232 | FC134: 99.204824 | FD134: 99.040792 | FE134: 99.000972 | FF134: 100.12786 | FG134: 99.372305 | FH134: 99.372305 | FI134: 102.17883 | FJ134: 103.7639 | FK134: 100.39697 | FL134: 100.39697 | FM134: 104.22595 | FN134: 99.97346 | FO134: 100.22898 | FP134: 99.972431 | FQ134: 99.708736 | FR134: 100.64172 | FS134: 101.86087 | FT134: 101.20476 | FU134: 99.519159 | FV134: 97.725355 | FW134: 97.126029 | FX134: 104.71058 | FY134: 98.426732 | FZ134: 98.426732 | GA134: 100.37004 | GB134: 100.37004
A135: 2023 | B135: 3 | C135: مارس | D135: March | E135: 99.57926 | F135: 99.204446 | G135: 99.193196 | H135: 98.87286 | I135: 98.722469 | J135: 101.11153 | K135: 101.04144 | L135: 100.299 | M135: 100.61215 | N135: 95.599806 | O135: 97.560304 | P135: 99.15977 | Q135: 99.594619 | R135: 99.650231 | S135: 100.0041 | T135: 97.37572 | U135: 98.433703 | V135: 100.24686 | W135: 99.703894 | X135: 99.759973 | Y135: 98.921492 | Z135: 98.921492 | AA135: 99.91669 | AB135: 99.91669 | AC135: 99.91669 | AD135: 101.29792 | AE135: 101.37435 | AF135: 99.934518 | AG135: 101.65656 | AH135: 100.08826 | AI135: 100.41872 | AJ135: 100.51713 | AK135: 100.51713 | AL135: 98.453867 | AM135: 97.994131 | AN135: 97.994131 | AO135: 97.98951 | AP135: 97.98951 | AQ135: 99.795145 | AR135: 98.939934 | AS135: 100.6763 | AT135: 99.744122 | AU135: 99.730852 | AV135: 99.997216 | AW135: 99.862367 | AX135: 98.37954 | AY135: 99.512503 | AZ135: 100 | BA135: 97.056523 | BB135: 93.7358 | BC135: 101.4184 | BD135: 99.747354 | BE135: 99.867512 | BF135: 99.862162 | BG135: 100.31488 | BH135: 101.39493 | BI135: 101.40653 | BJ135: 100.07357 | BK135: 100.84695 | BL135: 101.7204 | BM135: 98.92514 | BN135: 98.173157 | BO135: 99.513401 | BP135: 99.513401 | BQ135: 99.77209 | BR135: 98.28463 | BS135: 100.17032 | BT135: 99.284243 | BU135: 99.706825 | BV135: 99.07876 | BW135: 99.768968 | BX135: 100.34327 | BY135: 100.26041 | BZ135: 100.30611 | CA135: 102.58738 | CB135: 99.845264 | CC135: 102.27044 | CD135: 99.527142 | CE135: 100.21114 | CF135: 98.789616 | CG135: 98.536217 | CH135: 100.14503 | CI135: 97.983176 | CJ135: 97.983176 | CK135: 99.883949 | CL135: 100.70746 | CM135: 100.70899 | CN135: 100.29088 | CO135: 100.02574 | CP135: 99.759382 | CQ135: 98.949078 | CR135: 99.998742 | CS135: 99.49984 | CT135: 99.861868 | CU135: 99.531382 | CV135: 100 | CW135: 95.829459 | CX135: 101.59918 | CY135: 100 | CZ135: 100.30794 | DA135: 100 | DB135: 100.35731 | DC135: 100.53048 | DD135: 102.31911 | DE135: 103.3559 | DF135: 101.30324 | DG135: 100.67681 | DH135: 96.765669 | DI135: 101.31067 | DJ135: 99.999472 | DK135: 100 | DL135: 100 | DM135: 100 | DN135: 100 | DO135: 99.773855 | DP135: 100.25548 | DQ135: 99.288423 | DR135: 101.6483 | DS135: 101.74006 | DT135: 101.22146 | DU135: 104.37151 | DV135: 104.69792 | DW135: 100.58605 | DX135: 100.13251 | DY135: 100.03964 | DZ135: 100.19645 | EA135: 103.6503 | EB135: 97.849905 | EC135: 100.13437 | ED135: 103.92277 | EE135: 98.89021 | EF135: 98.89021 | EG135: 99.829756 | EH135: 99.615439 | EI135: 99.329446 | EJ135: 99.446213 | EK135: 100.5883 | EL135: 99.811671 | EM135: 100.60642 | EN135: 97.691595 | EO135: 99.210583 | EP135: 95.860925 | EQ135: 95.860925 | ER135: 99.262459 | ES135: 99.448216 | ET135: 99.448216 | EU135: 98.159087 | EV135: 98.159087 | EW135: 99.946081 | EX135: 99.946081 | EY135: 99.998477 | EZ135: 99.998477 | FA135: 100.71232 | FB135: 100.71232 | FC135: 99.827152 | FD135: 99.088042 | FE135: 99.049854 | FF135: 100.13032 | FG135: 100.58622 | FH135: 100.58622 | FI135: 102.48206 | FJ135: 104.42383 | FK135: 100.39697 | FL135: 100.39697 | FM135: 104.97842 | FN135: 99.791392 | FO135: 100.10676 | FP135: 99.790123 | FQ135: 99.751231 | FR135: 99.805392 | FS135: 101.71578 | FT135: 99.9276 | FU135: 99.281944 | FV135: 99.146051 | FW135: 98.735613 | FX135: 103.87105 | FY135: 98.426732 | FZ135: 98.426732 | GA135: 100.36989 | GB135: 100.36989
A136: 2023 | B136: 4 | C136: أبريل | D136: April | E136: 99.854189 | F136: 99.56932 | G136: 99.566306 | H136: 99.187605 | I136: 98.897257 | J136: 100.08023 | K136: 100.68406 | L136: 100.28942 | M136: 101.62821 | N136: 97.746533 | O136: 98.739479 | P136: 99.341603 | Q136: 99.678108 | R136: 99.668229 | S136: 99.703056 | T136: 98.467561 | U136: 98.352375 | V136: 100.21118 | W136: 99.832537 | X136: 99.83988 | Y136: 99.403904 | Z136: 99.403904 | AA136: 99.848063 | AB136: 99.848063 | AC136: 99.848063 | AD136: 101.72565 | AE136: 101.80494 | AF136: 100.7246 | AG136: 101.77974 | AH136: 100.3006 | AI136: 103.18565 | AJ136: 100.91572 | AK136: 100.91572 | AL136: 98.840312 | AM136: 98.653121 | AN136: 98.653121 | AO136: 98.305644 | AP136: 98.305644 | AQ136: 100.05578 | AR136: 98.949011 | AS136: 101.19902 | AT136: 100.05392 | AU136: 99.964972 | AV136: 99.997216 | AW136: 100.50123 | AX136: 98.317558 | AY136: 99.500282 | AZ136: 100 | BA136: 97.097428 | BB136: 93.7358 | BC136: 100.77102 | BD136: 100.26222 | BE136: 100.11387 | BF136: 100.0936 | BG136: 101.81917 | BH136: 100.97921 | BI136: 100.98714 | BJ136: 100.07393 | BK136: 100.68135 | BL136: 101.00373 | BM136: 100.4442 | BN136: 97.807263 | BO136: 100.94195 | BP136: 100.94195 | BQ136: 99.964584 | BR136: 98.021125 | BS136: 100.48642 | BT136: 99.947897 | BU136: 99.582119 | BV136: 100.12681 | BW136: 100.40227 | BX136: 100.6628 | BY136: 100.62738 | BZ136: 99.701742 | CA136: 102.60899 | CB136: 100.54742 | CC136: 102.33174 | CD136: 100.6177 | CE136: 99.978776 | CF136: 98.836329 | CG136: 98.591595 | CH136: 100.14503 | CI136: 100.24182 | CJ136: 100.24182 | CK136: 99.531859 | CL136: 100.02787 | CM136: 100.02755 | CN136: 99.893879 | CO136: 100.44455 | CP136: 100.23824 | CQ136: 99.740903 | CR136: 99.999191 | CS136: 100.91831 | CT136: 99.946229 | CU136: 97.721696 | CV136: 100 | CW136: 97.507826 | CX136: 97.679321 | CY136: 100 | CZ136: 100.70058 | DA136: 100 | DB136: 100.81317 | DC136: 100.36252 | DD136: 101.54698 | DE136: 102.65695 | DF136: 99.862915 | DG136: 100.46796 | DH136: 96.765669 | DI136: 100.85401 | DJ136: 100.00952 | DK136: 100 | DL136: 100 | DM136: 100 | DN136: 100 | DO136: 100.57702 | DP136: 100.25548 | DQ136: 101.74512 | DR136: 99.965671 | DS136: 99.66982 | DT136: 101.35701 | DU136: 103.20752 | DV136: 103.5337 | DW136: 99.425509 | DX136: 100.33746 | DY136: 100.00479 | DZ136: 100.56699 | EA136: 103.60967 | EB136: 99.566311 | EC136: 99.755386 | ED136: 103.8844 | EE136: 98.886813 | EF136: 98.886813 | EG136: 99.826818 | EH136: 99.613704 | EI136: 99.329268 | EJ136: 99.445947 | EK136: 100.58088 | EL136: 99.761283 | EM136: 100.60428 | EN136: 97.691595 | EO136: 99.121777 | EP136: 101.76214 | EQ136: 101.76214 | ER136: 99.34943 | ES136: 99.39473 | ET136: 99.39473 | EU136: 98.513953 | EV136: 98.513953 | EW136: 100.2788 | EX136: 100.2788 | EY136: 99.998477 | EZ136: 99.998477 | FA136: 100.62147 | FB136: 100.62147 | FC136: 99.791839 | FD136: 99.311956 | FE136: 99.273785 | FF136: 100.35376 | FG136: 100.28338 | FH136: 100.28338 | FI136: 102.18855 | FJ136: 103.68032 | FK136: 100.39697 | FL136: 100.39697 | FM136: 104.1307 | FN136: 100.11073 | FO136: 100.58133 | FP136: 100.10884 | FQ136: 100.37553 | FR136: 99.610899 | FS136: 101.46349 | FT136: 99.053384 | FU136: 100.21517 | FV136: 101.43307 | FW136: 101.43969 | FX136: 101.35884 | FY136: 100.10763 | FZ136: 100.10763 | GA136: 100.54129 | GB136: 100.54129
A137: 2023 | B137: 5 | C137: مايو | D137: May | E137: 99.701402 | F137: 99.526549 | G137: 99.525506 | H137: 99.606869 | I137: 99.870465 | J137: 102.11675 | K137: 99.975251 | L137: 100.7409 | M137: 99.858744 | N137: 94.643333 | O137: 99.33464 | P137: 99.259995 | Q137: 99.592961 | R137: 99.768711 | S137: 98.905899 | T137: 99.005422 | U137: 98.958302 | V137: 100.2302 | W137: 99.894568 | X137: 99.828164 | Y137: 98.882186 | Z137: 98.882186 | AA137: 99.85236 | AB137: 99.85236 | AC137: 99.85236 | AD137: 101.14525 | AE137: 101.13003 | AF137: 99.591801 | AG137: 101.45931 | AH137: 101.22121 | AI137: 99.588101 | AJ137: 101.30158 | AK137: 101.30158 | AL137: 99.318091 | AM137: 99.422539 | AN137: 99.422539 | AO137: 98.809556 | AP137: 98.809556 | AQ137: 100.30808 | AR137: 100.00198 | AS137: 100.6217 | AT137: 100.05224 | AU137: 99.964972 | AV137: 99.997216 | AW137: 100.50123 | AX137: 98.154601 | AY137: 99.467311 | AZ137: 100 | BA137: 97.097428 | BB137: 93.7358 | BC137: 99.689997 | BD137: 100.27114 | BE137: 99.747841 | BF137: 99.728952 | BG137: 101.33652 | BH137: 100.91982 | BI137: 100.93 | BJ137: 99.758973 | BK137: 101.1983 | BL137: 102.25095 | BM137: 98.906508 | BN137: 97.916959 | BO137: 100.80747 | BP137: 100.80747 | BQ137: 98.907665 | BR137: 98.023059 | BS137: 99.143597 | BT137: 100.0539 | BU137: 99.872237 | BV137: 100.14264 | BW137: 100.48078 | BX137: 100.95368 | BY137: 100.87634 | BZ137: 101.03673 | CA137: 102.92298 | CB137: 100.56615 | CC137: 102.68653 | CD137: 100.6177 | CE137: 99.978776 | CF137: 98.956835 | CG137: 98.591595 | CH137: 100.91746 | CI137: 100.24182 | CJ137: 100.24182 | CK137: 99.496702 | CL137: 100.64323 | CM137: 100.64413 | CN137: 99.771083 | CO137: 101.00791 | CP137: 100.26068 | CQ137: 99.988345 | CR137: 99.999281 | CS137: 100.91831 | CT137: 99.946229 | CU137: 97.118069 | CV137: 100 | CW137: 97.507826 | CX137: 96.702206 | CY137: 100 | CZ137: 100.70058 | DA137: 100 | DB137: 100.81317 | DC137: 100.42246 | DD137: 101.80985 | DE137: 102.19532 | DF137: 101.32343 | DG137: 101.4272 | DH137: 99.463876 | DI137: 100.92372 | DJ137: 100.00952 | DK137: 100 | DL137: 100 | DM137: 100 | DN137: 100 | DO137: 100.57702 | DP137: 100.25548 | DQ137: 101.31856 | DR137: 101.02553 | DS137: 100.84988 | DT137: 101.84871 | DU137: 101.24157 | DV137: 101.40204 | DW137: 99.362186 | DX137: 99.764997 | DY137: 99.878113 | DZ137: 99.687245 | EA137: 100.91845 | EB137: 99.566311 | EC137: 96.391368 | ED137: 101.20721 | EE137: 98.973802 | EF137: 98.973802 | EG137: 99.7595 | EH137: 99.627731 | EI137: 99.404162 | EJ137: 99.572121 | EK137: 100.20819 | EL137: 99.833248 | EM137: 100.51263 | EN137: 101.27165 | EO137: 99.27916 | EP137: 102.40808 | EQ137: 102.40808 | ER137: 99.34943 | ES137: 99.39473 | ET137: 99.39473 | EU137: 98.513953 | EV137: 98.513953 | EW137: 100.2788 | EX137: 100.2788 | EY137: 99.998477 | EZ137: 99.998477 | FA137: 100.62147 | FB137: 100.62147 | FC137: 97.369342 | FD137: 99.542894 | FE137: 99.51084 | FF137: 100.41698 | FG137: 95.20263 | FH137: 95.20263 | FI137: 101.60167 | FJ137: 102.61813 | FK137: 100.39697 | FL137: 100.39697 | FM137: 102.92104 | FN137: 100.17811 | FO137: 99.335214 | FP137: 100.18152 | FQ137: 100.88503 | FR137: 99.552619 | FS137: 99.967868 | FT137: 99.431236 | FU137: 99.680903 | FV137: 103.31693 | FW137: 103.57319 | FX137: 100.48403 | FY137: 100.10763 | FZ137: 100.10763 | GA137: 100.52508 | GB137: 100.52508
A138: 2023 | B138: 6 | C138: يونيو | D138: June | E138: 99.796293 | F138: 99.524073 | G138: 99.519335 | H138: 99.546863 | I138: 100.3613 | J138: 101.93772 | K138: 99.255965 | L138: 100.91618 | M138: 98.401604 | N138: 95.927849 | O138: 99.916344 | P138: 99.467607 | Q138: 99.704409 | R138: 100.01839 | S138: 99.13294 | T138: 98.850874 | U138: 99.361575 | V138: 100.26672 | W138: 99.985854 | X138: 99.834684 | Y138: 99.073995 | Z138: 99.073995 | AA138: 99.852013 | AB138: 99.852013 | AC138: 99.852013 | AD138: 100.68476 | AE138: 100.75608 | AF138: 99.642424 | AG138: 100.98238 | AH138: 100.53696 | AI138: 99.791687 | AJ138: 99.955918 | AK138: 99.955918 | AL138: 99.78004 | AM138: 99.82998 | AN138: 99.82998 | AO138: 99.650384 | AP138: 99.650384 | AQ138: 100.26818 | AR138: 100.12687 | AS138: 100.41273 | AT138: 100.05314 | AU138: 99.964972 | AV138: 99.997216 | AW138: 100.50123 | AX138: 98.241946 | AY138: 99.459252 | AZ138: 100 | BA138: 97.097428 | BB138: 93.7358 | BC138: 99.427472 | BD138: 100.19314 | BE138: 99.866552 | BF138: 99.849183 | BG138: 101.32648 | BH138: 100.32943 | BI138: 100.33642 | BJ138: 99.530248 | BK138: 100.09545 | BL138: 100.05872 | BM138: 100.57717 | BN138: 98.634282 | BO138: 100.81351 | BP138: 100.81351 | BQ138: 98.780131 | BR138: 97.781918 | BS138: 99.04656 | BT138: 100.14528 | BU138: 100.14585 | BV138: 100.145 | BW138: 100.20533 | BX138: 99.757963 | BY138: 99.643008 | BZ138: 100.93901 | CA138: 101.59083 | CB138: 100.49343 | CC138: 101.3151 | CD138: 100.6177 | CE138: 99.978776 | CF138: 98.956835 | CG138: 98.591595 | CH138: 100.91746 | CI138: 100.24182 | CJ138: 100.24182 | CK138: 99.461804 | CL138: 99.84683 | CM138: 99.845932 | CN138: 100.15535 | CO138: 100.17335 | CP138: 100.28271 | CQ138: 100.22865 | CR138: 99.999814 | CS138: 100.91831 | CT138: 99.946229 | CU138: 97.500991 | CV138: 100 | CW138: 97.507826 | CX138: 97.321619 | CY138: 100 | CZ138: 100.70058 | DA138: 100 | DB138: 100.81317 | DC138: 100.05894 | DD138: 100.22367 | DE138: 100.28866 | DF138: 100.27914 | DG138: 99.837935 | DH138: 101.88549 | DI138: 100.79853 | DJ138: 100.00952 | DK138: 100 | DL138: 100 | DM138: 100 | DN138: 100 | DO138: 100.57702 | DP138: 100.25548 | DQ138: 101.1297 | DR138: 101.90932 | DS138: 101.79653 | DT138: 102.43693 | DU138: 101.02803 | DV138: 101.20661 | DW138: 98.938974 | DX138: 99.845692 | DY138: 99.666989 | DZ138: 99.968829 | EA138: 101.30325 | EB138: 99.566311 | EC138: 97.856531 | ED138: 101.52906 | EE138: 98.973802 | EF138: 98.973802 | EG138: 99.572075 | EH138: 99.627731 | EI138: 99.404162 | EJ138: 99.572121 | EK138: 99.436016 | EL138: 99.865351 | EM138: 100.51914 | EN138: 101.27165 | EO138: 99.331744 | EP138: 101.90482 | EQ138: 101.90482 | ER138: 99.34943 | ES138: 99.39473 | ET138: 99.39473 | EU138: 98.513953 | EV138: 98.513953 | EW138: 100.2788 | EX138: 100.2788 | EY138: 99.998477 | EZ138: 99.998477 | FA138: 100.62147 | FB138: 100.62147 | FC138: 98.833463 | FD138: 99.756115 | FE138: 99.730975 | FF138: 100.44099 | FG138: 97.901765 | FH138: 97.901765 | FI138: 99.643438 | FJ138: 99.428221 | FK138: 100.39697 | FL138: 100.39697 | FM138: 99.298452 | FN138: 99.949295 | FO138: 99.185789 | FP138: 99.952386 | FQ138: 101.08995 | FR138: 100.38765 | FS138: 98.121641 | FT138: 100.92132 | FU138: 99.908612 | FV138: 102.57433 | FW138: 102.8297 | FX138: 99.751566 | FY138: 100.10763 | FZ138: 100.10763 | GA138: 100.66277 | GB138: 100.66277
A139: 2023 | B139: 7 | C139: يوليو | D139: July | E139: 100.1494 | F139: 100.11349 | G139: 100.11186 | H139: 100.2781 | I139: 100.91302 | J139: 98.804114 | K139: 99.497131 | L139: 100.50173 | M139: 99.384986 | N139: 98.747074 | O139: 99.847276 | P139: 99.783046 | Q139: 100.22046 | R139: 99.990835 | S139: 100.05137 | T139: 101.21704 | U139: 99.606486 | V139: 100.30809 | W139: 100.11679 | X139: 99.932725 | Y139: 99.042903 | Z139: 99.042903 | AA139: 99.89261 | AB139: 99.89261 | AC139: 99.89261 | AD139: 100.03019 | AE139: 100.06775 | AF139: 99.771689 | AG139: 100.1856 | AH139: 99.557446 | AI139: 99.418949 | AJ139: 99.645621 | AK139: 99.645621 | AL139: 100.13772 | AM139: 100.11134 | AN139: 100.11134 | AO139: 100.04517 | AP139: 100.04517 | AQ139: 100.37075 | AR139: 100.2876 | AS139: 100.45576 | AT139: 99.861224 | AU139: 99.823275 | AV139: 99.997216 | AW139: 100.09146 | AX139: 98.289282 | AY139: 100.43637 | AZ139: 100 | BA139: 102.75695 | BB139: 106.68283 | BC139: 98.401918 | BD139: 100.01392 | BE139: 99.565285 | BF139: 99.544187 | BG139: 101.3415 | BH139: 100.25479 | BI139: 100.25108 | BJ139: 100.68087 | BK139: 99.508313 | BL139: 99.580437 | BM139: 99.559706 | BN139: 98.444703 | BO139: 99.580141 | BP139: 99.580141 | BQ139: 100.28344 | BR139: 97.815033 | BS139: 100.94844 | BT139: 100.2831 | BU139: 100.43149 | BV139: 100.21079 | BW139: 99.858079 | BX139: 100.00548 | BY139: 99.931482 | BZ139: 101.23974 | CA139: 100.69115 | CB139: 99.90346 | CC139: 100.63715 | CD139: 99.745424 | CE139: 100.18287 | CF139: 98.945973 | CG139: 98.629114 | CH139: 100.64425 | CI139: 100.44759 | CJ139: 100.44759 | CK139: 100.91798 | CL139: 100.47024 | CM139: 100.47065 | CN139: 99.732946 | CO139: 101.04885 | CP139: 100.2353 | CQ139: 101.41395 | CR139: 99.999836 | CS139: 100.34559 | CT139: 101.27249 | CU139: 102.68342 | CV139: 100 | CW139: 103.60537 | CX139: 102.37155 | CY139: 100 | CZ139: 99.896967 | DA139: 100 | DB139: 99.880486 | DC139: 99.957667 | DD139: 99.874671 | DE139: 99.03689 | DF139: 101.26063 | DG139: 100.59503 | DH139: 101.88549 | DI139: 100.47205 | DJ139: 99.982605 | DK139: 100 | DL139: 100 | DM139: 100 | DN139: 100 | DO139: 99.515318 | DP139: 98.75891 | DQ139: 100.62239 | DR139: 102.89113 | DS139: 103.11984 | DT139: 101.83122 | DU139: 99.228435 | DV139: 99.186012 | DW139: 99.731721 | DX139: 99.519707 | DY139: 99.772772 | DZ139: 99.345966 | EA139: 101.66399 | EB139: 101.14793 | EC139: 96.473487 | ED139: 101.98562 | EE139: 98.973802 | EF139: 98.973802 | EG139: 99.823309 | EH139: 99.627731 | EI139: 98.859619 | EJ139: 99.212641 | EK139: 100.65599 | EL139: 99.831438 | EM139: 100.38548 | EN139: 101.18686 | EO139: 99.376856 | EP139: 101.22451 | EQ139: 101.22451 | ER139: 100.19052 | ES139: 99.783491 | ET139: 99.783491 | EU139: 100.78107 | EV139: 100.78107 | EW139: 100.1056 | EX139: 100.1056 | EY139: 99.998477 | EZ139: 99.998477 | FA139: 100.62007 | FB139: 100.62007 | FC139: 99.160404 | FD139: 100.09162 | FE139: 100.10272 | FF139: 99.790749 | FG139: 98.220108 | FH139: 98.220108 | FI139: 100.1642 | FJ139: 100.15782 | FK139: 100.39697 | FL139: 100.39697 | FM139: 100.12565 | FN139: 100.17326 | FO139: 99.334499 | FP139: 100.17665 | FQ139: 100.16391 | FR139: 99.274611 | FS139: 98.840687 | FT139: 98.689804 | FU139: 100.31683 | FV139: 101.41729 | FW139: 101.6701 | FX139: 98.622795 | FY139: 100.10763 | FZ139: 100.10763 | GA139: 100.32981 | GB139: 100.32981
A140: 2023 | B140: 8 | C140: أغسطس | D140: August | E140: 100.16366 | F140: 99.973567 | G140: 99.964319 | H140: 99.968184 | I140: 100.4101 | J140: 98.959263 | K140: 99.176587 | L140: 99.486589 | M140: 98.76733 | N140: 101.33294 | O140: 100.57657 | P140: 100.64849 | Q140: 100.26609 | R140: 100.20087 | S140: 100.22082 | T140: 101.85466 | U140: 98.861733 | V140: 99.659267 | W140: 100.11022 | X140: 100.08885 | Y140: 100.31549 | Z140: 100.31549 | AA140: 100.20173 | AB140: 100.20173 | AC140: 100.20173 | AD140: 99.41911 | AE140: 99.421908 | AF140: 99.45871 | AG140: 99.278845 | AH140: 99.965935 | AI140: 100.48955 | AJ140: 99.390402 | AK140: 99.390402 | AL140: 100.77251 | AM140: 101.32727 | AN140: 101.32727 | AO140: 100.7985 | AP140: 100.7985 | AQ140: 99.825776 | AR140: 100.16901 | AS140: 99.476404 | AT140: 99.860179 | AU140: 99.823275 | AV140: 99.997216 | AW140: 100.09146 | AX140: 98.187719 | AY140: 100.45865 | AZ140: 100 | BA140: 102.75695 | BB140: 106.68283 | BC140: 99.114843 | BD140: 100.00193 | BE140: 100.41695 | BF140: 100.43431 | BG140: 98.979007 | BH140: 99.018764 | BI140: 99.00618 | BJ140: 100.47299 | BK140: 98.776736 | BL140: 99.162049 | BM140: 97.130709 | BN140: 100.79025 | BO140: 99.913544 | BP140: 99.913544 | BQ140: 100.86262 | BR140: 100.93031 | BS140: 100.84468 | BT140: 100.26429 | BU140: 100.187 | BV140: 100.30201 | BW140: 99.668982 | BX140: 99.605464 | BY140: 99.635515 | BZ140: 99.305215 | CA140: 99.125985 | CB140: 99.773789 | CC140: 99.384132 | CD140: 99.655657 | CE140: 100.18287 | CF140: 98.667441 | CG140: 98.629114 | CH140: 98.871043 | CI140: 100.44759 | CJ140: 100.44759 | CK140: 100.45661 | CL140: 99.738037 | CM140: 99.737172 | CN140: 99.738735 | CO140: 100.41472 | CP140: 100.14947 | CQ140: 100.45899 | CR140: 99.999269 | CS140: 100.34559 | CT140: 101.26869 | CU140: 101.62654 | CV140: 100 | CW140: 103.60537 | CX140: 100.66739 | CY140: 100 | CZ140: 99.896967 | DA140: 100 | DB140: 99.880486 | DC140: 99.754053 | DD140: 98.996742 | DE140: 98.133802 | DF140: 100.87435 | DG140: 99.149483 | DH140: 104.31099 | DI140: 99.682917 | DJ140: 99.982605 | DK140: 100 | DL140: 100 | DM140: 100 | DN140: 100 | DO140: 99.515318 | DP140: 98.75891 | DQ140: 99.557276 | DR140: 102.43747 | DS140: 103.27693 | DT140: 98.611886 | DU140: 98.83968 | DV140: 98.804506 | DW140: 99.256784 | DX140: 99.728453 | DY140: 99.929368 | DZ140: 99.590455 | EA140: 98.97902 | EB140: 101.14793 | EC140: 96.986524 | ED140: 99.076856 | EE140: 99.544951 | EF140: 99.544951 | EG140: 99.642693 | EH140: 99.419081 | EI140: 99.278635 | EJ140: 99.449051 | EK140: 100.33894 | EL140: 100.40667 | EM140: 99.810749 | EN140: 101.14021 | EO140: 100.87384 | EP140: 99.671903 | EQ140: 99.671903 | ER140: 100.19052 | ES140: 99.783491 | ET140: 99.783491 | EU140: 100.78107 | EV140: 100.78107 | EW140: 100.1056 | EX140: 100.1056 | EY140: 99.998477 | EZ140: 99.998477 | FA140: 100.62007 | FB140: 100.62007 | FC140: 100.89337 | FD140: 100.30888 | FE140: 100.32538 | FF140: 99.861957 | FG140: 101.49266 | FH140: 101.49266 | FI140: 99.05072 | FJ140: 98.308648 | FK140: 100.39697 | FL140: 100.39697 | FM140: 98.030703 | FN140: 100.11218 | FO140: 100.17198 | FP140: 100.11194 | FQ140: 99.542982 | FR140: 99.555534 | FS140: 98.617389 | FT140: 100.04541 | FU140: 98.917526 | FV140: 99.449578 | FW140: 99.626255 | FX140: 97.48812 | FY140: 100.10763 | FZ140: 100.10763 | GA140: 99.623322 | GB140: 99.623322
A141: 2023 | B141: 9 | C141: سبتمبر | D141: September | E141: 100.15191 | F141: 100.18038 | G141: 100.16606 | H141: 99.97441 | I141: 100.30653 | J141: 99.153126 | K141: 99.342468 | L141: 99.373437 | M141: 99.507115 | N141: 102.70427 | O141: 101.11407 | P141: 100.91673 | Q141: 100.58804 | R141: 100.46825 | S141: 100.93512 | T141: 102.2181 | U141: 98.118742 | V141: 99.860746 | W141: 100.05865 | X141: 100.38956 | Y141: 101.64791 | Z141: 101.64791 | AA141: 100.36868 | AB141: 100.36868 | AC141: 100.36868 | AD141: 99.30488 | AE141: 99.342364 | AF141: 100.08189 | AG141: 99.152546 | AH141: 100.0447 | AI141: 100.21795 | AJ141: 98.9211 | AK141: 98.9211 | AL141: 101.19367 | AM141: 101.99529 | AN141: 101.99529 | AO141: 101.20149 | AP141: 101.20149 | AQ141: 100.17781 | AR141: 100.9155 | AS141: 99.429881 | AT141: 99.913201 | AU141: 99.823275 | AV141: 99.997216 | AW141: 100.09146 | AX141: 103.47589 | AY141: 100.46341 | AZ141: 100 | BA141: 102.75695 | BB141: 106.68283 | BC141: 99.267738 | BD141: 99.990472 | BE141: 100.25765 | BF141: 100.27806 | BG141: 98.568736 | BH141: 98.604044 | BI141: 98.588091 | BJ141: 100.45129 | BK141: 99.357733 | BL141: 98.850604 | BM141: 99.978789 | BN141: 103.05978 | BO141: 99.667043 | BP141: 99.667043 | BQ141: 100.6274 | BR141: 100.12618 | BS141: 100.76074 | BT141: 100.34869 | BU141: 100.08491 | BV141: 100.4776 | BW141: 99.672273 | BX141: 99.615298 | BY141: 99.656499 | BZ141: 99.062368 | CA141: 99.1043 | CB141: 99.780956 | CC141: 99.516905 | CD141: 99.655657 | CE141: 100.18287 | CF141: 98.629418 | CG141: 98.629114 | CH141: 98.63103 | CI141: 100.44759 | CJ141: 100.44759 | CK141: 100.26169 | CL141: 99.067943 | CM141: 99.06544 | CN141: 99.805345 | CO141: 100.1341 | CP141: 100.16145 | CQ141: 100.58859 | CR141: 99.999812 | CS141: 100.34559 | CT141: 101.26869 | CU141: 101.34773 | CV141: 100 | CW141: 103.60537 | CX141: 100.21965 | CY141: 100 | CZ141: 99.896967 | DA141: 100 | DB141: 99.880486 | DC141: 99.611954 | DD141: 98.387579 | DE141: 97.639551 | DF141: 99.178396 | DG141: 99.629565 | DH141: 102.63032 | DI141: 98.678486 | DJ141: 99.982605 | DK141: 100 | DL141: 100 | DM141: 100 | DN141: 100 | DO141: 99.515318 | DP141: 98.75891 | DQ141: 98.947808 | DR141: 98.981053 | DS141: 99.061175 | DT141: 98.608263 | DU141: 98.623155 | DV141: 98.550638 | DW141: 99.485177 | DX141: 99.788513 | DY141: 100.01493 | DZ141: 99.633032 | EA141: 94.887502 | EB141: 101.14793 | EC141: 101.97022 | ED141: 94.422642 | EE141: 99.551268 | EF141: 99.551268 | EG141: 99.656849 | EH141: 99.422279 | EI141: 99.278963 | EJ141: 99.449542 | EK141: 100.38884 | EL141: 100.46521 | EM141: 99.433192 | EN141: 101.14021 | EO141: 101.28478 | EP141: 99.804159 | EQ141: 99.804159 | ER141: 100.19052 | ES141: 99.783491 | ET141: 99.783491 | EU141: 100.78107 | EV141: 100.78107 | EW141: 100.1056 | EX141: 100.1056 | EY141: 99.998477 | EZ141: 99.998477 | FA141: 100.62007 | FB141: 100.62007 | FC141: 100.6105 | FD141: 100.58716 | FE141: 100.61301 | FF141: 99.888072 | FG141: 100.63429 | FH141: 100.63429 | FI141: 96.984915 | FJ141: 94.961627 | FK141: 100.39697 | FL141: 100.39697 | FM141: 94.252366 | FN141: 99.926905 | FO141: 100.13753 | FP141: 99.926057 | FQ141: 99.817842 | FR141: 99.947349 | FS141: 99.832407 | FT141: 100.46454 | FU141: 99.124201 | FV141: 99.672501 | FW141: 99.824699 | FX141: 97.980233 | FY141: 100.10763 | FZ141: 100.10763 | GA141: 99.750771 | GB141: 99.750771
A142: 2023 | B142: 10 | C142: أكتوبر | D142: October | E142: 100.4065 | F142: 100.69476 | G142: 100.69992 | H142: 100.68993 | I142: 100.39298 | J142: 98.269529 | K142: 99.94859 | L142: 99.572664 | M142: 99.943909 | N142: 106.25313 | O142: 101.32608 | P142: 101.28307 | Q142: 100.47235 | R142: 100.86564 | S142: 100.62059 | T142: 101.76053 | U142: 103.19042 | V142: 99.81381 | W142: 100.06203 | X142: 99.520291 | Y142: 101.73123 | Z142: 101.73123 | AA142: 100.23644 | AB142: 100.23644 | AC142: 100.23644 | AD142: 98.783154 | AE142: 98.667426 | AF142: 99.316291 | AG142: 98.421142 | AH142: 100.27042 | AI142: 99.913066 | AJ142: 99.978419 | AK142: 99.978419 | AL142: 101.52952 | AM142: 102.04136 | AN142: 102.04136 | AO142: 101.88003 | AP142: 101.88003 | AQ142: 100.34646 | AR142: 101.25271 | AS142: 99.429177 | AT142: 100.32624 | AU142: 100.48259 | AV142: 100.00835 | AW142: 99.547359 | AX142: 103.5909 | AY142: 100.5667 | AZ142: 100 | BA142: 103.26576 | BB142: 106.68283 | BC142: 99.788199 | BD142: 99.835191 | BE142: 100.28302 | BF142: 100.3037 | BG142: 98.5729 | BH142: 98.155684 | BI142: 98.136318 | BJ142: 100.40278 | BK142: 98.899816 | BL142: 98.227656 | BM142: 99.869277 | BN142: 103.24324 | BO142: 99.524739 | BP142: 99.524739 | BQ142: 100.87987 | BR142: 102.77444 | BS142: 100.38332 | BT142: 100.23512 | BU142: 100.1107 | BV142: 100.29587 | BW142: 100.08442 | BX142: 99.253039 | BY142: 99.404455 | BZ142: 97.341849 | CA142: 97.281045 | CB142: 99.782868 | CC142: 97.52573 | CD142: 100.01643 | CE142: 99.6283 | CF142: 103.63531 | CG142: 104.36601 | CH142: 99.843125 | CI142: 101.35847 | CJ142: 101.35847 | CK142: 101.03954 | CL142: 99.549423 | CM142: 99.548308 | CN142: 100.44346 | CO142: 99.336225 | CP142: 99.804471 | CQ142: 100.33602 | CR142: 99.999217 | CS142: 99.245162 | CT142: 98.935756 | CU142: 104.77954 | CV142: 100 | CW142: 103.29498 | CX142: 105.95894 | CY142: 100 | CZ142: 99.101547 | DA142: 100 | DB142: 98.958492 | DC142: 99.597711 | DD142: 98.242245 | DE142: 97.039931 | DF142: 99.038398 | DG142: 101.03143 | DH142: 102.70326 | DI142: 97.930774 | DJ142: 100.0084 | DK142: 100 | DL142: 100 | DM142: 100 | DN142: 100 | DO142: 100.13699 | DP142: 100.74127 | DQ142: 98.827165 | DR142: 98.900246 | DS142: 98.962418 | DT142: 98.610826 | DU142: 95.155066 | DV142: 94.754767 | DW142: 100.02138 | DX142: 99.965346 | DY142: 100.159 | DZ142: 99.832323 | EA142: 97.987776 | EB142: 101.4776 | EC142: 103.39629 | ED142: 97.641739 | EE142: 99.551268 | EF142: 99.551268 | EG142: 99.092777 | EH142: 99.422279 | EI142: 99.278963 | EJ142: 99.449542 | EK142: 98.072013 | EL142: 100.52703 | EM142: 99.665321 | EN142: 101.14021 | EO142: 101.20967 | EP142: 99.670321 | EQ142: 99.670321 | ER142: 101.2099 | ES142: 101.38669 | ET142: 101.38669 | EU142: 102.61073 | EV142: 102.61073 | EW142: 99.670518 | EX142: 99.670518 | EY142: 100.00457 | EZ142: 100.00457 | FA142: 98.071342 | FB142: 98.071342 | FC142: 100.12982 | FD142: 100.74596 | FE142: 100.78852 | FF142: 99.597459 | FG142: 99.505641 | FH142: 99.505641 | FI142: 97.765337 | FJ142: 95.854153 | FK142: 100.39697 | FL142: 100.39697 | FM142: 95.25818 | FN142: 100.53982 | FO142: 100.91665 | FP142: 100.5383 | FQ142: 99.371422 | FR142: 100.62843 | FS142: 99.647903 | FT142: 100.88682 | FU142: 100.37435 | FV142: 97.690724 | FW142: 97.638138 | FX142: 98.282836 | FY142: 101.38007 | FZ142: 101.38007 | GA142: 99.068494 | GB142: 99.068494
A143: 2023 | B143: 11 | C143: نوفمبر | D143: November | E143: 100.73809 | F143: 101.03298 | G143: 101.03841 | H143: 101.03225 | I143: 100.82239 | J143: 97.074469 | K143: 100.21243 | L143: 99.262021 | M143: 99.814878 | N143: 107.62121 | O143: 102.47136 | P143: 101.87801 | Q143: 100.81208 | R143: 100.70325 | S143: 101.17087 | T143: 102.75857 | U143: 103.71729 | V143: 99.626559 | W143: 100.32262 | X143: 101.00193 | Y143: 101.85576 | Z143: 101.85576 | AA143: 100.39595 | AB143: 100.39595 | AC143: 100.39595 | AD143: 98.009953 | AE143: 97.902049 | AF143: 100.33141 | AG143: 97.41404 | AH143: 98.21337 | AI143: 100.07504 | AJ143: 99.123963 | AK143: 99.123963 | AL143: 102.18254 | AM143: 102.42964 | AN143: 102.42964 | AO143: 103.40553 | AP143: 103.40553 | AQ143: 99.710285 | AR143: 100.49584 | AS143: 98.914248 | AT143: 100.32624 | AU143: 100.48259 | AV143: 100.00835 | AW143: 99.547359 | AX143: 103.5909 | AY143: 100.5815 | AZ143: 100 | BA143: 103.26576 | BB143: 106.68283 | BC143: 100.267 | BD143: 99.846226 | BE143: 99.154705 | BF143: 99.163402 | BG143: 98.431709 | BH143: 98.554034 | BI143: 98.546078 | BJ143: 99.470975 | BK143: 97.932444 | BL143: 96.751134 | BM143: 100.24319 | BN143: 103.23783 | BO143: 100.24851 | BP143: 100.24851 | BQ143: 101.64302 | BR143: 104.75753 | BS143: 100.8327 | BT143: 100.4971 | BU143: 100.5649 | BV143: 100.46404 | BW143: 100.2153 | BX143: 99.788195 | BY143: 99.952907 | BZ143: 100.53318 | CA143: 94.820675 | CB143: 99.825403 | CC143: 95.366844 | CD143: 100.25175 | CE143: 99.6283 | CF143: 103.63531 | CG143: 104.36601 | CH143: 99.843125 | CI143: 101.35847 | CJ143: 101.35847 | CK143: 100.55018 | CL143: 99.592935 | CM143: 99.592274 | CN143: 100.56876 | CO143: 98.928667 | CP143: 99.720457 | CQ143: 99.417066 | CR143: 99.997155 | CS143: 99.245162 | CT143: 98.935756 | CU143: 103.01582 | CV143: 100 | CW143: 103.29498 | CX143: 103.08016 | CY143: 100 | CZ143: 99.101547 | DA143: 100 | DB143: 98.958492 | DC143: 99.221678 | DD143: 96.646259 | DE143: 95.961374 | DF143: 96.508559 | DG143: 98.42711 | DH143: 99.830814 | DI143: 99.332072 | DJ143: 100.0084 | DK143: 100 | DL143: 100 | DM143: 100 | DN143: 100 | DO143: 100.13699 | DP143: 100.74127 | DQ143: 99.279225 | DR143: 94.090303 | DS143: 93.51556 | DT143: 96.817609 | DU143: 95.403824 | DV143: 94.977107 | DW143: 100.60027 | DX143: 100.12952 | DY143: 100.19913 | DZ143: 100.08165 | EA143: 97.200194 | EB143: 101.4776 | EC143: 106.46319 | ED143: 96.635105 | EE143: 99.551268 | EF143: 99.551268 | EG143: 99.254527 | EH143: 99.422279 | EI143: 99.722819 | EJ143: 99.660089 | EK143: 98.618745 | EL143: 99.771256 | EM143: 98.406611 | EN143: 100.96915 | EO143: 100.85459 | EP143: 101.14269 | EQ143: 101.14269 | ER143: 101.2099 | ES143: 101.38669 | ET143: 101.38669 | EU143: 102.61073 | EV143: 102.61073 | EW143: 99.670518 | EX143: 99.670518 | EY143: 100.00457 | EZ143: 100.00457 | FA143: 98.071342 | FB143: 98.071342 | FC143: 102.43222 | FD143: 101.09888 | FE143: 101.15441 | FF143: 99.603052 | FG143: 103.80942 | FH143: 103.80942 | FI143: 98.911305 | FJ143: 98.390261 | FK143: 100.4052 | FL143: 100.4052 | FM143: 98.12197 | FN143: 99.65459 | FO143: 99.604641 | FP143: 99.654792 | FQ143: 99.603533 | FR143: 100.04572 | FS143: 97.740623 | FT143: 99.453896 | FU143: 101.42884 | FV143: 99.544064 | FW143: 99.823634 | FX143: 96.459676 | FY143: 101.38007 | FZ143: 101.38007 | GA143: 98.865956 | GB143: 98.865956
A144: 2023 | B144: 12 | C144: ديسمبر | D144: December | E144: 100.74531 | F144: 100.73005 | G144: 100.73112 | H144: 101.31078 | I144: 100.45131 | J144: 97.26238 | K144: 100.53593 | L144: 98.558302 | M144: 98.905636 | N144: 105.28993 | O144: 102.2456 | P144: 102.1793 | Q144: 100.65007 | R144: 100.74804 | S144: 101.18947 | T144: 101.77055 | U144: 104.55308 | V144: 99.480658 | W144: 100.17115 | X144: 100.85291 | Y144: 101.63782 | Z144: 101.63782 | AA144: 99.994189 | AB144: 99.994189 | AC144: 99.994189 | AD144: 97.448038 | AE144: 97.323165 | AF144: 101.53852 | AG144: 96.613722 | AH144: 98.419243 | AI144: 99.856115 | AJ144: 98.738549 | AK144: 98.738549 | AL144: 102.55779 | AM144: 103.05685 | AN144: 103.05685 | AO144: 103.75218 | AP144: 103.75218 | AQ144: 100.00019 | AR144: 101.10918 | AS144: 98.880021 | AT144: 100.32624 | AU144: 100.48259 | AV144: 100.00835 | AW144: 99.547359 | AX144: 103.5909 | AY144: 100.58712 | AZ144: 100 | BA144: 103.26576 | BB144: 106.68283 | BC144: 100.44963 | BD144: 99.539682 | BE144: 98.828631 | BF144: 98.828994 | BG144: 98.798333 | BH144: 98.62673 | BI144: 98.617003 | BJ144: 99.74897 | BK144: 97.877579 | BL144: 96.667668 | BM144: 100.32368 | BN144: 102.99506 | BO144: 98.012366 | BP144: 98.012366 | BQ144: 98.984145 | BR144: 106.18511 | BS144: 97.157792 | BT144: 100.56379 | BU144: 100.7578 | BV144: 100.46928 | BW144: 100.16525 | BX144: 99.624992 | BY144: 99.796513 | BZ144: 100.47417 | CA144: 94.386907 | CB144: 99.798867 | CC144: 94.896752 | CD144: 100.25175 | CE144: 99.6283 | CF144: 103.62486 | CG144: 104.36601 | CH144: 99.779629 | CI144: 101.35847 | CJ144: 101.35847 | CK144: 100.40083 | CL144: 98.86398 | CM144: 98.862044 | CN144: 99.815462 | CO144: 99.222925 | CP144: 99.72151 | CQ144: 99.336366 | CR144: 100.01077 | CS144: 99.245162 | CT144: 98.935756 | CU144: 102.97793 | CV144: 100 | CW144: 103.29498 | CX144: 103.01866 | CY144: 100 | CZ144: 99.101547 | DA144: 100 | DB144: 98.958492 | DC144: 98.989441 | DD144: 95.670597 | DE144: 95.129155 | DF144: 94.534599 | DG144: 98.127082 | DH144: 99.830814 | DI144: 99.244165 | DJ144: 100.0084 | DK144: 100 | DL144: 100 | DM144: 100 | DN144: 100 | DO144: 100.13699 | DP144: 100.74127 | DQ144: 99.209729 | DR144: 93.393426 | DS144: 92.640547 | DT144: 96.986076 | DU144: 94.583957 | DV144: 94.089541 | DW144: 100.63443 | DX144: 100.09758 | DY144: 100.17342 | DZ144: 100.04543 | EA144: 96.07766 | EB144: 101.4776 | EC144: 98.7555 | ED144: 95.868455 | EE144: 102.00496 | EF144: 102.00496 | EG144: 100.95917 | EH144: 101.84468 | EI144: 101.20267 | EJ144: 101.75911 | EK144: 98.324894 | EL144: 100.21015 | EM144: 99.308713 | EN144: 100.96915 | EO144: 100.9231 | EP144: 101.28477 | EQ144: 101.28477 | ER144: 101.2099 | ES144: 101.38669 | ET144: 101.38669 | EU144: 102.61073 | EV144: 102.61073 | EW144: 99.670518 | EX144: 99.670518 | EY144: 100.00457 | EZ144: 100.00457 | FA144: 98.071342 | FB144: 98.071342 | FC144: 102.66481 | FD144: 101.48702 | FE144: 101.55469 | FF144: 99.66719 | FG144: 103.87942 | FH144: 103.87942 | FI144: 100.53448 | FJ144: 100.92618 | FK144: 100.4052 | FL144: 100.4052 | FM144: 100.99656 | FN144: 99.98188 | FO144: 100.37861 | FP144: 99.980284 | FQ144: 100.07033 | FR144: 99.949628 | FS144: 100.50239 | FT144: 98.851081 | FU144: 101.68212 | FV144: 101.31454 | FW144: 101.71901 | FX144: 96.884009 | FY144: 101.38007 | FZ144: 101.38007 | GA144: 98.85327 | GB144: 98.85327
... A165: 2025 | B165: 9 | C165: سبتمبر | D165: September | E165: 103.83057 | F165: 101.92404 | G165: 101.92286 | H165: 101.09035 | I165: 103.20845 | J165: 100.92082 | K165: 97.851311 | L165: 94.197077 | M165: 98.595429 | N165: 113.78726 | O165: 101.5525 | P165: 108.69627 | Q165: 101.7485 | R165: 101.03459 | S165: 107.33033 | T165: 98.542829 | U165: 111.95456 | V165: 99.254499 | W165: 101.00961 | X165: 100.19632 | Y165: 106.52299 | Z165: 106.52299 | AA165: 99.60404 | AB165: 99.60404 | AC165: 99.60404 | AD165: 96.615734 | AE165: 96.530353 | AF165: 111.52175 | AG165: 94.152685 | AH165: 101.50687 | AI165: 104.68152 | AJ165: 97.495572 | AK165: 97.495572 | AL165: 114.00968 | AM165: 118.8521 | AN165: 118.8521 | AO165: 118.23753 | AP165: 118.23753 | AQ165: 103.03086 | AR165: 106.32578 | AS165: 99.831941 | AT165: 101.28656 | AU165: 100.86803 | AV165: 102.50695 | AW165: 102.75677 | AX165: 105.76378 | AY165: 103.3121 | AZ165: 100 | BA165: 119.1965 | BB165: 113.2048 | BC165: 102.42963 | BD165: 97.772463 | BE165: 91.999635 | BF165: 91.910656 | BG165: 99.595177 | BH165: 95.689677 | BI165: 95.63379 | BJ165: 102.22406 | BK165: 91.793444 | BL165: 88.683065 | BM165: 96.736351 | BN165: 111.27749 | BO165: 90.313822 | BP165: 90.313822 | BQ165: 105.36701 | BR165: 108.21298 | BS165: 104.61872 | BT165: 102.75058 | BU165: 102.59518 | BV165: 102.83439 | BW165: 99.731146 | BX165: 97.930362 | BY165: 98.12073 | BZ165: 103.71902 | CA165: 87.546845 | CB165: 100.2879 | CC165: 93.225788 | CD165: 100.76762 | CE165: 100.54783 | CF165: 99.069997 | CG165: 99.19161 | CH165: 98.484274 | CI165: 100.47969 | CJ165: 100.47969 | CK165: 100.8196 | CL165: 95.811076 | CM165: 95.810144 | CN165: 92.111413 | CO165: 101.30504 | CP165: 99.926843 | CQ165: 98.706007 | CR165: 100.76829 | CS165: 98.575496 | CT165: 97.976453 | CU165: 106.74544 | CV165: 95.760964 | CW165: 104.96872 | CX165: 108.34904 | CY165: 103.65949 | CZ165: 92.040269 | DA165: 103.95261 | DB165: 90.248891 | DC165: 97.617709 | DD165: 84.690652 | DE165: 81.19521 | DF165: 85.987167 | DG165: 93.334495 | DH165: 97.149875 | DI165: 89.088043 | DJ165: 101.72584 | DK165: 109.31171 | DL165: 103.24309 | DM165: 100.01069 | DN165: 100 | DO165: 100.20154 | DP165: 100.72373 | DQ165: 103.50074 | DR165: 91.281763 | DS165: 91.930783 | DT165: 88.397588 | DU165: 94.940124 | DV165: 95.06406 | DW165: 93.696769 | DX165: 102.45862 | DY165: 101.3026 | DZ165: 103.28431 | EA165: 97.750127 | EB165: 105.48385 | EC165: 99.723733 | ED165: 97.575305 | EE165: 105.05743 | EF165: 105.05743 | EG165: 102.97978 | EH165: 103.82561 | EI165: 106.43191 | EJ165: 101.98047 | EK165: 100.97799 | EL165: 101.11935 | EM165: 101.76406 | EN165: 107.08212 | EO165: 100.5412 | EP165: 109.68377 | EQ165: 109.68377 | ER165: 102.36305 | ES165: 101.36627 | ET165: 101.36627 | EU165: 104.05899 | EV165: 104.05899 | EW165: 94.30012 | EX165: 94.30012 | EY165: 105.11159 | EZ165: 105.11159 | FA165: 98.850713 | FB165: 98.850713 | FC165: 105.68133 | FD165: 103.34023 | FE165: 103.39788 | FF165: 101.79115 | FG165: 108.22087 | FH165: 108.22087 | FI165: 105.51824 | FJ165: 107.13089 | FK165: 105.11833 | FL165: 103.4229 | FM165: 107.55567 | FN165: 103.33872 | FO165: 105.45242 | FP165: 103.33036 | FQ165: 108.22078 | FR165: 99.424098 | FS165: 102.55937 | FT165: 96.154672 | FU165: 104.37584 | FV165: 135.40586 | FW165: 139.98014 | FX165: 90.097265 | FY165: 100.39732 | FZ165: 100.39732 | GA165: 95.407128 | GB165: 95.407128
A166: تشير إلى عدم وجود أهمية نسبية ( وزن ) للبند ضمن بنود السلة في المنطقة(-)
A167: (-) indicates that there is no relative importance (weight) of the item within the basket items in the region

Sheet 5.2 
A3: سلسلة معدل التغيّر السنوي حسب فئات الإنفاق ، 2014-2025
A4: Annual Rate of Change Series By Expenditure Category 2014-2025
A6: 지출범주별 전년동월대비 백분율 변화 시계열
E9: 15 | F9: 2 | G9: 2 | H9: 2 | I9: 3 | J9: 4 | K9: 5 | L9: 6 | M9: 7 | N9: 8 | O9: 9 | P9: 10 | Q9: 3 | R9: 11 | S9: 12 | T9: 13 | U9: 14 | V9: 15 | W9: 16 | X9: 17 | Y9: 4 | Z9: 18 | AA9: 3 | AB9: 5 | AC9: 19 | AD9: 4 | AE9: 6 | AF9: 20 | AG9: 21 | AH9: 22 | AI9: 23 | AJ9: 7 | AK9: 24 | AL9: 5 | AM9: 8 | AN9: 25 | AO9: 9 | AP9: 26 | AQ9: 10 | AR9: 27 | AS9: 28 | AT9: 11 | AU9: 29 | AV9: 30 | AW9: 31 | AX9: 32 | AY9: 12 | AZ9: 33 | BA9: 34 | BB9: 35 | BC9: 36 | BD9: 6 | BE9: 13 | BF9: 37 | BG9: 38 | BH9: 14 | BI9: 39 | BJ9: 40 | BK9: 15 | BL9: 41 | BM9: 42 | BN9: 43 | BO9: 16 | BP9: 44 | BQ9: 17 | BR9: 45 | BS9: 46 | BT9: 18 | BU9: 47 | BV9: 48 | BW9: 7 | BX9: 19 | BY9: 49 | BZ9: 50 | CA9: 51 | CB9: 20 | CC9: 52 | CD9: 53 | CE9: 54 | CF9: 21 | CG9: 55 | CH9: 56 | CJ9: 22 | CK9: 8 | CL9: 23 | CM9: 58 | CN9: 59 | CO9: 60 | CP9: 24 | CQ9: 61 | CR9: 62 | CS9: 63 | CT9: 64 | CU9: 25 | CV9: 65 | CW9: 66 | CX9: 67 | CY9: 68 | CZ9: 26 | DA9: 69 | DB9: 70 | DC9: 9 | DD9: 27 | DE9: 71 | DF9: 72 | DG9: 73 | DH9: 74 | DI9: 75 | DJ9: 28 | DK9: 76 | DL9: 77 | DM9: 78 | DN9: 79 | DO9: 80 | DP9: 81 | DQ9: 10 | DR9: 29 | DS9: 82 | DT9: 83 | DU9: 30 | DV9: 84 | DW9: 85 | DX9: 31 | DY9: 86 | DZ9: 87 | EA9: 32 | EB9: 88 | EC9: 89 | ED9: 90 | EE9: 33 | EF9: 91 | EG9: 34 | EH9: 92 | EI9: 93 | EJ9: 94 | EK9: 95 | EL9: 35 | EM9: 96 | EN9: 97 | EO9: 98 | EP9: 36 | EQ9: 99 | ER9: 11 | ES9: 37 | ET9: 100 | EU9: 38 | EV9: 101 | EW9: 39 | EX9: 102 | EY9: 40 | EZ9: 103 | FA9: 41 | FB9: 104 | FC9: 12 | FD9: 42 | FE9: 105 | FF9: 106 | FG9: 43 | FH9: 107 | FI9: 13 | FJ9: 44 | FK9: 108 | FL9: 109 | FM9: 110 | FN9: 45 | FO9: 111 | FP9: 112 | FQ9: 14 | FR9: 46 | FS9: 113 | FT9: 114 | FU9: 115 | FV9: 47 | FW9: 116 | FX9: 117 | FY9: 48 | FZ9: 118 | GA9: 49 | GB9: 119
A10: العام | B10: الشهر | E10: الرقم القياسي العام | F10: الأغذية والمشروبات | G10: الأغذية | H10: الحبوب ومنتجات الحبوب | I10: الحيوانات الحية واللحوم وأجزاء أخرى من الحيوانات البرية المذبوحة | J10: الأسماك والمأكولات البحرية الأخرى | K10: الحليب ومنتجات الألبان الأخرى والبيض | L10: الزيوت والدهون | M10: الفواكه والمكسرات | N10: الخضروات والدرنات والموز والبقوليات المطهوة | O10: السكر والحلويات | P10: الأغذية الجاهزة والمنتجات الغذائية الأخرى غير المصنفة في موضع آخر | Q10: المشروبات | R10: عصائر الفواكه والخضروات | S10: القهوة وبدائل القهوة | T10: الشاي بأنواعه ومنتجات نباتية أخرى للنقع | U10: مشروبات الكاكاو | V10: الماء | W10: المشروبات الغازية | X10: المشروبات الأخرى | Y10: خدمات تجهيز السلع الأولية والمشروبات | Z10: خدمات تحضير السلع الأولية والمشروبات | AA10: التبغ | AB10: التبغ | AC10: التبغ | AD10: الملابس والأحذية | AE10: الملابس | AF10: مواد الملابس | AG10: الملابس | AH10: أصناف أخرى من الملابس وإكسسوارات الملابس | AI10: تنظيف وإصلاح وخياطة وتأجير الملابس | AJ10: الأحذية | AK10: الأحذية بأنواعها | AL10: السكن والمياه والكهرباء والغاز وأنواع الوقود الأخرى | AM10: الإيجارات الفعلية للسكن | AN10: الإيجارات الفعلية التي يدفعها المستأجرون للسكن الرئيسي | AO10: الإيجارات التقديرية للسكن | AP10: الإيجارات التقديرية للسكن للمالكين | AQ10: صيانة وإصلاح وأمن المسكن | AR10: معدات ومواد أمنية لصيانة وإصلاح المسكن | AS10: خدمات الصيانة والإصلاح والأمن للمسكن | AT10: إمدادات المياه والخدمات المتنوعة المتعلقة بالمسكن | AU10: إمدادات المياه | AV10: جمع النفايات | AW10: تجميع مياه الصرف الصحي | AX10: الخدمات الأخرى المتعلقة بالمسكن غير المصنفة في موضع آخر | AY10: الكهرباء والغاز وأنواع الوقود الأخرى | AZ10: الكهرباء | BA10: الغاز | BB10: الوقود السائل | BC10: الوقود الصلب | BD10: الأثاث والأجهزة المنزلية والصيانة الدورية للمنزل | BE10: الأثاث والمفروشات والسجاد | BF10: الأثاث والمفروشات والسجاد | BG10: إصلاح وتركيب واستئجار الأثاث والمفروشات والسجاد الفضفاض | BH10: المنسوجات المنزلية | BI10: المنسوجات المنزلية | BJ10: إصلاح خدمات المنسوجات المنزلية واستئجارها وخياطتها | BK10: الأجهزة المنزلية | BL10: الأجهزة المنزلية الأساسية | BM10: الأجهزة المنزلية الصغيرة | BN10: إصلاح وتركيب وتأجير الأجهزة المنزلية | BO10: الأواني الزجاجية وأدوات المائدة والأواني المنزلية | BP10: الأواني الزجاجية وأدوات المائدة والأواني المنزلية | BQ10: أدوات ومعدات المنزل والحديقة | BR10: الأدوات والمعدات الآلية | BS10: الأدوات غير الآلية والملحقات المتنوعة | BT10: السلع والخدمات للصيانة المنزلية الدورية | BU10: السلع المنزلية غير المعمرة | BV10: الخدمات المنزلية | BW10: الصحة | BX10: الأدوية والمنتجات الصحية | BY10: الأدوية | BZ10: المنتجات الطبية | CA10: المنتجات المساعدة | CB10: خدمات العيادات الخارجية | CC10: خدمات الرعاية الوقائية | CD10: خدمات العيادات الخارجية لطب الأسنان | CE10: خدمات العيادات الخارجية الأخرى | CF10: خدمات الرعاية الداخلية (التنويم) | CG10: الخدمات العلاجية والتأهيلية الداخلية | CH10: خدمات الرعاية الداخلية طويلة المدى | CI10: خدمات التصوير التشخيصي وخدمات المختبرات الطبية | CJ10: خدمات التصوير التشخيصي وخدمات المختبرات الطبية | CK10: النقل | CL10: شراء المركبات | CM10: السيارات | CN10: الدراجات النارية | CO10: الدراجات | CP10: تشغيل معدات النقل الشخصية | CQ10: قطع غيار وملحقات معدات النقل الشخصية | CR10: الوقود ومواد التشحيم لمعدات التنقل الشخصية | CS10: صيانة وإصلاح معدات التنقل الشخصية | CT10: خدمات أخرى فيما يتعلق بمعدات التنقل الشخصية | CU10: خدمات نقل الركاب | CV10: نقل الركاب بالسكك الحديدية | CW10: نقل الركاب عن طريق البر | CX10: نقل الركاب جواً | CY10: نقل الركاب عن طريق البحر والطرق المائية الداخلية | CZ10: خدمات نقل البضائع | DA10: خدمات البريد والبريد السريع | DB10: نقل البضائع الأخرى | DC10: المعلومات والاتصالات | DD10: معدات المعلومات والاتصالات | DE10: معدات الهاتف المحمول | DF10: معدات معالجة المعلومات | DG10: معدات الاستقبال والتسجيل وإعادة الصوت والرؤية | DH10: وسائط التسجيل غير المسجلة | DI10: معدات المعلومات والاتصالات الأخرى وملحقاتها | DJ10: المعلومات والاتصالات | DK10: خدمات الاتصالات الثابتة | DL10: خدمات الاتصالات المتنقلة | DM10: خدمات توفير الوصول إلى الإنترنت وخدمات التخزين الشبكي | DN10: خدمات الاتصالات المجمعة | DO10: إصلاح وتأجير معدات المعلومات والاتصالات | DP10: خدمات الاتصالات الأخرى | DQ10: الترفيه والرياضة والثقافة | DR10: السلع الترفيهية المعمرة | DS10: معدات التصوير الفوتوغرافي والسينمائي | DT10: السلع المعمرة الرئيسية للترفيه | DU10: السلع الترفيهية الأخرى | DV10: الألعاب والهوايات | DW10: معدات الرياضة والتخييم والترفيه في الهواء الطلق | DX10: منتجات الحدائق والحيوانات الأليفة | DY10: منتجات الحدائق والنباتات والزهور | DZ10: الحيوانات الأليفة ومنتجاتها | EA10: الخدمات الترفيهية | EB10: تأجير وإصلاح الألعاب | EC10: الخدمات البيطرية والخدمات الأخرى للحيوانات الأليفة | ED10: الخدمات الترفيهية والرياضية | EE10: السلع الثقافية | EF10: الآلات الموسيقية | EG10: الخدمات الثقافية | EH10: خدمات تقدمها دور السينما والمسارح وأماكن الحفلات الموسيقية | EI10: الخدمات التي تقدمها المتاحف والمكتبات والمواقع الثقافية | EJ10: خدمات التصوير الفوتوغرافي | EK10: خدمات ثقافية أخرى | EL10: الصحف والكتب والقرطاسية | EM10: الكتب | EN10: مطبوعات متنوعة | EO10: القرطاسية ولوازم الرسم | EP10: عروض العطلات | EQ10: باقة العطلات | ER10: خدمات التعليم | ES10: الطفولة المبكرة والتعليم الابتدائي | ET10: مرحلة الطفولة المبكرة والتعليم الابتدائي | EU10: التعليم الثانوي | EV10: التعليم الثانوي | EW10: التعليم ما بعد الثانوي غير العالي | EX10: التعليم ما بعد الثانوي غير العالي | EY10: التعليم العالي | EZ10: التعليم العالي | FA10: التعليم غير محدد حسب المستوى | FB10: التعليم غير محدد حسب المستوى | FC10: المطاعم وخدمات الإقامة | FD10: خدمات تقديم الأطعمة والمشروبات | FE10: المطاعم والمقاهي وما شابهها | FF10: المقاصف والكافتيريات وغرف الطعام | FG10: خدمات الإقامة | FH10: خدمات الإقامة | FI10: التأمين والخدمات المالية | FJ10: التأمين | FK10: التأمين على الحياة والحوادث | FL10: التأمين المتعلق بالصحة | FM10: التأمين المرتبط بالنقل | FN10: الخدمات المالية | FO10: الرسوم من قبل الشركات التي تتلقى الودائع | FP10: خدمات مالية أخرى | FQ10: العناية الشخصية والحماية الاجتماعية والسلع والخدمات الأخرى | FR10: العناية الشخصية | FS10: أجهزة كهربائية للعناية الشخصية | FT10: أجهزة ومنتجات أخرى للعناية الشخصية | FU10: صالونات تصفيف الشعر ومؤسسات العناية الشخصية | FV10: الأمتعة الشخصية الأخرى | FW10: المجوهرات والساعات | FX10: سلع السفر والمواد الخاصة بالأطفال الرضع وغيرها من المقتنيات الشخصية غير المصنفة في مكان آخر | FY10: الحماية الاجتماعية | FZ10: الحماية الاجتماعية | GA10: خدمات أخرى | GB10: خدمات أخرى
A11: Year | B11: Month | E11: General Index | F11: FOOD AND BEVERAGES | G11: FOOD | H11: Cereals and cereal | I11: Live animals, meat and other parts of slaughtered land animals | J11: Fish and other seafood | K11: Milk, other dairy products and eggs | L11: Oils and fats | M11: Fruits and nuts | N11: Cooked vegetables, tubers, bananas and pulses | O11: Sugar and sweets | P11: Ready-made food and other food products n.e.c. | Q11: BEVERAGES | R11: Fruit and vegetable juices | S11: Coffee and coffee substitutes | T11: Tea and herbal infusions | U11: Cocoa drinks | V11: Water | W11: Soft drinks | X11: Other beverages | Y11: SERVICES FOR PROCESSING PRIMARY GOODS FOR FOOD AND BEVERAGES | Z11: Services for processing primary goods for food and beverages | AA11: TOBACCO | AB11: TOBACCO | AC11: Tobacco | AD11: CLOTHING AND FOOTWEAR | AE11: CLOTHING | AF11: Clothing materials | AG11: Clothing | AH11: Other articles of clothing and clothing accessories | AI11: Cleaning, repair, tailoring and hire of clothing | AJ11: FOOTWEAR | AK11: Footwear of all types | AL11: HOUSING, WATER, ELECTRICITY, GAS AND OTHER FUELS | AM11: ACTUAL RENTALS FOR HOUSING | AN11: Actual rentals paid by tenants for main residence | AO11: IMPUTED RENTALS FOR HOUSING | AP11: Imputed rentals of owner-occupiers for main residence | AQ11: MAINTENANCE, REPAIR AND SECURITY OF THE DWELLING | AR11: Security equipment and materials for the maintenance and repair of the dwelling | AS11: Services for the maintenance, repair and security of the dwelling | AT11: WATER SUPPLY AND MISCELLANEOUS SERVICES RELATING TO THE DWELLING | AU11: Water supply | AV11: Refuse collection | AW11: Sewage collection | AX11: Other services relating to the dwelling n.e.c. | AY11: ELECTRICITY, GAS AND OTHER FUELS | AZ11: Electricity | BA11: Gas | BB11: Liquid fuels | BC11: Solid fuels | BD11: FURNISHINGS, HOUSEHOLD EQUIPMENT AND ROUTINE HOUSEHOLD MAINTENANCE | BE11: FURNITURE, FURNISHINGS, AND LOOSE CARPETS | BF11: Furniture, furnishings and loose carpets | BG11: Repair, installation and hire of furniture, furnishings and loose carpets | BH11: HOUSEHOLD TEXTILES | BI11: Household textiles | BJ11: Repair, hire and sewing services of household textiles | BK11: HOUSEHOLD APPLIANCES | BL11: Major household appliances | BM11: Small household appliances | BN11: Repair, installation and hire of household appliances | BO11: GLASSWARE, TABLEWARE AND HOUSEHOLD UTENSILS | BP11: Glassware, tableware and household utensils | BQ11: TOOLS AND EQUIPMENT FOR HOUSE AND GARDEN | BR11: Motorized tools and equipment | BS11: Non-motorized tools and miscellaneous accessories | BT11: GOODS AND SERVICES FOR ROUTINE HOUSEHOLD MAINTENANCE | BU11: Non-durable household goods | BV11: Domestic services and household services | BW11: HEALTH | BX11: MEDICINES AND HEALTH PRODUCTS | BY11: Medicines | BZ11: Medical products | CA11: Assistive products | CB11: OUTPATIENT CARE SERVICES | CC11: Preventive care services | CD11: Outpatient dental services | CE11: Other outpatient care services | CF11: INPATIENT CARE SERVICES | CG11: Inpatient curative and rehabilitative services | CH11: Inpatient long-term care services | CI11: Diagnostic imaging services and medical laboratory services | CJ11: Diagnostic imaging services and medical laboratory services | CK11: TRANSPORT | CL11: PURCHASE OF VEHICLES | CM11: Motor cars | CN11: Motorcycles | CO11: Bicycles | CP11: OPERATION OF PERSONAL TRANSPORT EQUIPMENT | CQ11: Parts and accessories for personal transport equipment | CR11: Fuels and lubricants for personal transport equipment | CS11: Maintenance and repair of personal transport equipment | CT11: Other services in respect of personal transport equipment | CU11: PASSENGER TRANSPORT SERVICES | CV11: Passenger transport by railway | CW11: Passenger transport by road | CX11: Passenger transport by air | CY11: Passenger transport by sea and inland waterway | CZ11: TRANSPORT SERVICES OF GOODS | DA11: Postal and courier services | DB11: Other transport of goods | DC11: INFORMATION AND COMMUNICATION | DD11: Information and communication equipment | DE11: Mobile telephone equipment | DF11: Information processing equipment | DG11: Equipment for the reception, recording and reproduction of sound and vision | DH11: Unrecorded recording media | DI11: Other information and communication equipment and accessories | DJ11: INFORMATION AND COMMUNICATION | DK11: Fixed communication services | DL11: Mobile communication services | DM11: Internet access provision services and net storage services | DN11: Bundled telecommunication services | DO11: Repair and rental of information and communication equipment | DP11: Other information and communication services | DQ11: RECREATION, SPORT AND CULTURE | DR11: RECREATIONAL DURABLES | DS11: Photographic and cinematographic equipment and optical instruments | DT11: Major durables for recreation | DU11: OTHER RECREATIONAL GOODS | DV11: Games, toys and hobbies | DW11: Equipment for sport, camping and open-air recreation | DX11: GARDEN PRODUCTS AND PETS | DY11: Garden products, plants and flowers | DZ11: Pets and products for pets | EA11: RECREATIONAL SERVICES | EB11: Hire and repair of games, toys and hobbies | EC11: Veterinary and other services for pets | ED11: Recreational and sporting services | EE11: CULTURAL GOODS | EF11: Musical instruments | EG11: Cultural services | EH11: Services provided by cinemas, theatres and concert venues | EI11: Services provided by museums, libraries, and cultural sites | EJ11: Photographic services | EK11: Other cultural services | EL11: NEWSPAPERS, BOOKS AND STATIONERY | EM11: Books | EN11: Miscellaneous printed matter | EO11: Stationery and drawing materials | EP11: PACKAGE HOLIDAYS | EQ11: Package holidays | ER11: EDUCATION SERVICES | ES11: EARLY CHILDHOOD AND PRIMARY EDUCATION | ET11: Early childhood and primary education | EU11: SECONDARY EDUCATION | EV11: Secondary education | EW11: POST-SECONDARY NON-TERTIARY EDUCATION | EX11: Post-secondary non-tertiary education | EY11: TERTIARY EDUCATION | EZ11: Tertiary education | FA11: EDUCATION NOT DEFINED BY LEVEL | FB11: Education not defined by level | FC11: RESTAURANTS AND ACCOMMODATION SERVICES | FD11: FOOD AND BEVERAGE SERVING SERVICES | FE11: Restaurants, cafés and the like | FF11: Canteens, cafeterias and refectories | FG11: ACCOMMODATION SERVICES | FH11: Accommodation services | FI11: INSURANCE AND FINANCIAL SERVICES | FJ11: INSURANCE | FK11: Life and accident insurance | FL11: Insurance connected with health | FM11: Insurance connected with transport | FN11: FINANCIAL SERVICES | FO11: Explicit charges by deposit-taking corporations | FP11: Other financial services | FQ11: PERSONAL CARE, SOCIAL PROTECTION AND MISCELLANEOUS GOODS AND SERVICES | FR11: PERSONAL CARE | FS11: Electric appliances for personal care | FT11: Other appliances, articles and products for personal care | FU11: Hairdressing salons and personal grooming establishments | FV11: OTHER PERSONAL EFFECTS | FW11: Jewellery and watches | FX11: Travel goods and child-related products and other personal effects n.e.c. | FY11: Social protection | FZ11: Social protection | GA11: OTHER SERVICES | GB11: Other services
E12: =VLOOKUP(E11,'2.1'!$J:$K,2,0) -> 일반지수 | F12: =VLOOKUP(F11,'2.1'!$J:$K,2,0) -> 식료품 및 음료 | G12: =VLOOKUP(G11,'2.1'!$J:$K,2,0) -> 식료품 | H12: =VLOOKUP(H11,'2.1'!$J:$K,2,0) -> 곡물 및 곡물제품 | I12: =VLOOKUP(I11,'2.1'!$J:$K,2,0) -> 육류 및 관련 가공품 | J12: =VLOOKUP(J11,'2.1'!$J:$K,2,0) -> 수산물 및 관련 가공품 | K12: =VLOOKUP(K11,'2.1'!$J:$K,2,0) -> 우유, 기타 유제품 및 알 | L12: =VLOOKUP(L11,'2.1'!$J:$K,2,0) -> 동식물성 유지 | ... GB12: =VLOOKUP(GB11,'2.1'!$J:$K,2,0) -> 기타 서비스
A13: 2014 | B13: 1 | C13: يناير | D13: January | E13: 1.1213042 | F13: 1.3810265 | G13: 1.4650269 | H13: 4.8332217 | I13: -0.12793901 | J13: 5.2205062 | K13: 0.043674127 | L13: -1.6506176 | M13: 0.031072144 | N13: 8.8409886 | O13: -1.7766123 | P13: -0.4640325 | Q13: 0.66682237 | R13: 0.46132981 | S13: 0.88046724 | T13: -0.0060188874 | U13: - | V13: 2.0849635 | W13: -0.41833586 | X13: 0.26264231 | Y13: -0.086449521 | Z13: -0.086449521 | AA13: 4.44757 | AB13: 4.44757 | AC13: 4.44757 | AD13: 0.21183228 | AE13: 0.32592019 | AF13: 0.44623723 | AG13: -0.041142396 | AH13: 4.2210174 | AI13: 2.493358 | AJ13: -0.26795841 | AK13: -0.26886771 | AL13: 3.1098769 | AM13: 3.6716823 | AN13: 3.6716823 | AO13: - | AP13: - | AQ13: 0.3618391 | AR13: 0.64775775 | AS13: - | AT13: 0.99483178 | AU13: 0.19791225 | AV13: 5.3563007 | AW13: 8.4772428 | AX13: - | AY13: 0.45383445 | AZ13: 0 | BA13: -0.11294252 | BB13: 0 | BC13: 16.704923 | BD13: 0.90915678 | BE13: 1.0093161 | BF13: 1.0355741 | BG13: 0 | BH13: 4.4201714 | BI13: 4.4331297 | BJ13: 3.7418754 | BK13: 0.059274487 | BL13: 0.41054649 | BM13: -2.5665104 | BN13: 0 | BO13: -0.30010209 | BP13: -0.30010209 | BQ13: 1.1078017 | BR13: 0 | BS13: 1.2596156 | BT13: 0.038285166 | BU13: 0.38545501 | BV13: -0.078668988 | BW13: 0.64825817 | BX13: 0.26435566 | BY13: 0.68151867 | BZ13: 0.61808187 | CA13: -3.3200287 | CB13: 1.003581 | CC13: - | CD13: 0.38750805 | CE13: 2.7307403 | CF13: -0.43467533 | CG13: -0.54865487 | CH13: - | CI13: 4.5668569 | CJ13: 4.5668569 | CK13: -0.26625518 | CL13: -0.70103169 | CM13: -0.70579816 | CN13: -1.4886285 | CO13: 4.5429125 | CP13: 0.66337252 | CQ13: -4.3580433 | CR13: 0 | CS13: 7.2538799 | CT13: 0.45882512 | CU13: -0.32333173 | CV13: 0 | CW13: 6.2697011 | CX13: -2.1457458 | CY13: -0.058344165 | CZ13: -1.1484255 | DA13: 0 | DB13: -1.6066599 | DC13: -1.1433251 | DD13: -3.9195208 | DE13: -5.8201243 | DF13: -0.16822634 | DG13: -5.9344867 | DH13: - | DI13: -2.764258 | DJ13: -0.07160106 | DK13: 0 | DL13: 0 | DM13: 0 | DN13: - | DO13: 0.32305074 | DP13: -7.4125531 | DQ13: -1.2103615 | DR13: -0.46370093 | DS13: -2.538999 | DT13: 0.30479834 | DU13: 0.32039698 | DV13: -0.64719103 | DW13: 2.7925657 | DX13: -0.52606865 | DY13: 0.3655595 | DZ13: -0.62962681 | EA13: -0.21763425 | EB13: 7.7745649 | EC13: - | ED13: -2.8540042 | EE13: - | EF13: - | EG13: -1.0041295 | EH13: - | EI13: - | EJ13: - | EK13: -1.0041295 | EL13: 1.4118568 | EM13: -1.566196 | EN13: 0 | EO13: 1.5830033 | EP13: -2.4955658 | EQ13: -2.4955658 | ER13: 5.3955722 | ES13: 6.3412968 | ET13: 6.3412968 | EU13: 3.1548044 | EV13: 3.1548044 | EW13: 0.20867381 | EX13: 0.20867381 | EY13: 24.321381 | EZ13: 24.321381 | FA13: 0 | FB13: 0 | FC13: 0.70216251 | FD13: -0.86173878 | FE13: 1.1534231 | FF13: -7.870306 | FG13: 9.9429881 | FH13: 9.9429881 | FI13: -13.9791 | FJ13: -15.145844 | FK13: 1.4218784 | FL13: - | FM13: -18.902542 | FN13: -5.2931068 | FO13: -5.2931068 | FP13: - | FQ13: 0.12684063 | FR13: 0.8378582 | FS13: -0.31932862 | FT13: 0.24361161 | FU13: 2.0185134 | FV13: 0.12054541 | FW13: 0.22573975 | FX13: -1.2849865 | FY13: 9.6104402 | FZ13: 9.6104402 | GA13: -0.28601218 | GB13: -0.28601218
A14: 2014 | B14: 2 | C14: فبراير | D14: February | E14: 1.5094513 | F14: 1.4772591 | G14: 1.55718 | H14: 4.0384967 | I14: 0.39402878 | J14: 6.111969 | K14: -0.16382737 | L14: -0.79624021 | M14: 2.3121709 | N14: 5.728106 | O14: -1.4834048 | P14: -0.95662024 | Q14: 0.80154786 | R14: -0.56480197 | S14: 0.59890447 | T14: 0.17902014 | U14: - | V14: 3.2956122 | W14: -0.1818823 | X14: 0.77468738 | Y14: 0.0025821779 | Z14: 0.0025821779 | AA14: 5.0415247 | AB14: 5.0415247 | AC14: 5.0415247 | AD14: 0.38041394 | AE14: 0.46394889 | AF14: 0.25788346 | AG14: 0.18836177 | AH14: 3.9653535 | AI14: 2.2534563 | AJ14: 0.028831697 | AK14: 0.029562159 | AL14: 3.6946166 | AM14: 4.4283687 | AN14: 4.4283687 | AO14: - | AP14: - | AQ14: 0.16057454 | AR14: 0.28723017 | AS14: - | AT14: 0.9277218 | AU14: 0.12377234 | AV14: 5.3563007 | AW14: 8.4772428 | AX14: - | AY14: 0.2340095 | AZ14: 0 | BA14: -0.11294252 | BB14: 0 | BC14: 8.4741293 | BD14: 1.0077008 | BE14: 1.6740653 | BF14: 1.7177637 | BG14: 0 | BH14: 2.6693211 | BI14: 2.6481487 | BJ14: 3.7874191 | BK14: 0.50422287 | BL14: 0.85410192 | BM14: -1.9197223 | BN14: 0 | BO14: -0.26825495 | BP14: -0.26825495 | BQ14: 1.404618 | BR14: 0 | BS14: 1.597428 | BT14: 0.21726726 | BU14: 0.40780462 | BV14: 0.15301203 | BW14: 0.59642513 | BX14: 0.055470371 | BY14: 0.7485597 | BZ14: 0.17294181 | CA14: -5.5446546 | CB14: 1.003581 | CC14: - | CD14: 0.38750805 | CE14: 2.7307403 | CF14: -0.43467533 | CG14: -0.54865487 | CH14: - | CI14: 4.5668569 | CJ14: 4.5668569 | CK14: 0.26964344 | CL14: -0.062597083 | CM14: -0.069258029 | CN14: 0.87672021 | CO14: 5.768102 | CP14: 0.78582118 | CQ14: -3.7956976 | CR14: 0 | CS14: 7.2538799 | CT14: 0.45882512 | CU14: 1.0439463 | CV14: 0 | CW14: 6.2697011 | CX14: -0.38837218 | CY14: -0.058344165 | CZ14: -1.1484255 | DA14: 0 | DB14: -1.6066599 | DC14: -1.1220402 | DD14: -3.8441633 | DE14: -6.8855341 | DF14: 0.33600946 | DG14: -3.8346609 | DH14: - | DI14: -2.02516 | DJ14: -0.07160106 | DK14: 0 | DL14: 0 | DM14: 0 | DN14: - | DO14: 0.32305074 | DP14: -7.4125531 | DQ14: -2.1135438 | DR14: -0.16415325 | DS14: -1.7926289 | DT14: 0.43698772 | DU14: 1.0319134 | DV14: 0.33938734 | DW14: 2.7925657 | DX14: -0.52606865 | DY14: 0.3655595 | DZ14: -0.62962681 | EA14: 0.12078057 | EB14: 7.7745649 | EC14: - | ED14: -2.4072737 | EE14: - | EF14: - | EG14: -3.1537142 | EH14: - | EI14: - | EJ14: - | EK14: -3.1537142 | EL14: 1.5267482 | EM14: -1.7732263 | EN14: 0 | EO14: 1.7163622 | EP14: -2.4955658 | EQ14: -2.4955658 | ER14: 5.3955722 | ES14: 6.3412968 | ET14: 6.3412968 | EU14: 3.1548044 | EV14: 3.1548044 | EW14: 0.20867381 | EX14: 0.20867381 | EY14: 24.321381 | EZ14: 24.321381 | FA14: 0 | FB14: 0 | FC14: 0.72493054 | FD14: -1.00001 | FE14: 0.97365431 | FF14: -7.870306 | FG14: 10.972775 | FH14: 10.972775 | FI14: -0.18550199 | FJ14: -1.2473878e-05 | FK14: -1.1727378e-06 | FL14: - | FM14: -1.5343114e-05 | FN14: -1.4823979 | FO14: -1.4823979 | FP14: - | FQ14: 0.80297928 | FR14: 1.0771902 | FS14: -1.1132539 | FT14: 0.57538312 | FU14: 2.1491091 | FV14: 0.12288534 | FW14: 0.15024068 | FX14: -0.24467368 | FY14: 9.6104402 | FZ14: 9.6104402 | GA14: 0.76115593 | GB14: 0.76115593
A15: 2014 | B15: 3 | C15: مارس | D15: March | E15: 1.5497379 | F15: 1.1520286 | G15: 1.2263555 | H15: 3.5576787 | I15: 0.15099769 | J15: 7.8356668 | K15: -0.26166425 | L15: -0.18035413 | M15: 1.0691553 | N15: 2.9626814 | O15: -0.4799372 | P15: -0.67805507 | Q15: 0.51216655 | R15: -0.58952885 | S15: 0.64051239 | T15: 0.46888965 | U15: - | V15: 1.5763222 | W15: -0.13557283 | X15: 1.787788 | Y15: 0.0034815238 | Z15: 0.0034815238 | AA15: 4.274635 | AB15: 4.274635 | AC15: 4.274635 | AD15: 0.32701069 | AE15: 0.32813421 | AF15: 0.34159363 | AG15: -0.0029171459 | AH15: 3.3026214 | AI15: 2.4861172 | AJ15: 0.32227185 | AK15: 0.32247326 | AL15: 4.2663832 | AM15: 5.1517297 | AN15: 5.1517297 | AO15: - | AP15: - | AQ15: -0.32821841 | AR15: -0.58597614 | AS15: - | AT15: 0.9277218 | AU15: 0.12377234 | AV15: 5.3563007 | AW15: 8.4772428 | AX15: - | AY15: 0.23283372 | AZ15: 0 | BA15: -0.11294252 | BB15: 0 | BC15: 8.4316572 | BD15: 1.4428059 | BE15: 0.53617374 | BF15: 0.55008917 | BG15: 0 | BH15: 3.3877945 | BI15: 3.4279656 | BJ15: 1.2998569 | BK15: 1.2517208 | BL15: 1.6742375 | BM15: -1.3891955 | BN15: 0 | BO15: -0.16165203 | BP15: -0.16165203 | BQ15: 0.39509588 | BR15: 0 | BS15: 0.44902316 | BT15: 1.8588533 | BU15: 1.0412357 | BV15: 2.1364218 | BW15: 0.56567765 | BX15: -0.068285937 | BY15: 0.52516221 | BZ15: 0.048568366 | CA15: -4.8948457 | CB15: 1.003581 | CC15: - | CD15: 0.38750805 | CE15: 2.7307403 | CF15: -0.43467533 | CG15: -0.54865487 | CH15: - | CI15: 4.5668569 | CJ15: 4.5668569 | CK15: -0.0069591606 | CL15: -0.35456056 | CM15: -0.35987752 | CN15: -1.4291307 | CO15: 5.6639146 | CP15: 0.67269422 | CQ15: -4.3153252 | CR15: 0 | CS15: 7.2538799 | CT15: 0.45882512 | CU15: 0.2204785 | CV15: 0 | CW15: 6.2697011 | CX15: -1.4476613 | CY15: -0.058344165 | CZ15: -1.1484255 | DA15: 0 | DB15: -1.6066599 | DC15: -1.1769863 | DD15: -4.0386082 | DE15: -7.141889 | DF15: 0.30261398 | DG15: -4.2163768 | DH15: - | DI15: -1.5540771 | DJ15: -0.07160106 | DK15: 0 | DL15: 0 | DM15: 0 | DN15: - | DO15: 0.32305074 | DP15: -7.4125531 | DQ15: -1.5007833 | DR15: -0.068458781 | DS15: -0.77319181 | DT15: 0.19003262 | DU15: 1.2490695 | DV15: 0.64104516 | DW15: 2.7925657 | DX15: -0.52606865 | DY15: 0.3655595 | DZ15: -0.62962681 | EA15: -0.093166681 | EB15: 7.7745649 | EC15: - | ED15: -2.689761 | EE15: - | EF15: - | EG15: -1.7147837 | EH15: - | EI15: - | EJ15: - | EK15: -1.7147837 | EL15: 0.9455169 | EM15: -4.3911627 | EN15: 0 | EO15: 1.2489275 | EP15: -2.4955658 | EQ15: -2.4955658 | ER15: 5.3955722 | ES15: 6.3412968 | ET15: 6.3412968 | EU15: 3.1548044 | EV15: 3.1548044 | EW15: 0.20867381 | EX15: 0.20867381 | EY15: 24.321381 | EZ15: 24.321381 | FA15: 0 | FB15: 0 | FC15: 1.0642807 | FD15: -0.70670329 | FE15: 1.3550693 | FF15: -7.870306 | FG15: 11.599952 | FH15: 11.599952 | FI15: -0.18550199 | FJ15: -1.2473878e-05 | FK15: -1.1727378e-06 | FL15: - | FM15: -1.5343114e-05 | FN15: -1.4823979 | FO15: -1.4823979 | FP15: - | FQ15: 0.2176966 | FR15: 1.1915278 | FS15: -0.63451221 | FT15: 0.70384047 | FU15: 2.2138917 | FV15: 0.13058911 | FW15: 0.20723623 | FX15: -0.89562355 | FY15: 9.6104402 | FZ15: 9.6104402 | GA15: -0.21406562 | GB15: -0.21406562
